 Dungeon Crawl Stone Soup version 0.31-a0-1-g4198be8af4 (webtiles) character file.

Game seed: 1525563335327373762

10410327 scionoferis the Rhythm of Life and Death (level 27, 187/187 HPs)
             Began as a Vine Stalker Fighter on Apr 20, 2023.
             Was a Believer of Uskayaw.
             Escaped with the Orb
             ... and 15 runes on May 1, 2023!
             The game lasted 16:19:11 (163969 turns).

scionoferis the Rhythm of Life and Death (VSFi)   Turns: 163969, Time: 16:19:12

Health: 187/187    AC: 53    Str: 27    XL:     27
Magic:  54/54      EV: 22    Int: 13    God:    Uskayaw [**....]
Gold:   24462      SH: 22    Dex: 20    Spells: 28/78 levels left

rFire   + + .        a - +9 quick blade (protect)
rCold   + . .        R - +5 kite shield {rC+}
rNeg    + . .        A - +11 shadow dragon scales
rPois   .            h - +2 helmet
rElec   .            y - scarf of the Worm {rC+ rF+, *Corrode Will+ Regen+ Stlth+}
rCorr   +            X - +2 pair of gloves of Dyspraxia {rN+ rCorr Int+3}
SInv    .            N - +2 pair of boots {rampage}
Will    +++++        p - amulet of faith
Stlth   +++++++      U - ring of Shadows {Umbra +Inv Stlth+}
HPRegen 2.11/turn    f - ring "Ikelozun" {Fly rF+ Will+ Str+2 Stlth+}
MPRegen 0.34/turn

%: corrode self (3%), guardian spirit, rampage, faith
@: under a protective aura, flying, wreathed by umbra, studying 2 skills
A: fangs 3, regeneration 1, magic shield, antimagic bite, no potion heal 2,
deterioration 1, robust 1, cold vulnerability 1
0: Orb of Zot
}: 15/15 runes: decaying, slimy, silver, golden, iron, obsidian, icy, bone,
abyssal, demonic, glowing, magical, fiery, dark, gossamer
a: Renounce Religion, Evoke Invisibility, Stomp, Line Pass


You escaped.
You worshipped Uskayaw.
Uskayaw was exalted by your worship.
You visited 18 branches of the dungeon, and saw 88 of its levels.
You visited Pandemonium 9 times, and saw 48 of its levels.
You visited the Abyss 13 times.
You visited 1 ziggurat, and saw 10 of its levels.
You also visited: Trove, Gauntlet, Ice Cave and Volcano.

You collected 28209 gold pieces.
You spent 3747 gold pieces at shops.


Innate Abilities, Weirdness & Mutations

You have razor-sharp teeth.
Your natural rate of healing is unusually fast.
When hurt, damage is shared between your health and your magic reserves.
Your bite disrupts and absorbs the magic of your enemies.
Potions cannot restore your health.
Your body sometimes deteriorates upon taking damage.
You are robust. (+10% HP)
You are vulnerable to cold. (rC-)


   Skills:
 + Level 25.9 Fighting
 - Level 21.1 Short Blades
 - Level 22.0 Throwing
 - Level 24.0 Armour
 - Level 21.0 Dodging
 + Level 25.9 Stealth
 - Level 22.0 Shields
 - Level 26.0 Spellcasting
 - Level 12.0 Hexes
 - Level 10.0 Summonings
 - Level 24.0 Necromancy
 - Level 12.0 Translocations
 - Level 24.0 Transmutations
 - Level 12.0 Air Magic
 - Level 10.0 Earth Magic
 O Level 27 Invocations
 - Level 20.4 Evocations


You had 28 spell levels left.
You knew the following spells:

 Your Spells              Type           Power      Damage    Failure   Level
a - Apportation           Tloc           96%        N/A       1%          1
b - Blink                 Tloc           96%        N/A       1%          2
c - Vhi's Electric Charg  Tloc/Air       96%        N/A       1%          3
d - Wereblood             Tmut           68%        N/A       0%          2
e - Lesser Beckoning      Tloc           96%        N/A       1%          2
f - Swiftness             Air            48%        N/A       1%          3
g - Passwall              Tmut/Erth      47%        N/A       0%          2
h - Airstrike             Air            24%        2d(4-20)  1%          4
i - Animate Armour        Summ/Erth      84%        N/A       1%          4
j - Silence               Hex/Air        24%        N/A       1%          5
k - Passage of Golubria   Tloc           48%        N/A       1%          4
l - Animate Dead          Necr           68%        N/A       0%          4
m - Death Channel         Necr           34%        N/A       1%          6
n - Necromutation         Tmut/Necr      34%        N/A       1%          8

Your spell library contained the following spells:

 Spells                   Type           Power      Damage    Failure   Level
 Beastly Appendage        Tmut           100%       N/A       0%          1
 Necrotise                Necr           100%       1d9       0%          1
 Sublimation of Blood     Necr           68%        N/A       0%          2
 Vampiric Draining        Necr           68%        2d10      0%          3
 Dispel Undead            Necr           68%        3d23      0%          4
 Agony                    Necr           68%        N/A       0%          5
 Blade Hands              Tmut           34%        N/A       0%          5
 Kiss of Death            Conj/Necr      100%       2d13      1%          1
 Shock                    Conj/Air       100%       1d9       1%          1
 Slow                     Hex            100%       N/A       1%          1
 Sting                    Tmut/Pois      100%       1d8       1%          1
 Summon Small Mammal      Summ           100%       N/A       1%          1
 Call Imp                 Summ           84%        N/A       1%          2
 Cigotuvi's Dreadful Rot  Necr/Pois/Air  96%        N/A       1%          2
 Ensorcelled Hibernation  Hex/Ice        64%        N/A       1%          2
 Momentum Strike          Conj/Tloc      64%        3d9       1%          2
 Poisonous Vapours        Pois/Air       64%        N/A       1%          2
 Static Discharge         Conj/Air       64%        2-5/arc   1%          2
 Call Canine Familiar     Summ           42%        N/A       1%          3
 Confusing Touch          Hex            48%        N/A       1%          3
 Dazzling Flash           Conj/Hex       64%        N/A       1%          3
 Gell's Gravitas          Tloc           48%        N/A       1%          3
 Ignite Poison            Fire/Tmut/Pois 37%        N/A       1%          3
 Inner Flame              Hex/Fire       32%        N/A       1%          3
 Portal Projectile        Hex/Tloc       96%        N/A       1%          3
 Spider Form              Tmut/Pois      48%        N/A       1%          3
 Summon Guardian Golem    Hex/Summ       45%        N/A       1%          3
 Teleport Other           Tloc           48%        N/A       1%          3
 Tukima's Dance           Hex            48%        N/A       1%          3
 Anguish                  Hex/Necr       29%        N/A       1%          4
 Cause Fear               Hex            24%        N/A       1%          4
 Ice Form                 Ice/Tmut       48%        N/A       1%          4
 Leda's Liquefaction      Hex/Erth       22%        N/A       1%          4
 Manifold Assault         Tloc           48%        N/A       1%          4
 Petrify                  Tmut/Erth      57%        N/A       1%          4
 Summon Lightning Spire   Summ/Air       45%        N/A       1%          4
 Alistair's Intoxication  Tmut/Pois      32%        N/A       1%          5
 Borgnjor's Vile Clutch   Necr/Erth      28%        N/A       1%          5
 Irradiate                Conj/Tmut      24%        3d19      1%          5
 Summon Forest            Summ/Tloc      22%        N/A       1%          5
 Summon Mana Viper        Hex/Summ       45%        N/A       1%          5
 Yara's Violent Unravell  Hex/Tmut       29%        3d12      1%          5
 Statue Form              Tmut/Erth      38%        N/A       1%          6
 Dragon Form              Tmut           34%        N/A       1%          7
 Borgnjor's Revivificati  Necr           34%        N/A       1%          8
 Infestation              Necr           34%        N/A       1%          8
 Stone Arrow              Conj/Erth      58%        3d10      2%          3
 Lee's Rapid Deconstruct  Erth           21%        3d12*     2%          5
 Mephitic Cloud           Conj/Pois/Air  27%        N/A       3%          3
 Storm Form               Tmut/Air       29%        N/A       3%          7
 Fulminant Prism          Conj/Hex       16%        3d10      4%          4
 Iskenderun's Mystic Bla  Conj/Tloc      32%        2d8       4%          4
 Haunt                    Necr/Summ      28%        N/A       4%          7
 Foxfire                  Conj/Fire      64%        2x1d7     6%          1
 Magic Dart               Conj           64%        1d6       6%          1
 Dispersal                Tloc           24%        N/A       7%          6
 Eringya's Noxious Bog    Tmut/Pois      24%        N/A       7%          6
 Simulacrum               Ice/Necr       24%        N/A       7%          6
 Summon Ice Beast         Ice/Summ       29%        N/A       8%          4
 Scorch                   Fire           32%        2d6       9%          2
 Arcjolt                  Conj/Air       16%        1d26      14%         5
 Metabolic Englaciation   Hex/Ice        16%        N/A       14%         5
 Summon Cactus Giant      Summ           21%        N/A       16%         6
 Frozen Ramparts          Ice            32%        1d5       19%         3
 Hailstorm                Conj/Ice       16%        3d6       19%         3
 Ozocubu's Armour         Ice            16%        N/A       19%         3
 Freezing Cloud           Conj/Ice/Air   13%        6-21      32%         5
 Death's Door             Necr           34%        N/A       32%         9
 Enfeeble                 Hex            24%        N/A       36%         7
 Malign Gateway           Summ/Tloc      22%        N/A       50%         7
 Flame Wave               Conj/Fire      16%        2d7       52%         4
 Olgreb's Toxic Radiance  Pois           16%        N/A       52%         4
 Sticky Flame             Conj/Fire      16%        2d4       52%         4
 Conjure Ball Lightning   Conj/Air       16%        3x3d6     61%         6
 Plasma Beam              Fire/Air       16%        2x1d30    61%         6
 Summon Hydra             Summ           21%        N/A       63%         7
 Iron Shot                Conj/Erth      14%        9d4       75%         6
 Fireball                 Conj/Fire      8%         3d6       86%         5
 Iskenderun's Battlesphe  Conj           16%        2d7       86%         5
 Discord                  Hex            24%        N/A       96%         8
 Disjunction              Tloc           24%        N/A       96%         8
 Maxwell's Capacitive Co  Air            24%        ∞         96%         8
 Starburst                Conj/Fire      8%         6d4       100%        6
 Orb of Destruction       Conj           8%         9d6       100%        7
 Ozocubu's Refrigeration  Ice            8%         4d9       100%        7
 Spellforged Servitor     Conj/Summ      14%        N/A       100%        7
 Ignition                 Fire           8%         3d5       100%        8
 Lehudib's Crystal Spear  Conj/Erth      14%        10d5      100%        8
 Summon Horrible Things   Summ           21%        N/A       100%        8
 Chain Lightning          Conj/Air       16%        3d21      100%        9
 Dragon's Call            Summ           21%        N/A       100%        9
 Fire Storm               Conj/Fire      8%         8d2       100%        9
 Polar Vortex             Ice            8%         N/A       100%        9

Inventory:

Hand Weapons
 a - a +9 quick blade of protection (weapon)
   (You found it in a volcano)
 b - a +9 quick blade of holy wrath
   (You subdued it on level 2 of the Elven Halls)
 d - the +13 sceptre of Asmodeus
   (You took it off Asmodeus on level 7 of Gehenna)

   Fire Summon: It may summon demons of flame and damnation when striking foes.
Missiles
 c - 13 silver boomerangs
 e - 11 curare-tipped darts
 m - 6 throwing nets
 n - 42 javelins
 t - 42 boomerangs (quivered)
 T - 15 silver javelins
Armour
 h - a +2 helmet (worn)
   (You found it on level 5 of the Dungeon)
 y - the scarf of the Worm (worn) {rC+ rF+, *Corrode Will+ Regen+ Stlth+}
   (You acquired it in Pandemonium)

   Regen:     It increases your rate of health regeneration.
   *Corrode:  It may corrode you when you take damage.
   Will:      It increases your willpower.
   Stlth:     It makes you more stealthy.
 A - +11 shadow dragon scales (worn)
   (You found it on level 4 of the Depths)
 N - a +2 pair of boots of rampaging (worn)
   (You found it in Pandemonium)
 R - a +5 kite shield of cold resistance (worn)
   (You took it off a demonspawn warmonger in Pandemonium)
 X - the +2 pair of gloves of Dyspraxia (worn) {rN+ rCorr Int+3}
   (You found it on level 5 of the Pits of Slime)

   Int:       It affects your intelligence (+3).
   rN:        It protects you from negative energy.
   rCorr:     It protects you from acid and corrosion.
Jewellery
 f - the ring "Ikelozun" (right hand) {Fly rF+ Will+ Str+2 Stlth+}
   (You found it on level 3 of the Realm of Zot)

   [ring of willpower]

   Str:       It affects your strength (+2).
   rF:        It protects you from fire.
   Fly:       It grants you flight.
   Will:      It increases your willpower.
   Stlth:     It makes you more stealthy.
 g - the ring of Xarecui {rElec Will+ Int+3 SInv}
   (You found it on level 1 of the Crypt)

   [ring of see invisible]

   Int:       It affects your intelligence (+3).
   rElec:     It insulates you from electricity.
   SInv:      It lets you see invisible.
   Will:      It increases your willpower.
 p - an amulet of faith (around neck)
   (You bought it in a shop on level 3 of the Depths)
 u - the ring of the Voracious God {rF+ Int+4 Slay+3 Stlth+}
   (You found it on level 7 of Tartarus)

   [ring of protection from fire]

   Int:       It affects your intelligence (+4).
   Slay:      It affects your accuracy & damage with ranged weapons and melee
   (+3).
   rF:        It protects you from fire.
   Stlth:     It makes you more stealthy.
 D - the ring of Symmetry {rF+ rC++ Int+2}
   (You found it on level 2 of the Elven Halls)

   [ring of protection from fire]

   Int:       It affects your intelligence (+2).
   rF:        It protects you from fire.
   rC:        It greatly protects you from cold.
 L - the ring "Culuitz" {+Blink rF+ rN+ AC+4}
   (You bought it in a shop on level 4 of the Depths)

   [ring of protection]

   AC:        It affects your AC (+4).
   rF:        It protects you from fire.
   rN:        It protects you from negative energy.
   +Blink:    It lets you blink.
 U - the ring of Shadows (left hand) {Umbra +Inv Stlth+}
   (You took it off an ogre mage on level 5 of the Vaults)

   [ring of stealth]

   Umbra:     It surrounds you with an aura of shadow, increasing your stealth
   and reducing the accuracy of all others within it.
   +Inv:      It lets you turn invisible.
   Stlth:     It makes you more stealthy.
 Z - the ring of Lupocira {rElec rC+ rN+ Stlth+}
   (You found it on level 3 of the Realm of Zot)

   [ring of protection from cold]

   rC:        It protects you from cold.
   rElec:     It insulates you from electricity.
   rN:        It protects you from negative energy.
   Stlth:     It makes you more stealthy.
Wands
 i - a wand of quicksilver (91)
   (You found it on level 5 of the Lair of Beasts)
 k - a wand of digging (41)
   (You found it on level 3 of a ziggurat)
 x - a wand of mindburst (97)
   (You found it on level 5 of a ziggurat)
 Q - a wand of roots (124)
   (You found it on level 4 of the Lair of Beasts)
 W - a wand of paralysis (187)
   (You found it on level 3 of the Lair of Beasts)
Potions
 q - 15 potions of flight
 r - 51 potions of curing
 w - 12 potions of might
 z - 8 potions of cancellation
 C - 13 potions of resistance
 E - 7 potions of haste
 G - 6 potions of brilliance
 J - 9 potions of invisibility
 O - 9 potions of mutation
Miscellaneous
 l - a phantom mirror
   (You found it on level 11 of the Dungeon)
 o - a figurine of a ziggurat
 s - a condenser vane
   (You found it on level 3 of the Vaults)
 v - the horn of Geryon
   (You took it off Geryon in the Vestibule of Hell)
 F - a lightning rod (4/4)
   (You found it on level 3 of the Spider Nest)
 P - a phial of floods
   (You found it on level 2 of the Lair of Beasts)

Dungeon Overview and Level Annotations

Branches:
Dungeon (15/15)            Temple (1/1) D:4            Lair (5/5) D:10
  Swamp (4/4) Lair:3       Spider (4/4) Lair:2        Slime (5/5) Lair:5
    Orc (2/2) D:9             Elf (3/3) Orc:2        Vaults (5/5) D:14
  Crypt (3/3) Vaults:2       Tomb (3/3) Crypt:3      Depths (4/4) D:15
   Hell (visited)             Dis (7/7) Hell            Geh (7/7) Hell
    Coc (7/7) Hell            Tar (7/7) Hell            Zot (5/5) Depths:4
  IceCv (visited)         Volcano (visited)         Gauntlet (visited)

Altars:
Ashenzari
Cheibriados
Dithmenos
Elyvilon
Fedhas
Gozag
Hepliaklqana
Kikubaaqudgha
Makhleb
Nemelex Xobeh
Okawaru
Qazlal
Ru
Sif Muna
Trog
Uskayaw
Vehumet
Wu Jian
Xom
Yredelemnul
Zin
The Shining One
Jiyva
Lugonu

Shops:
D:4 [((   D:7 =   D:9 (   D:12 :   Orc:1 (   Orc:2 :?(*:   Elf:3 (   Vaults:3 *
Depths:2 [((   Depths:3 ==:   Depths:4 **(=(

Portals:
Hell: Depths:1 Depths:2 Depths:3 Depths:4
Abyss: Depths:1 Depths:2 Depths:3 Depths:4
Pandemonium: Depths:2

####......#####..# #.#.#
#..################.#########
#..#.........................
####.........................
#...#######..###########..
#...# #####..### #..
#...###........# #####..
#..............#####......
#...###..@................
#...# #........#..........
#...# ####..####.###......
#...# #..# #.# #...... #...#
#..# #.# ##...##
#...######..####.####...##
#.........................
#.........................
##########################


There were no monsters in sight!


Message History

You reach down and open the huge gate.
A Brimstone Fiend comes into view.
Found 78 gold pieces, an ichor-stained spear and a twisted hand axe.
A balrug comes into view.
It is wielding a +0 demon whip of draining.
Found 74 gold pieces.
There is a huge open gate here.
You rampage towards the balrug!
Found 44 gold pieces.
The balrug shouts!
The balrug closely misses you.
The Brimstone Fiend roars!
You see here 22 gold pieces.
You hit the Brimstone Fiend but do no damage.
Your weapon exudes an aura of protection.
You bite the Brimstone Fiend!
The Brimstone Fiend's magic leaks into the air.
You drain its magic.
The Brimstone Fiend is lightly wounded.
The balrug gestures at you. You block the sticky flame.
You hit the Brimstone Fiend.
You bite the Brimstone Fiend, but do no damage.
The Brimstone Fiend is moderately wounded.
You puncture the Brimstone Fiend! You bite the Brimstone Fiend!
The Brimstone Fiend's magic leaks into the air.
You drain its magic.
The Brimstone Fiend is heavily wounded.
You block the Brimstone Fiend's attack.
The Brimstone Fiend hits you but does no damage.
You block the Brimstone Fiend's attack.
You can now pass through a line of other dancers.
You puncture the Brimstone Fiend! You bite the Brimstone Fiend!
The Brimstone Fiend's magic leaks into the air.
You drain its magic.
The Brimstone Fiend is severely wounded.
The balrug hits you but does no damage.
You hit the Brimstone Fiend. You bite the Brimstone Fiend!
The Brimstone Fiend's magic leaks into the air.
You drain its magic.
The Brimstone Fiend is severely wounded.
You hit the Brimstone Fiend but do no damage.
You bite the Brimstone Fiend.
The Brimstone Fiend's magic leaks into the air.
You drain its magic.
The Brimstone Fiend is almost dead.
You hit the Brimstone Fiend but do no damage.
You bite the Brimstone Fiend.
The Brimstone Fiend's magic leaks into the air.
You drain its magic.
The Brimstone Fiend is almost dead.
You block the Brimstone Fiend's attack.
The Brimstone Fiend hits you but does no damage. x2
The balrug completely misses you.
Uskayaw will force your foes to helplessly watch your dance.
Uskayaw prepares the audience for your solo!
The helpless Brimstone Fiend fails to defend itself.
You spit the Brimstone Fiend like a pig!!!!!
You kill the Brimstone Fiend!
The helpless balrug fails to defend itself.
You stick the balrug like a pincushion!!!!!!
You kill the balrug!
Uskayaw will force your foes to share their pain.
You now have 23636 gold pieces (gained 12).
You now have 23647 gold pieces (gained 11).
You now have 23680 gold pieces (gained 33).
You see here the +10 spear "Jiunk" {flame, SInv Stlth+}.
You see here the +6 hand axe of Eggiwk {antimagic, Int+2 Dex+3 SInv}.
You see here a +0 demon whip of draining.
You now have 23718 gold pieces (gained 38).
You can no longer pass through a line of other dancers.
You now have 23744 gold pieces (gained 26).
You now have 23762 gold pieces (gained 18).
You now have 23798 gold pieces (gained 36).
You now have 23820 gold pieces (gained 22).
You see here a +0 demon whip of draining.
There is a huge open gate here.
There is a huge open gate here.
Save game and exit?
Welcome back, scionoferis the Vine Stalker Fighter.
Uskayaw says: Surrender yourself to the rhythm!
Press ? for a list of commands and other information.
Your transformation is almost over.
There is a huge open gate here.
You reach down and close the huge gate.
Cast which spell? (? or * to list)
You feel a surge of power!
You extend your transformation's duration.
As you open the huge gate, it creaks loudly!
There is a huge open gate here.
You reach down and open the huge gate.
A hellion comes into view.
There is a huge open gate here.
There is a huge open gate here.
You rampage towards the hellion!
You rampage towards the hellion!
The helpless hellion fails to defend itself.
You perforate the hellion like a sieve!!!!!!
Your weapon exudes an aura of protection.
You kill the hellion!
There is a huge open gate here.
There is a huge open gate here.
You reach down and open the huge gate.
A hellion comes into view.
There is a huge open gate here.
There is a huge open gate here.
You rampage towards the hellion!
You rampage towards the hellion!
The helpless hellion fails to defend itself.
You stick the hellion like a pincushion!!!!!
Your weapon exudes an aura of protection.
You kill the hellion!
You reach down and open the huge gate.
A balrug and a hellion come into view.
Found 62 gold pieces, a shimmering leather armour and a book of the Spheres.
You rampage towards the hellion!
There is a huge open gate here.
You rampage towards the hellion!
The helpless hellion fails to defend itself.
You skewer the hellion like a kebab!!!!!!
Your weapon exudes an aura of protection.
You kill the hellion!
You can now pass through a line of other dancers.
You rampage towards the balrug!
The helpless balrug fails to defend itself.
You stick the balrug like a pincushion!!!!!!
You kill the balrug!
Uskayaw will force your foes to helplessly watch your dance.
You see here a book of the Spheres.
You now have 23849 gold pieces (gained 29).
You see here a book of the Spheres.
You see here the +3 leather armour of Patience {-Tele rC+++ Str+4}.
You now have 23882 gold pieces (gained 33).
There is a huge open gate here.
You can no longer pass through a line of other dancers.
There is a huge open gate here.
There is a huge open gate here.
There is a huge open gate here.
You reach down and close the huge gate.
You reach down and close the huge gate.
Casting: Necromutation (dangerous; 2% risk of failure)
Confirm with . or Enter, or press ? or * to list all spells.
You feel a surge of power!
You extend your transformation's duration.
You reach down and open the huge gate.
There is a huge open gate here.
There is a huge open gate here.
You reach down and open the huge gate.
A hellion and a balrug come into view.
The balrug is wielding a +1 demon whip of electrocution.
Found 35 gold pieces, a runed scale mail and a wand of roots (8).
You rampage towards the balrug!
There is a huge open gate here.
You rampage towards the balrug!
The helpless balrug fails to defend itself.
You spit the balrug like a pig!!!!!!
Your weapon exudes an aura of protection.
You kill the balrug!
You can now pass through a line of other dancers.
Your Dodging skill increases to level 21!
You rampage towards the hellion!
The helpless hellion fails to defend itself.
You stick the hellion like a pincushion!!!!!!
You kill the hellion!
There is a huge open gate here.
You now have 23901 gold pieces (gained 19).
You see here a +2 scale mail of willpower.
Q - a wand of roots (124) (gained 8 charges)
You can no longer pass through a line of other dancers.
You now have 23917 gold pieces (gained 16).
You reach down and open the huge gate.
There is a huge open gate here.
A hellion comes into view.
There is a huge open gate here.
You rampage towards the hellion!
You rampage towards the hellion!
The helpless hellion fails to defend itself.
You perforate the hellion like a sieve!!!!!!
Your weapon exudes an aura of protection.
You kill the hellion!
There is a huge open gate here.
There is a huge open gate here.
There is a huge open gate here.
You see here a +1 demon whip of electrocution.
There is a huge open gate here.
There is a huge open gate here.
There is a huge open gate here.
There is a huge open gate here.
There is a huge open gate here.
You reach down and close the huge gate.
Casting: Necromutation (dangerous; 2% risk of failure)
Confirm with . or Enter, or press ? or * to list all spells.
You feel a surge of power!
You extend your transformation's duration.
You reach down and open the huge gate.
There is a huge open gate here.
There is a huge open gate here.
There is a huge open gate here.
There is a huge open gate here.
You reach down and open the huge gate.
There is a huge open gate here.
There is a huge open gate here.
There is a huge open gate here.
There is a huge open gate here.
You see here a +0 demon whip.
You reach down and open the huge gate.
There is a huge open gate here.
A hellion comes into view.
There is a huge open gate here.
You rampage towards the hellion!
You rampage towards the hellion!
The helpless hellion fails to defend itself.
You spit the hellion like a pig!!!!!!
Your weapon exudes an aura of protection.
You kill the hellion!
There is a huge open gate here.
There is a huge open gate here.
You see here a +0 demon whip.
There is a huge open gate here.
There is a huge open gate here.
There is a huge open gate here.
There is a huge open gate here.
There is a huge open gate here.
You reach down and close the huge gate.
You reach down and close the huge gate.
Casting: Necromutation (dangerous; 2% risk of failure)
Confirm with . or Enter, or press ? or * to list all spells.
You feel a surge of power!
You extend your transformation's duration.
You reach down and open the huge gate.
There is a huge open gate here.
There is a huge open gate here.
You reach down and open the huge gate.
A hellion and a balrug come into view.
Found 48 gold pieces, a runed mace and a glowing chain mail.
The balrug shouts!
The balrug gestures at you. Something smites you!
There is a huge open gate here.
You rampage towards the hellion!
You block the balrug's attack.
The hellion gives a hideous shriek!
There is a huge open gate here.
The hellion hits you. You block the balrug's attack.
You see here a +0 mace of holy wrath.
You hit the hellion.
Your weapon exudes an aura of protection.
You bite the hellion.
The hellion's magic leaks into the air.
You drain its magic.
You feel invigorated.
The hellion is moderately wounded.
You block the hellion's attack. You block the balrug's attack.
You barely miss the hellion. You bite the hellion.
The hellion's magic leaks into the air.
You drain its magic.
You feel invigorated.
The hellion is moderately wounded.
You puncture the hellion! You bite the hellion.
The hellion's magic leaks into the air.
You drain its magic.
The hellion is severely wounded.
You block the hellion's attack. You block the balrug's attack.
Unknown command.
You hit the hellion. You bite the hellion.
The hellion's magic leaks into the air.
You drain its magic.
The hellion is almost dead.
You can now pass through a line of other dancers.
You closely miss the hellion. You bite the hellion!
You kill the hellion!
The balrug gestures at you. You block the sticky flame.
You block the balrug's attack.
You see here 17 gold pieces.
You closely miss the balrug. You bite the balrug!
The balrug's magic leaks into the air.
You drain its magic.
The balrug is lightly wounded.
You puncture the balrug! Your bite misses the balrug.
The balrug is moderately wounded.
You block the balrug's attack.
You puncture the balrug! Your bite misses the balrug.
The balrug is moderately wounded.
You hit the balrug.
The balrug is heavily wounded.
Uskayaw will force your foes to helplessly watch your dance.
Uskayaw prepares the audience for your solo!
The helpless balrug fails to defend itself.
You stick the balrug like a pincushion!!!!!
You kill the balrug!
There is a huge open gate here.
You now have 23934 gold pieces (gained 17).
You see here a +0 demon whip.
You now have 23965 gold pieces (gained 31).
You see here a +0 chain mail of fire resistance.
You see here a +0 mace of holy wrath.
You can no longer pass through a line of other dancers.
There is a huge open gate here.
You see here a +0 mace of holy wrath.
You reach down and open the huge gate.
There is a huge open gate here.
There is a huge open gate here.
Your transformation is almost over.
You reach down and close the huge gate.
Casting: Necromutation (dangerous; 2% risk of failure)
Confirm with . or Enter, or press ? or * to list all spells.
You feel a surge of power!
You extend your transformation's duration.
There's nothing to close nearby.
You reach down and open the huge gate.
There is a huge open gate here.
There is a huge open gate here.
There is a huge open gate here.
You see here a +0 demon whip.
There is a huge open gate here.
There is a huge open gate here.
There is a huge open gate here.
Save game and exit?
Welcome back, scionoferis the Vine Stalker Fighter.
Uskayaw says: Surrender yourself to the rhythm!
Press ? for a list of commands and other information.
There is a huge open gate here.
You reach down and close the huge gate.
Cast which spell? (? or * to list)
You feel a surge of power!
You extend your transformation's duration.
As you open the huge gate, it creaks loudly!
There is a huge open gate here.
You reach down and open the huge gate.
A balrug and a Brimstone Fiend come into view.
There is a huge open gate here.
There is a huge open gate here.
You rampage towards the balrug!
The helpless balrug fails to defend itself.
You stick the balrug like a pincushion!!!!!!
Your weapon exudes an aura of protection.
You kill the balrug!
You can now pass through a line of other dancers.
You rampage towards the Brimstone Fiend!
The helpless Brimstone Fiend fails to defend itself.
You spit the Brimstone Fiend like a pig!!!!!!
You kill the Brimstone Fiend!
Uskayaw will force your foes to helplessly watch your dance.
You reach down and open the huge gate.
A Brimstone Fiend and Asmodeus come into view.
Asmodeus is wielding the +13 sceptre of Asmodeus.
Found 396 gold pieces.
You rampage towards the Brimstone Fiend!
Found Ebre's Book of Violence, an obsidian rune of Zot and 101 gold pieces.
There is a huge open gate here.
You rampage towards the Brimstone Fiend!
Really rampage into that cloud of flame?
You rampage towards the Brimstone Fiend!
The helpless Brimstone Fiend fails to defend itself.
You stick the Brimstone Fiend like a pincushion!!!!!!
You kill the Brimstone Fiend!
You are engulfed in blazing flames.
You resist.
Uskayaw will force your foes to share their pain.
You have mastered Invocations!
The helpless Asmodeus fails to defend himself.
You skewer Asmodeus like a kebab!!!!!! You bite Asmodeus, but do no damage.
Asmodeus is almost dead.
You are engulfed in blazing flames.
You resist. You block Asmodeus's attack.
Unknown command.
You hit Asmodeus. You bite Asmodeus, but do no damage.
Asmodeus is almost dead.
You are engulfed in blazing flames.
You resist.
You hit Asmodeus but do no damage. Your bite misses Asmodeus.
Asmodeus is almost dead.
You are engulfed in blazing flames.
You resist.
You hit Asmodeus. You bite Asmodeus!
Asmodeus's magic leaks into the air.
You drain his magic.
You feel invigorated.
Asmodeus is almost dead.
You are engulfed in blazing flames.
You resist.
Asmodeus falters for a moment.
You can now merge with and destroy a victim.
You puncture Asmodeus! You bite Asmodeus, but do no damage.
Asmodeus is almost dead.
You are engulfed in blazing flames.
You resist.
You hit Asmodeus but do no damage. You bite Asmodeus, but do no damage.
Asmodeus is almost dead.
You are engulfed in blazing flames.
You resist.
You hit Asmodeus but do no damage. You bite Asmodeus, but do no damage.
Asmodeus is almost dead.
Asmodeus hits you but does no damage.
You hit Asmodeus. You bite Asmodeus.
You kill Asmodeus!
You are engulfed in blazing flames.
You resist.
You now have 24001 gold pieces (gained 36).
You now have 24028 gold pieces (gained 27).
You can no longer merge with and destroy a victim.
You now have 24044 gold pieces (gained 16).
You now have 24072 gold pieces (gained 28).
You now have 24101 gold pieces (gained 29).
You now have 24113 gold pieces (gained 12).
You can no longer pass through a line of other dancers.
You now have 24131 gold pieces (gained 18).
You now have 24158 gold pieces (gained 27).
You now have 24189 gold pieces (gained 31).
You now have 24208 gold pieces (gained 19).
You see here Ebre's Book of Violence.
You now have 24236 gold pieces (gained 28).
E - 9 potions of haste (gained 1)
You see here the +13 sceptre of Asmodeus.
d - the +13 sceptre of Asmodeus You pick up the obsidian rune and feel its power.
You have collected all the runes!
Now go and win!
Press } to see all the runes you have collected.
You now have 24245 gold pieces (gained 9).
You now have 24260 gold pieces (gained 15).
You now have 24295 gold pieces (gained 35).
You now have 24326 gold pieces (gained 31).
You now have 24355 gold pieces (gained 29).
You now have 24384 gold pieces (gained 29).
You now have 24415 gold pieces (gained 31).
You now have 24436 gold pieces (gained 21).
You now have 24462 gold pieces (gained 26).
(D) Dungeon (T) Temple (L) Lair (S) Swamp (N) Spider Nest (M) Slime Pits (O) Orcish Mines (E) Elven Halls (V) Vaults (C) Crypt (W) Tomb (U) Depths (H) Hell (I) Dis (G) Gehenna (X) Cocytus (Y) Tartarus (Z) Zot
Where to? (? - help)
What level of the Realm of Zot? (default 1, ? - help)
There is a huge open gate here.
There is a huge open gate here.
You reach down and open the huge gate.
There is a huge open gate here.
There is a huge open gate here.
There is a huge open gate here.
There is a huge open gate here.
There is a huge open gate here.
Your transformation is almost over.
You see here a +1 demon whip of electrocution.
(D) Dungeon (T) Temple (L) Lair (S) Swamp (N) Spider Nest (M) Slime Pits (O) Orcish Mines (E) Elven Halls (V) Vaults (C) Crypt (W) Tomb (U) Depths (H) Hell (I) Dis (G) Gehenna (X) Cocytus (Y) Tartarus (Z) Zot
Where to? (Enter - Zot:5, ? - help)
There is a huge open gate here.
There is a huge open gate here.
There is a huge open gate here.
You feel yourself come back to life.
There is a huge open gate here.
There is a huge open gate here.
There is a huge open gate here.
There is a huge open gate here.
There is a huge open gate here.
There is a huge open gate here.
There is a huge open gate here.
There is a huge open gate here.
You reach down and open the huge gate.
There is a huge open gate here.
There is a huge open gate here.
There is a huge open gate here.
There is a huge open gate here.
There is a huge open gate here.
There is a huge open gate here.
There is a huge open gate here.
There is a huge open gate here.
There is a huge open gate here.
There is a huge open gate here.
There is a huge open gate here.
There is a huge open gate here.
There is a large open door here.
There is a huge open gate here.
There is a gateway leading out of Gehenna here.
You fly up through the gate.
Welcome back to the Vestibule of Hell!
There is a gateway to the ashen valley of Gehenna here.
Items here: ????????.
There is an open door here.
There is an open door here.
There is an open gate here.
You see here a +0 flail of holy wrath.
You see here the orb of Dispater {+Damnation *Corrode AC+5}.
There is a gateway back to the Dungeon here.
Thank you for visiting Hell.
Please come again soon.
You fly up through the gate.
Welcome back to the Depths!
There is a gateway to Hell here.
There is an open door, spattered with blood here.
You see here 4 large rocks.
There is a stone staircase leading down here.
You fly downwards.
There is a stone staircase leading up here.
There is an open door here.
There is a stone staircase leading down here.
You fly downwards.
There is a stone staircase leading up here.
There is an open door here.
There is an open door here.
There is an open door here.
There is a stone staircase leading down here.
You fly downwards.
There is a stone staircase leading up, spattered with blood here.
You see here a +0 long sword.
You see here a +0 war axe.
There is an open door here.
There is a gate to the Realm of Zot here.
You fly down through the gate.
Welcome back to the Realm of Zot!
There is a gate leading back out of this place here.
There is a stone staircase leading down here.
You fly downwards.
There is a stone staircase leading up here.
You see here a +0 scimitar of electrocution.
There is an open gate here.
There is an open door here.
There is a stone staircase leading down here.
You fly downwards.
There is a stone staircase leading up here.
There is a stone staircase leading down here.
You fly downwards.
There is a stone staircase leading up here.
There is a stone staircase leading down here.
You fly downwards.
Level annotation: 1 exclusion
There is a stone staircase leading up here.
There is an open door here.
There is an open door here.
There is an open door, spattered with blood here.
There is an open door, spattered with blood here.
Press: ? - help, v - describe, . - travel, g - get item Item here: the Orb of Zot.
The floor.
This square is wreathed by an umbra.
Removed exclusion.
Okay, then.
You see here the Orb of Zot.
You feel yourself speed up.
You pick up the Orb of Zot!
The Orb lets out a hideous shriek!
The lords of Pandemonium are not amused.
Beware!
Now all you have to do is get back out of the dungeon!
Really fly into that permanent teleport trap?
You enter a permanent teleport trap!
Your surroundings suddenly seem different.
Really fly into that permanent teleport trap?
You enter a permanent teleport trap!
Your surroundings suddenly seem different.
Really fly into that permanent teleport trap?
You enter a permanent teleport trap!
Your surroundings suddenly seem different.
Really fly into that permanent teleport trap?
You enter a permanent teleport trap!
Your surroundings seem slightly different.
A cacodemon and 3 sixfirhies come into view.
You block the sixfirhy's attack. The sixfirhy closely misses you.
Casting: Necromutation (dangerous; 2% risk of failure)
Confirm with . or Enter, or press ? or * to list all spells.
Your body is suffused with negative energy!
You block the sixfirhy's attack. The sixfirhy completely misses you.
Really fly into that permanent teleport trap?
You enter a permanent teleport trap!
Your surroundings suddenly seem different.
Your extra speed is starting to run out.
You feel yourself slow down.
You see here a +11 club of flaming.
There is an open door, spattered with blood here.
There is an open door, spattered with blood here.
Magic restored.
You see here a +9 club of holy wrath.
There is an open door here.
There is an open door here.
There is a stone staircase leading up here.
You fly upwards.
There is a stone staircase leading down here.
(D) Dungeon (T) Temple (L) Lair (S) Swamp (N) Spider Nest (M) Slime Pits (O) Orcish Mines (E) Elven Halls (V) Vaults (C) Crypt (W) Tomb (U) Depths (H) Hell (I) Dis (G) Gehenna (X) Cocytus (Y) Tartarus (Z) Zot
Where to? (Enter - Zot:5 @ (x,y), ? - help)
What level of the Dungeon? (default 15, ? - help) 4 hell hounds come into view.
You block the hell hound's attack. The hell hound misses you.
The hell hound breathes flames at you. The blast of flame misses you.
There is a stone staircase leading up here.
You puncture the hell hound!
Your weapon exudes an aura of protection.
You bite the hell hound. You drain its power.
The hell hound is heavily wounded.
You block the hell hound's attack.
The hell hound bites you but does no damage.
You hit the hell hound but do no damage.
Your bite misses the hell hound. You hit the hell hound.
You bite the hell hound!! You drain its power.
The hell hound is almost dead.
You block the hell hound's attack.
You completely miss the hell hound. Your bite misses the hell hound.
The hell hound is almost dead.
You block the hell hound's attack. x2
You hit the hell hound. You bite the hell hound!
You kill the hell hound!
You block the hell hound's attack. The hell hound breathes flames at you.
The blast of flame misses you.
You hit the hell hound but do no damage.
Your bite misses the hell hound.
The hell hound is almost dead.
You block the hell hound's attack.
You puncture the hell hound!
You kill the hell hound!
You block the hell hound's attack.
The hell hound attacks as you move away!
The hell hound misses you. You block the hell hound's attack. x2
You see here a hell hound corpse.
You hit the hell hound. You bite the hell hound! You drain its power.
The hell hound is almost dead.
You block the hell hound's attack.
You can now pass through a line of other dancers.
You puncture the hell hound!
You kill the hell hound!
You block the hell hound's attack.
You hit the hell hound. You bite the hell hound!!
You kill the hell hound!
There is a stone staircase leading up here.
You fly upwards.
There is a stone staircase leading down here.
(D) Dungeon (T) Temple (L) Lair (S) Swamp (N) Spider Nest (M) Slime Pits (O) Orcish Mines (E) Elven Halls (V) Vaults (C) Crypt (W) Tomb (U) Depths (H) Hell (I) Dis (G) Gehenna (X) Cocytus (Y) Tartarus (Z) Zot
Where to? (Enter - D:1 @ (x,y), ? - help)
What level of the Dungeon? (default 15, ? - help)
Your transformation is almost over.
(D) Dungeon (T) Temple (L) Lair (S) Swamp (N) Spider Nest (M) Slime Pits (O) Orcish Mines (E) Elven Halls (V) Vaults (C) Crypt (W) Tomb (U) Depths (H) Hell (I) Dis (G) Gehenna (X) Cocytus (Y) Tartarus (Z) Zot
Where to? (Enter - D:1 @ (x,y), ? - help)
You feel yourself come back to life.
There is a stone staircase leading up here.
You fly upwards.
There is a stone staircase leading down here.
There is an open door here.
There is an open gate here.
You see here a +0 mace.
There is a stone staircase leading up here.
You fly upwards.
There is a stone staircase leading down here.
There is a gate leading back out of this place here.
You fly up through the gate.
Welcome back to the Depths!
There is a gate to the Realm of Zot here.
There is an open door here.
An Orb Guardian comes into view.
You see here a +0 war axe.
You see here a +0 long sword.
There is a stone staircase leading up, spattered with blood here.
You barely miss the Orb Guardian.
You bite the Orb Guardian, but do no damage.
You hit the Orb Guardian.
Your weapon exudes an aura of protection.
Your bite misses the Orb Guardian.
The Orb Guardian is lightly wounded.
You closely miss the Orb Guardian.
You bite the Orb Guardian, but do no damage.
The Orb Guardian is lightly wounded.
You block the Orb Guardian's attack.
You puncture the Orb Guardian!
You bite the Orb Guardian, but do no damage.
The Orb Guardian is lightly wounded.
You hit the Orb Guardian. You bite the Orb Guardian! You drain its power.
The Orb Guardian is moderately wounded.
You block the Orb Guardian's attack.
You hit the Orb Guardian but do no damage.
You bite the Orb Guardian, but do no damage.
The Orb Guardian is moderately wounded.
You hit the Orb Guardian. You bite the Orb Guardian. You drain its power.
The Orb Guardian is moderately wounded.
The Orb Guardian hits you!!
You can now pass through a line of other dancers.
You hit the Orb Guardian. Your bite misses the Orb Guardian.
The Orb Guardian is heavily wounded.
You barely miss the Orb Guardian. You bite the Orb Guardian!!
You drain its power.
You feel invigorated.
The Orb Guardian is almost dead.
You block the Orb Guardian's attack.
You hit the Orb Guardian. Your bite misses the Orb Guardian.
The Orb Guardian is almost dead.
You puncture the Orb Guardian! You bite the Orb Guardian. You drain its power.
The Orb Guardian is almost dead.
Uskayaw will force your foes to helplessly watch your dance.
Uskayaw prepares the audience for your solo!
The helpless Orb Guardian fails to defend itself.
You perforate the Orb Guardian like a sieve!!!!!!
You kill the Orb Guardian!
Training target 26.0 for Spellcasting reached!
Your Spellcasting skill increases to level 26!
You fly upwards.
There is a stone staircase leading down here.
(D) Dungeon (T) Temple (L) Lair (S) Swamp (N) Spider Nest (M) Slime Pits (O) Orcish Mines (E) Elven Halls (V) Vaults (C) Crypt (W) Tomb (U) Depths (H) Hell (I) Dis (G) Gehenna (X) Cocytus (Y) Tartarus (Z) Zot
Where to? (Enter - D:1 @ (x,y), ? - help)
What level of the Dungeon? (default 15, ? - help) Magic restored.
HP restored.
There is an open door here.
There is an open door here.
There is a stone staircase leading up here.
You fly upwards.
There is a stone staircase leading down here.
You see here a +3 buckler of poison resistance.
Things that are here:
3 potions of magic; a scroll of enchant weapon
There is an open door here.
A ynoxinul comes into view.
You rampage towards the ynoxinul!
There is an open door here.
You rampage towards the ynoxinul!
The ynoxinul gestures.
You rampage towards the ynoxinul!
You block the ufetubus's attack. x2
The ufetubus barely misses you. You block the ufetubus's attack.
The ynoxinul completely misses you.
You puncture the ynoxinul!
Your weapon exudes an aura of protection.
Your bite misses the ynoxinul.
The ynoxinul is moderately wounded.
You block the ufetubus's attack. x2
You puncture the ynoxinul! You bite the ynoxinul.
The ynoxinul's magic leaks into the air.
You drain its magic.
The ynoxinul is heavily wounded.
You block the ufetubus's attack.
The ufetubus hits you but does no damage.
You closely miss the ynoxinul. You bite the ynoxinul!
You kill the ynoxinul!
The ufetubus disappears in a puff of smoke! x2
You can now pass through a line of other dancers.
There is a stone staircase leading up here.
You can no longer pass through a line of other dancers.
You fly upwards.
An Ipso, a neqoxec and an ancient lich come into view.
There is a stone staircase leading down here.
(D) Dungeon (T) Temple (L) Lair (S) Swamp (N) Spider Nest (M) Slime Pits (O) Orcish Mines (E) Elven Halls (V) Vaults (C) Crypt (W) Tomb (U) Depths (H) Hell (I) Dis (G) Gehenna (X) Cocytus (Y) Tartarus (Z) Zot
Where to? (Enter - D:1 @ (x,y), ? - help)
Okay, then.
Press: ? - help, v - describe, . - travel
Here: Ipso (umbra)
The floor.
You fly downwards.
There is a stone staircase leading up here.
A demonspawn corrupter, a shadow demon and a demonspawn black sun come into view.
You barely miss the demonspawn black sun.
You bite the demonspawn black sun! You drain its power.
The demonspawn black sun is lightly wounded.
You hit the demonspawn black sun.
Your weapon exudes an aura of protection.
You bite the demonspawn black sun, but do no damage.
The demonspawn black sun is lightly wounded.
You hit the demonspawn black sun.
Your bite misses the demonspawn black sun.
The demonspawn black sun is lightly wounded.
You hit the demonspawn black sun.
The demonspawn black sun is lightly wounded.
You block the demonspawn black sun's attack.
You hit the demonspawn black sun but do no damage.
You bite the demonspawn black sun, but do no damage.
The demonspawn black sun is lightly wounded.
You puncture the demonspawn black sun! You bite the demonspawn black sun!
You drain its power.
The demonspawn black sun is moderately wounded.
You can now pass through a line of other dancers.
You hit the shadow demon. You bite the shadow demon!
The shadow demon's magic leaks into the air.
You drain its magic.
The shadow demon is moderately wounded.
You block the shadow demon's attack.
The demonspawn corrupter calls forth creatures from the Pits of Slime!
You block the demonspawn black sun's attack.
You hit the shadow demon. Your bite misses the shadow demon.
The shadow demon is moderately wounded.
You hit the shadow demon. Your bite misses the shadow demon.
The shadow demon is moderately wounded.
You puncture the shadow demon! You bite the shadow demon!!
The shadow demon's magic leaks into the air.
You drain its magic.
The shadow demon is severely wounded.
You hit the shadow demon.
You bite the shadow demon, but do no damage.
The shadow demon is severely wounded.
The demonspawn corrupter calls forth creatures from the Crypt!
You block the shadow demon's attack.
You block the titanic slime creature's attack.
The demonspawn black sun completely misses you.
You hit the shadow demon but do no damage.
You bite the shadow demon!
The shadow demon's magic leaks into the air.
You drain its magic.
The shadow demon is almost dead.
Uskayaw will force your foes to helplessly watch your dance.
Uskayaw prepares the audience for your solo!
The helpless shadow demon fails to defend itself.
You skewer the shadow demon like a kebab!!!!!!
You kill the shadow demon!
The helpless demonspawn black sun fails to defend itself.
You skewer the demonspawn black sun like a kebab!!!!!
You kill the demonspawn black sun!
You rampage towards the vampire knight!
The helpless vampire knight fails to defend itself.
You skewer the vampire knight like a kebab!!!!!!
You destroy the vampire knight!
The vampire knight disappears in a puff of smoke!
Uskayaw will force your foes to share their pain.
Uskayaw links your audience in an emotional bond!
The helpless demonspawn corrupter fails to defend itself.
You perforate the demonspawn corrupter like a sieve!!!!!!
You kill the rockslime!
The rockslime disappears in a puff of smoke!
You kill the demonspawn corrupter!
The titanic slime creature disappears in a puff of smoke! x2
The vampire knight disappears in a puff of smoke! x2
You can now merge with and destroy a victim.
Things that are here:
a +0 dire flail; a +0 scale mail
There is an open door here.
There is an escape hatch in the ceiling here.
Casting: Necromutation (dangerous; 1% risk of failure)
Confirm with . or Enter, or press ? or * to list all spells.
Your body is suffused with negative energy!
A mysterious force pulls you upwards. The hatch slams shut behind you.
(D) Dungeon (T) Temple (L) Lair (S) Swamp (N) Spider Nest (M) Slime Pits (O) Orcish Mines (E) Elven Halls (V) Vaults (C) Crypt (W) Tomb (U) Depths (H) Hell (I) Dis (G) Gehenna (X) Cocytus (Y) Tartarus (Z) Zot
Where to? (Enter - Depths:2 @ (x,y), ? - help)
What level of the Dungeon? (default 15, ? - help)
There is an open door here.
You see here 3 large rocks.
Magic restored.
There is an open door here.
There is an open door here.
There is a staircase back to the Dungeon here.
You fly upwards.
Welcome back to the Dungeon!
There is a staircase to the Depths here.
There is an open door here.
Your transformation is almost over.
A rust devil comes into view.
There is an open door here.
You feel yourself come back to life.
There is a stone staircase leading up here.
You fly upwards.
There is a stone staircase leading down here.
(D) Dungeon (T) Temple (L) Lair (S) Swamp (N) Spider Nest (M) Slime Pits (O) Orcish Mines (E) Elven Halls (V) Vaults (C) Crypt (W) Tomb (U) Depths (H) Hell (I) Dis (G) Gehenna (X) Cocytus (Y) Tartarus (Z) Zot
Where to? (Enter - D:1 @ (x,y), ? - help)
What level of the Dungeon? (default 1, ? - help)
A hell beast comes into view.
The hell beast completely misses you. You block the hell beast's attack. x2
The hell beast tramples you but does no damage.
You see here a +0 scimitar of flaming.
You puncture the hell beast!
Your weapon exudes an aura of protection.
You bite the hell beast! You drain its power.
The hell beast is moderately wounded.
You puncture the hell beast! You bite the hell beast. You drain its power.
The hell beast is heavily wounded.
You block the hell beast's attack.
The hell beast tramples you but does no damage.
You hit the hell beast. You bite the hell beast! You drain its power.
The hell beast is heavily wounded.
You puncture the hell beast! You bite the hell beast. You drain its power.
The hell beast is severely wounded.
You block the hell beast's attack. The hell beast completely misses you.
You completely miss the hell beast.
You bite the hell beast, but do no damage.
The hell beast is severely wounded.
You hit the hell beast but do no damage.
You bite the hell beast, but do no damage.
The hell beast is severely wounded.
You puncture the hell beast! Your bite misses the hell beast.
The hell beast is almost dead.
You block the hell beast's attack.
The hell beast tramples you but does no damage.
You hit the hell beast. You bite the hell beast. You drain its power.
The hell beast is almost dead.
You can now pass through a line of other dancers.
You puncture the hell beast!
You kill the hell beast!
There is a stone staircase leading up, spattered with blood here.
You fly upwards.
There is a stone staircase leading down here.
(D) Dungeon (T) Temple (L) Lair (S) Swamp (N) Spider Nest (M) Slime Pits (O) Orcish Mines (E) Elven Halls (V) Vaults (C) Crypt (W) Tomb (U) Depths (H) Hell (I) Dis (G) Gehenna (X) Cocytus (Y) Tartarus (Z) Zot
Where to? (Enter - D:1 @ (x,y), ? - help)
What level of the Dungeon? (default 1, ? - help)
There is a stone staircase leading up here.
You fly upwards.
There is a stone staircase leading down here.
There is a stone staircase leading up here.
You fly upwards.
There is a stone staircase leading down here.
There is an open door here.
There is a stone staircase leading up here.
You fly upwards.
There is a stone staircase leading down here.
There is an open door here.
There is a stone staircase leading up here.
You fly upwards.
There is a stone staircase leading down here.
Things that are here:
a +0 robe; a +0 giant club A Brimstone Fiend comes into view.
There is a stone staircase leading up here.
You fly upwards.
There is a stone staircase leading down here.
(D) Dungeon (T) Temple (L) Lair (S) Swamp (N) Spider Nest (M) Slime Pits (O) Orcish Mines (E) Elven Halls (V) Vaults (C) Crypt (W) Tomb (U) Depths (H) Hell (I) Dis (G) Gehenna (X) Cocytus (Y) Tartarus (Z) Zot
Where to? (Enter - D:1 @ (x,y), ? - help)
What level of the Dungeon? (default 1, ? - help)
You see here a +0 spear.
There is a stone staircase leading up, spattered with blood here.
You fly upwards.
There is a stone staircase leading down here.
Things that are here:
a +0 leather armour; a +0 club A large abomination, a small abomination and a smoke demon come into view.
You rampage towards the large abomination!
Sunel comes into view.
You feel yourself speed up.
Sunel gestures. 3 ball lightnings come into view.
Sunel gestures at you. You block the poison arrow.
The ball lightning explodes!
The blast of lightning engulfs the small abomination!!!
The small abomination is destroyed!
The blast of lightning engulfs the ball lightning.
The ball lightning completely resists.
The blast of lightning engulfs the large abomination!!!
Sunel gestures.
Sunel flickers and vanishes!
Deactivating autopickup; reactivate with Ctrl-A.
There is a stone staircase leading up here.
Unknown command.
The smoke demon gestures at you. Something smites you!
You fly upwards.
Reactivating autopickup.
There is a stone staircase leading down here.
(D) Dungeon (T) Temple (L) Lair (S) Swamp (N) Spider Nest (M) Slime Pits (O) Orcish Mines (E) Elven Halls (V) Vaults (C) Crypt (W) Tomb (U) Depths (H) Hell (I) Dis (G) Gehenna (X) Cocytus (Y) Tartarus (Z) Zot
Where to? (Enter - D:1 @ (x,y), ? - help)
What level of the Dungeon? (default 1, ? - help) HP restored.
Magic restored.
There is a stone staircase leading up here.
You fly upwards.
There is a stone staircase leading down here.
There is a stone staircase leading up here.
You fly upwards.
A neqoxec comes into view.
There is a stone staircase leading down here.
There is a stone staircase leading up here.
You fly upwards.
There is a stone staircase leading down here.
(D) Dungeon (T) Temple (L) Lair (S) Swamp (N) Spider Nest (M) Slime Pits (O) Orcish Mines (E) Elven Halls (V) Vaults (C) Crypt (W) Tomb (U) Depths (H) Hell (I) Dis (G) Gehenna (X) Cocytus (Y) Tartarus (Z) Zot
Where to? (Enter - D:1 @ (x,y), ? - help)
What level of the Dungeon? (default 1, ? - help)
There is an open door here.
Your extra speed is starting to run out.
You feel yourself slow down.
There is an open door here.
Items here: )))) [[.
There is an open door, spattered with blood here.
There is an open door here.
There is a stone staircase leading up here.
You fly upwards.
There is a stone staircase leading down here.
There is a stone staircase leading up here.
You fly upwards.
There is a stone staircase leading down here.
A rust devil comes into view.
There is a staircase leading out of the dungeon here.
You hit the rust devil.
Your weapon exudes an aura of protection.
You bite the rust devil! You drain its power.
The rust devil is moderately wounded.
You puncture the rust devil! You bite the rust devil. You drain its power.
The rust devil is severely wounded.
You barely miss the rust devil. You bite the rust devil!
You kill the rust devil!
You can now pass through a line of other dancers.
Unknown command.
You have escaped!

Skill      XL: |  1  2  3  4  5  6  7  8  9 10 11 12 13 14 15 16 17 18 19 20 21 22 23 24 25 26 27 |
---------------+----------------------------------------------------------------------------------+-----
Short Blades   | 2 3 4 5 6 8 9 10 11 12 14 15 21 | 21.1
Shields        | 3 4 5 6 7 8 9 10 22 | 22.0
Fighting       | 3 4 5 6 7 9 10 11 12 13 14 15 16 17 18 19 20 25 | 25.9
Invocations    | 2 4 6 8 9 10 11 12 13 14 15 16 17 18 20 27 | 27.0
Armour         | 4 5 6 7 8 9 10 11 12 13 14 15 24 | 24.0
Dodging        | 3 4 5 7 9 10 12 13 14 15 21 | 21.0
Stealth        | 4 5 7 10 11 12 14 15 25 | 25.9
Evocations     | 3 5 6 8 9 10 11 12 20 | 20.4
Throwing       | 3 5 6 8 9 10 22 | 22.0
Translocations | 3 7 10 12 | 12.0
Air Magic      | 2 12 | 12.0
Transmutations | 24 | 24.0
Spellcasting   | 26 | 26.0
Earth Magic    | 10 | 10.0
Summonings     | 10 | 10.0
Hexes          | 12 | 12.0
Necromancy     | 24 | 24.0

Action                     |  1- 3 |  4- 6 |  7- 9 | 10-12 | 13-15 | 16-18 | 19-21 | 22-24 | 25-27 || total
---------------------------+-------+-------+-------+-------+-------+-------+-------+-------+-------++-------
  Melee: Rapier            |   104 |   169 |   270 |       |       |       |       |       |       ||   543
         Bite              |    18 |    56 |   136 |   304 |  1034 |  1078 |   347 |  1491 | 14035 || 18499
         Dagger            |       |       |   111 |   647 |       |       |       |       |       ||   758
         Short sword       |       |       |       |   114 |   355 |       |       |    10 |    27 ||   506
         Quick blade       |       |       |       |    86 |  2045 |  2366 |   802 |  2565 | 23577 || 31441
  Throw: Dart              |       |       |    13 |    10 |    17 |    19 |     4 |     3 |     2 ||    68
         Throwing net      |       |       |     1 |     1 |       |     1 |       |       |     3 ||     6
         Boomerang         |       |       |       |     3 |       |    13 |       |       |    72 ||    88
   Cast: Vhi's Electric Ch |       |       |       |       |       |       |       |       |   368 ||   368
         Necromutation     |       |       |       |       |       |       |       |       |   215 ||   215
         Animate Dead      |       |       |       |       |       |       |       |       |    15 ||    15
         Airstrike         |       |       |       |       |       |       |       |       |    10 ||    10
         Passwall          |       |       |       |       |       |       |       |       |     9 ||     9
         Passage of Golubr |       |       |       |       |       |       |       |       |     8 ||     8
         Blink             |       |       |       |       |       |       |       |       |     7 ||     7
         Death Channel     |       |       |       |       |       |       |       |       |     7 ||     7
         Apportation       |       |       |       |       |       |       |       |       |     6 ||     6
         Wereblood         |       |       |       |       |       |       |       |       |     3 ||     3
         Animate Armour    |       |       |       |       |       |       |       |       |     2 ||     2
 Invoke: Line Pass         |       |       |     1 |       |     6 |     2 |     1 |     1 |    36 ||    47
         Grand Finale      |       |       |       |       |     2 |     4 |       |       |    85 ||    91
         Stomp             |       |       |       |       |       |       |       |       |    16 ||    16
Ability: End Transformatio |       |       |       |       |       |       |       |       |     5 ||     5
         Evoke Invisibilit |       |       |       |       |       |       |       |       |     2 ||     2
  Evoke: Wand              |       |       |       |     6 |       |       |     1 |       |    37 ||    44
         Phantom mirror    |       |       |       |     1 |     1 |       |       |       |     4 ||     6
         Horn of Geryon    |       |       |       |       |       |       |       |       |     3 ||     3
         Condenser vane    |       |       |       |       |       |       |       |       |     1 ||     1
    Use: Potion            |       |     4 |     1 |     1 |     1 |     2 |     3 |       |    46 ||    58
         Scroll            |       |       |     1 |    11 |    12 |    14 |       |     3 |    85 ||   126
   Stab: Invisible         |       |     1 |       |       |       |       |       |       |    24 ||    25
         Paralysed         |       |     1 |    10 |    36 |   105 |   106 |    41 |   157 |  1551 ||  2007
         Held in net/web   |       |       |     1 |       |       |     3 |       |       |     8 ||    12
         Sleeping          |       |       |       |       |     3 |    36 |    30 |    16 |   387 ||   472
         Petrifying        |       |       |       |       |     2 |       |       |       |       ||     2
         Distracted        |       |       |       |       |    14 |     7 |     1 |     4 |   303 ||   329
         Confused          |       |       |       |       |     2 |     1 |     1 |     1 |    39 ||    44
         Petrified         |       |       |       |       |     1 |       |       |       |       ||     1
 Armour: Scale mail        |    31 |    14 |       |       |       |       |       |       |       ||    45
         Chain mail        |       |    56 |   136 |    12 |    10 |       |       |       |       ||   214
         Plate armour      |       |       |       |    92 |       |       |       |   229 |   545 ||   866
         Fire dragon scale |       |       |       |    27 |   199 |    22 |    26 |     2 |       ||   276
         Leather armour    |       |       |       |       |       |    81 |       |       |       ||    81
         Swamp dragon scal |       |       |       |       |       |   140 |    41 |       |       ||   181
         Ice dragon scales |       |       |       |       |       |       |     3 |       |       ||     3
         Shadow dragon sca |       |       |       |       |       |       |       |     4 |  3659 ||  3663
  Dodge: Dodged            |    44 |    53 |   115 |   376 |   712 |   960 |   276 |   724 |  5429 ||  8689
  Block: Buckler           |    18 |    39 |    59 |   124 |   442 |   522 |   174 |   561 |  3255 ||  5194
         Reflection        |       |       |       |       |     8 |    14 |     6 |    52 |       ||    80
         Orb               |       |       |       |       |       |       |     1 |       |       ||     1
         Kite shield       |       |       |       |       |       |       |       |       |  2938 ||  2938

Levels and vault maps discovered:
D:1:      dpeg_arrival_boxes_within_box, layout_rooms, minmay_misc_feat_x,
          chequers_serial_rivers_micro_e
D:2:      layout_loops_ring, basic_altar
D:3:      layout_basic, nemelex_spade_bored_becter,
          lemuel_coloured_pillars_altar
D:4:      layout_layer_cave, nicolae_overflow_crystal_walls,
          nicolae_wu_jian_glorious_leap, minmay_temple_entry_grid, serial_shops,
          shop, shop, nicolae_shop_behind_doors
D:5:      layout_basic, grunt_temple_overflow_bloody_war,
          nicolae_tso_swordbearing_angel, ebering_ghost_reflecting_pool
D:6:      layout_basic, mainiacjoe_overflow_boulevard, xom_confusion_cloud,
          uniq_maggie
D:7:      layout_gridville, minmay_shop_enchanted_jewellery,
          kennysheep_crisscross, grunt_ogre_cave, uniq_duvessa
D:8:      layout_rooms
D:9:      layout_rooms, lemuel_blue_sif_altar, david_orc_3, serial_shops,
          nicolae_shop_real_fake_doors, uniq_erolcha
D:10:     layout_roguey [special_room_bee], mainiacjoe_overflow_alcove_2,
          lemuel_crystal_altar, grunt_gozag_breadcrumbs,
          mainiacjoe_overflow_cross_hatched, dpeg_oklobed_lair, serial_glass,
          glass_columns_a, glass_columns_a, item_on_display_a,
          minmay_strange_pillars, item_on_display_a, minmay_strange_pillars
D:11:     minmay_tile_spiral, layout_irregular_city,
          ebering_ghost_reflecting_pool, minmay_unpleasant_kobolds, uniq_snorg
D:12:     layout_basic, serial_shops, shop, uniq_azrael
D:13:     layout_basic, minmay_misc_feat_iff, minmay_misc_feat_cross,
          uniq_kirke, uniq_rupert
D:14:     layout_irregular_city, david_vaults_5, serial_bayou,
          serial_bayou_shore_a, serial_bayou_shore_b, serial_bayou_pond_a,
          serial_bayou_lake_a, chequers_serial_rivers_small_b, uniq_jorgrun
D:15:     grunt_enter_depths_hoard, layout_gridville, hangedman_decor_slide_cut
Temple:   corrupted_temple
Lair:1:   layout_hall_layers, gammafunk_ghost_cemetery,
          nicolae_volcano_entry_two_sided, st_stairs_9, uniq_fannar,
          uniq_amaemon
Lair:2:   layout_chaotic_city, spider_nest_entry_web_field
Lair:3:   layout_chaotic_city, swamp_mist_pool, serial_bayou_pond_a,
          beast_lair_carwin_8
Lair:4:   layout_roguey, gauntlet_entry_generic, grunt_megastairs_2,
          infiniplex_staircase_pool
Lair:5:   minmay_lair_end_enchanted_forest, layout_layer_cave, slime_entry_1
Swamp:1:  layout_basic_swamp, ebering_ghost_rock_garden,
          portal_ice_cave_entry_ugly_swarm, evilmike_swamp_ruin_rubble_1
Swamp:2:  layout_falls_marsh, evilmike_swamp_ruin_house_5, swamp_pool4,
          nicolae_swamp_snake_nest
Swamp:3:  layout_falls_marsh, evilmike_swamp_ruin_house_3, swamp_pool1
Swamp:4:  swamp_basic_johnstein, layout_basic_swamp, swamp_pool1,
          nicolae_swamp_hydra_murder_den, uniq_mlioglotl
Spider:1: layout_spider_delve, nicolae_spider_checkerboard
Spider:2: layout_cave_pods, drop_trap, worms_lemuel, uniq_aizul, uniq_louise,
          uniq_donald
Spider:3: layout_spider_delve, guppyfry_spider_mini_1, uniq_arachne
Spider:4: guppyfry_spider_rune
Slime:1:  nicolae_slime_pool, layout_caves
Slime:2:  layout_caves
Slime:3:  layout_caves, basic_altar
Slime:4:  layout_caves
Slime:5
Orc:1:    layout_diamond_mine, serial_shops, shop
Orc:2:    st_orc_pillars, layout_diamond_mine, serial_shops, shop
Elf:1:    eino_elf_arrival_customs, layout_onion_city, basic_altar,
          kennysheep_underground_church, uniq_agnes
Elf:2:    nicolae_elf_blades_crystal_corner, layout_geoelf_grid,
          gammafunk_ghost_cemetery
Elf:3:    minmay_elf_hall_x, layout_geoelf_octagon, serial_shops, shop
Vaults:1: nicolae_vaults_alarming, ontoclasm_vaults_ligature,
          vaults_dpeg_encased_lava, v_rooms_1, v_misc_5,
          nicolae_vaults_network_barrier, nicolae_vaults_asterisk, v_misc_5,
          nicolae_vaults_little_squares_5, grunt_vaults_hallway_short,
          layout_vaults_quadrants
Vaults:2: nicolae_vaults_disjoint_gnomons, minmay_crypt_entry_simple_walls,
          dpeg_vaults_monster_row, v_alt_pattern_5, v_misc_33,
          vaults_standard_mumra_enter_the_diamond, nicolae_vaults_quadrants,
          v_pattern_4, nicolae_vaults_theta, ontoclasm_vaults_decontamination,
          grunt_vaults_hallway_long, layout_vaults_ring, enter_trove_5
Vaults:3: v_misc_19, nicolae_vaults_meeting, ontoclasm_vaults_misaligned,
          nicolae_vaults_network_periphery, v_misc_24, grunt_vaults_trifunnel,
          vaults_standard_mumra_enter_the_diamond, vaults_mumra_chevron_long,
          vaults_mumra_hex, v_misc_33, nicolae_vaults_ninety_degrees,
          vaults_dpeg_hooks, serial_ice_h, vaults_dpeg_emergency_exit,
          ontoclasm_vaults_pinch, nicolae_vaults_theta, layout_vaults_omnibox,
          serial_shops, nicolae_shop_hallway_plus, uniq_frederick
Vaults:4: dpeg_vaults_monster_box, nicolae_vaults_triangles, vaults_room_grid,
          nicolae_vaults_little_ls, v_alt_pattern_6, ontoclasm_vaults_chip,
          nicolae_vaults_network_quinsquares
          [nicolae_vaults_network_quincunx_subvault,
          nicolae_vaults_network_quincunx_subvault,
          nicolae_vaults_network_quincunx_subvault,
          nicolae_vaults_network_quincunx_subvault], hangedman_vaults_snaps,
          v_misc_22, nicolae_vaults_little_squares_4, vaults_room_fancy_cross,
          layout_vaults_maze, serial_shops, shop
Vaults:5
Crypt:1:  layout_misc_corridors, gammafunk_ghost_door_vault,
          grunt_crypt_arrival_split, uniq_grunn, uniq_sojobo
Crypt:2:  cheibrodos_crypt_3hun_7po, layout_misc_corridors,
          amcnicky_mini_pool_small
Crypt:3:  church_of_pain_bobbens, layout_chaotic_city, minivault_27
Tomb:1
Tomb:2
Tomb:3:   uniq_khufu
Depths:1: layout_gridlike, kennysheep_donut, hell_entry, minmay_room_of_horrors,
          minivault_12, uniq_asterion, uniq_nikola
Depths:2: kennysheep_gozag_temple, layout_gridlike, pan_entry, elyvilon_altar_5,
          abyss_entry_crystal, pf_coc_iceberg
Depths:3: minmay_the_grid_octo_2x2 [minmay_the_grid_octo_odd_swirl,
          minmay_the_grid_octo_77, minmay_the_grid_octo_checkered,
          minmay_the_grid_octo_prize_square_snowflake], layout_honeycomb,
          enter_ziggurat_c, abyss_entry_flame_altar, grunt_hell_entry_dis_mu,
          cheibrodos_ashenzari_chains, minmay_shop_grove
Depths:4: grunt_twist_and_shout, layout_small_grid, abyss_entry, hell_entry,
          serial_shops, shop, amcnicky_mini_corridor_feature,
          nicolae_wooded_promenade
Hell
Dis:1:    layout_regular_city
Dis:2:    layout_jigsaw
Dis:3:    layout_gridville
Dis:4:    layout_jigsaw, hangedman_dis_chains, nicolae_hells_hurtin_island
Dis:5:    layout_overlapping_boxes
Dis:6:    layout_regular_city
Dis:7:    dis_st
Geh:1:    layout_gehenna_pools_triple
Geh:2:    layout_gehenna_pools_basic, nicolae_geh_backdraft
Geh:3:    layout_gehenna_lava_caves
Geh:4:    layout_gehenna_pools_triple
Geh:5:    layout_gehenna_pools_basic
Geh:6:    layout_gehenna_pools_basic
Geh:7:    geh_grunt
Coc:1:    layout_ice_bergs
Coc:2:    layout_ice_bergs
Coc:3:    layout_cocytus_water_paths
Coc:4:    layout_cocytus_delve
Coc:5:    layout_cocytus_delve
Coc:6:    layout_cocytus_water_paths
Coc:7:    coc_old
Tar:1:    layout_cathedral_of_symmetry, nicolae_hells_seeping_fissure
Tar:2:    layout_honeycomb
Tar:3:    layout_catacombs
Tar:4:    layout_catacombs
Tar:5:    layout_grid_maze, nicolae_tar_spectre_spectrum
Tar:6:    layout_grid_maze, nicolae_tar_honey_chapel
Tar:7:    tar_old
Zot:1:    layout_misc_corridors
Zot:2:    lemuel_firehouse, layout_onion_interference, uniq_josephina
Zot:3:    gammafunk_its_a_trap, layout_misc_corridors
Zot:4:    dreamdust_zin_vs_xom, layout_cellular_growth
Zot:5:    layout_gridlike, grunt_ministairs_14, lemuel_baited_zot_trap,
          nicolae_transporter_intersection

Notes
Turn   | Place    | Note
-------+----------+-------------------------------------------
     0 | D:1      | scionoferis the Vine Stalker Fighter began the quest for
                  | the Orb.
     0 | D:1      | Reached XP level 1. HP: 11/11 MP: 2/2
    78 | D:1      | Reached skill level 2 in Short Blades
    88 | D:1      | Reached XP level 2. HP: 16/16 MP: 3/3
   552 | D:2      | Reached skill level 3 in Shields
   553 | D:2      | Reached skill level 3 in Fighting
   553 | D:2      | Reached XP level 3. HP: 20/20 MP: 4/4
   886 | D:2      | Found a bloodstained altar of Trog.
  1067 | D:2      | Gained mutation: Your natural rate of healing is unusually
                  | fast. [Vine Stalker growth]
  1067 | D:2      | Reached XP level 4. HP: 20/24 MP: 3/5
  1074 | D:2      | Reached skill level 3 in Short Blades
  1422 | D:3      | Found a sparkling altar of Nemelex Xobeh.
  1546 | D:3      | Found a sacrificial altar of Ru.
  2100 | D:4      | Reached XP level 5. HP: 28/28 MP: 6/6
  2146 | D:4      | Noticed a black bear
  2161 | D:4      | Killed a black bear
  2164 | D:4      | Reached skill level 4 in Short Blades
  2195 | D:4      | Reached XP level 6. HP: 9/33 MP: 4/7
  2285 | D:4      | Found Zaajuwk's Antique Weapon Shoppe.
  2293 | D:4      | Found a staircase to the Ecumenical Temple.
  2305 | Temple   | Entered the Ecumenical Temple
  2339 | Temple   | Became a worshipper of Uskayaw the Reveller
  2380 | D:4      | Reached * piety under Uskayaw
  2384 | D:4      | Reached ** piety under Uskayaw
  2453 | D:4      | Reached skill level 4 in Fighting
  2453 | D:4      | Reached skill level 4 in Shields
  2522 | D:4      | Identified the +3 short sword of Terra Cotta {heavy, Fly
                  | rElec rPois}
  2546 | D:4      | Found an ornate altar of the Wu Jian Council.
  2893 | D:4      | Found Uvoamaq's Antique Weapon Shop.
  3064 | D:4      | Found Zovoiss's Armour Emporium.
  3349 | D:4      | Found a snail-covered altar of Cheibriados.
  3699 | D:5      | Entered Level 5 of the Dungeon
  3759 | D:5      | Reached *** piety under Uskayaw
  3761 | D:5      | Reached XP level 7. HP: 37/37 MP: 8/8
  3819 | D:5      | Found a runed translucent door.
  3827 | D:5      | Noticed jimonade's ghost (amateur NaWr)
  3841 | D:5      | Reached skill level 5 in Short Blades
  3864 | D:5      | Reached skill level 1 in Invocations
  3961 | D:5      | Found an iron altar of Okawaru.
  3961 | D:5      | Found a bloodstained altar of Trog.
  4091 | D:5      | Found a glowing golden altar of the Shining One.
  4447 | D:6      | Found an ancient bone altar of Kikubaaqudgha.
  4485 | D:6      | Noticed a steam dragon
  4505 | D:6      | Killed a steam dragon
  4506 | D:6      | Reached skill level 2 in Invocations
  4506 | D:6      | Gained mutation: You have razor-sharp teeth. [Vine Stalker
                  | growth]
  4506 | D:6      | Reached XP level 8. HP: 37/42 MP: 10/10
  4689 | D:6      | Noticed Maggie
  4715 | D:6      | Killed Maggie
  4716 | D:6      | Reached skill level 5 in Fighting
  4716 | D:6      | Reached skill level 6 in Short Blades
  4716 | D:6      | Reached skill level 3 in Invocations
  4828 | D:6      | Reached skill level 5 in Shields
  4905 | D:6      | Reached skill level 4 in Invocations
  4913 | D:6      | Reached **** piety under Uskayaw
  5090 | D:6      | Reached XP level 9. HP: 44/47 MP: 11/13
  5090 | D:6      | Reached ***** piety under Uskayaw
  5111 | D:6      | Found a shimmering altar of Xom.
  5233 | D:6      | Identified the staff of poison "Waigg" {rElec rPois rCorr
                  | Dex+4}
  5479 | D:6      | Reached skill level 3 in Armour
  5488 | D:7      | Reached skill level 7 in Short Blades
  5488 | D:7      | Reached skill level 5 in Invocations
  5720 | D:7      | Identified the +9 whip "Fousmekh" {venom, *Corrode rPois
                  | rN+++ Dex-3}
  5738 | D:7      | HP: 2/47 [poisoned by an orc wizard]
  5743 | D:7      | HP: 3/70 [poisoned by an orc wizard]
  5748 | D:7      | HP: 2/47 [poisoned by an orc wizard]
  5953 | D:7      | Noticed Duvessa
  5953 | D:7      | Noticed Dowan
  5979 | D:7      | Killed Dowan
  5992 | D:7      | Killed Duvessa
  6109 | D:7      | Found Inerphe's Jewellery Shop.
  6441 | D:7      | Reached skill level 6 in Invocations
  6563 | D:8      | Reached skill level 6 in Fighting
  6604 | D:8      | Noticed a two-headed ogre
  6631 | D:8      | Killed a two-headed ogre
  6632 | D:8      | Reached skill level 8 in Short Blades
  6632 | D:8      | Reached skill level 4 in Armour
  6632 | D:8      | Reached XP level 10. HP: 41/53 MP: 14/16
  6679 | D:8      | Reached skill level 7 in Invocations
  7187 | D:9      | Found a staircase to the Orcish Mines.
  7414 | D:9      | Noticed Erolcha
  7433 | D:9      | Killed Erolcha
  7434 | D:9      | Reached skill level 9 in Short Blades
  7434 | D:9      | Reached skill level 8 in Invocations
  7595 | D:9      | Found Ziva's Antique Weapon Shop.
  7697 | D:9      | Found a shimmering blue altar of Sif Muna.
  7750 | D:10     | Entered Level 10 of the Dungeon
  7828 | D:10     | Reached skill level 5 in Armour
  7830 | D:10     | Reached skill level 7 in Fighting
  7902 | D:10     | Found a stormy altar of Qazlal.
  7925 | D:10     | Found a white marble altar of Elyvilon.
  7934 | D:10     | Reached XP level 11. HP: 57/58 MP: 16/18
  7972 | D:10     | Found a radiant altar of Vehumet.
  8040 | D:10     | Found a staircase to the Lair.
  8186 | D:10     | Reached ****** piety under Uskayaw
  8318 | D:10     | Reached skill level 1 in Dodging
  8511 | D:10     | Found an opulent altar of Gozag.
  8757 | D:11     | Reached skill level 9 in Invocations
  8794 | D:11     | Reached skill level 10 in Short Blades
  8840 | D:11     | Noticed a cyclops
  8851 | D:11     | Killed a cyclops
  8890 | D:11     | Noticed a cyclops
  8900 | D:11     | Noticed a cyclops
  8900 | D:11     | Noticed a death knight
  8946 | D:11     | Killed a death knight
  8947 | D:11     | Reached skill level 8 in Fighting
  8947 | D:11     | Reached skill level 2 in Dodging
  9004 | D:11     | Killed a cyclops
  9021 | D:11     | Killed a cyclops
  9029 | D:11     | Noticed a sphinx
  9031 | D:11     | Noticed a frost giant
  9076 | D:11     | Noticed an ogre mage
  9092 | D:11     | Noticed a fire dragon
  9110 | D:11     | Killed a fire dragon
  9111 | D:11     | Noticed a fire giant
  9120 | D:11     | Killed a fire giant
  9121 | D:11     | Reached skill level 9 in Fighting
  9121 | D:11     | Reached skill level 3 in Dodging
  9294 | D:11     | Noticed a two-headed ogre
  9308 | D:11     | Killed a two-headed ogre
  9309 | D:11     | Reached XP level 12. HP: 65/66 MP: 20/20
  9434 | D:11     | Found a runed translucent door.
  9441 | D:11     | Noticed BubbleThief's ghost (novice NaCA)
  9637 | D:11     | Noticed Snorg
  9650 | D:11     | Killed Snorg
  9651 | D:11     | Reached skill level 1 in Stealth
  9717 | D:11     | Reached skill level 1 in Evocations
  9774 | D:11     | Reached skill level 1 in Throwing
  9821 | D:11     | Reached skill level 10 in Invocations
  9976 | D:11     | Killed a sphinx
  9977 | D:11     | Reached skill level 2 in Stealth
 10125 | D:11     | Noticed a frost giant
 10125 | D:11     | Noticed a stone giant
 10275 | Lair:1   | Entered Level 1 of the Lair of Beasts
 10367 | Lair:1   | Reached skill level 3 in Stealth
 10367 | Lair:1   | Reached skill level 2 in Evocations
 10374 | Lair:1   | Found a dark tunnel.
 10389 | Volcano  | Entered a volcano
 10421 | Volcano  | Reached skill level 2 in Throwing
 10450 | Volcano  | Reached skill level 4 in Dodging
 10561 | Volcano  | Reached skill level 10 in Fighting
 10616 | Volcano  | Reached skill level 4 in Stealth
 10795 | Volcano  | Noticed a fire dragon
 10817 | Volcano  | Killed a fire dragon
 10818 | Volcano  | Reached skill level 3 in Evocations
 10958 | Lair:1   | Reached skill level 3 in Throwing
 11209 | Lair:1   | Reached XP level 13. HP: 53/72 MP: 18/21
 11209 | Lair:1   | Found a runed translucent gate.
 11239 | Lair:1   | Found a runed translucent gate.
 11239 | Lair:1   | Found a runed translucent gate.
 11239 | Lair:1   | Noticed voltaire321's ghost (journeyman OpBr)
 11239 | Lair:1   | Noticed ShinQuickMan's ghost (journeyman DECj)
 11246 | Lair:1   | Noticed Fannar
 11282 | Lair:1   | Killed Fannar
 11362 | Lair:1   | Noticed Amaemon
 11385 | Lair:1   | Killed Amaemon
 11386 | Lair:1   | Reached skill level 5 in Stealth
 12162 | Lair:2   | Reached skill level 5 in Dodging
 12252 | Lair:2   | Reached skill level 4 in Throwing
 12252 | Lair:2   | Reached skill level 4 in Evocations
 12361 | Lair:2   | Found a hole to the Spider Nest.
 12861 | Lair:3   | Identified 2 scrolls of acquirement
 13005 | Lair:3   | Reached skill level 11 in Fighting
 13078 | Lair:3   | Reached skill level 11 in Invocations
 13176 | Lair:3   | Found a staircase to the Swamp.
 13828 | Lair:4   | Found a gate leading to a gauntlet.
 13848 | Gauntlet | Entered a Gauntlet
 13848 | Gauntlet | Found a transporter.
 13848 | Gauntlet | Found a transporter.
 13865 | Gauntlet | Found a runed translucent door.
 13868 | Gauntlet | Found a transporter.
 13870 | Gauntlet | Found a transporter.
 13881 | Gauntlet | Found a transporter.
 13882 | Gauntlet | Found a transporter.
 13890 | Gauntlet | Found a transporter.
 13906 | Gauntlet | Found a transporter.
 13920 | Gauntlet | Found a transporter.
 13924 | Gauntlet | Found a transporter.
 13937 | Gauntlet | Found a transporter.
 13941 | Gauntlet | Found a transporter.
 14201 | Gauntlet | Identified the +4 pair of boots of Jikan {rCorr Str+2}
 14254 | Gauntlet | Noticed a minotaur
 14266 | Gauntlet | Killed a minotaur
 14267 | Gauntlet | Reached skill level 6 in Armour
 14298 | Gauntlet | Got the Writings on the Vexatious Caves
 14508 | Lair:4   | Reached skill level 5 in Evocations
 14890 | Lair:4   | Reached skill level 5 in Throwing
 14964 | Lair:4   | Reached XP level 14. HP: 61/79 MP: 19/23
 15281 | Lair:5   | Entered Level 5 of the Lair of Beasts
 15506 | Lair:5   | Reached skill level 6 in Dodging
 15739 | Lair:5   | Found a viscous altar of Jiyva.
 15740 | Lair:5   | Found a staircase to the Slime Pits.
 15978 | Lair:5   | Got Sif Muna's Directory of Evil Acts
 16450 | Lair:5   | Reached skill level 6 in Throwing
 16469 | Lair:5   | Reached skill level 6 in Evocations
 16797 | Lair:5   | Reached skill level 7 in Armour
 17183 | Lair:1   | Killed ShinQuickMan's ghost
 17184 | Lair:1   | Reached skill level 12 in Invocations
 17197 | Lair:1   | Killed voltaire321's ghost
 17251 | Lair:1   | Identified the +3 cloak of the Cockatrice {Will++ Str+7
                  | Int-2}
 17266 | Lair:1   | Identified the +1 pair of boots of Resourcefulness
                  | {Rampage}
 17445 | Orc:1    | Entered Level 1 of the Orcish Mines
 17604 | Orc:1    | Noticed an orc warlord
 17667 | Orc:1    | Found Dahutridd's Weapon Shop.
 17696 | Orc:1    | Killed an orc warlord
 17815 | Orc:1    | Reached skill level 7 in Dodging
 18196 | Orc:2    | Entered Level 2 of the Orcish Mines
 18346 | Orc:2    | Found a staircase to the Elven Halls.
 18375 | Orc:2    | Reached skill level 12 in Fighting
 18408 | Orc:2    | Found Jikenwub's Book Shoppe.
 18635 | Orc:2    | Reached XP level 15. HP: 84/84 MP: 25/25
 19110 | Orc:2    | Reached skill level 7 in Throwing
 19270 | Orc:2    | Reached skill level 8 in Dodging
 19357 | Orc:2    | Found Pacs's Book Shoppe.
 19358 | Orc:2    | Found Taufij's Weapon Shoppe.
 19358 | Orc:2    | Found Koughyer's Magic Scroll Emporium.
 19359 | Orc:2    | Found Fuos's Assorted Antiques.
 19368 | Orc:2    | Bought a scroll of summoning for 133 gold pieces
 19368 | Orc:2    | Bought a scroll of immolation for 56 gold pieces
 19368 | Orc:2    | Bought a scroll of identify for 28 gold pieces
 19368 | Orc:2    | Bought a scroll of enchant armour for 105 gold pieces
 19701 | D:5      | Killed jimonade's ghost
 19801 | D:10     | Acquired a manual of Fighting
 19803 | D:10     | Acquired a manual of Short Blades
 19868 | D:11     | HP: 2/84 [frost giant/+1 battleaxe of freezing (14)]
 20465 | D:11     | Got Josu Idu's Information on Fulmination
 20631 | D:11     | Killed a frost giant
 20736 | D:11     | Killed BubbleThief's ghost
 20785 | D:11     | Identified the +11 spear "Cuschuow" {heavy, Stlth+}
 21119 | D:12     | Reached skill level 8 in Armour
 21367 | D:12     | Found Kiock's Book Shoppe.
 21494 | D:12     | Reached skill level 6 in Stealth
 21495 | D:12     | Noticed Azrael
 21519 | D:12     | Killed Azrael
 21741 | D:11     | Killed a frost giant
 21809 | D:13     | Noticed Rupert
 21855 | D:13     | Killed Rupert
 21909 | D:13     | Noticed Kirke
 21936 | D:13     | Killed Kirke
 22061 | D:13     | Reached skill level 9 in Dodging
 22729 | D:14     | Reached skill level 13 in Invocations
 22737 | D:14     | Reached skill level 13 in Fighting
 22766 | D:14     | Reached skill level 7 in Stealth
 22772 | D:14     | Found a gate to the Vaults.
 22822 | D:14     | Noticed Jorgrun
 22845 | D:14     | Killed Jorgrun
 22846 | D:14     | Reached skill level 8 in Throwing
 23380 | D:14     | Reached XP level 16. HP: 86/91 MP: 26/26
 24297 | D:15     | Entered Level 15 of the Dungeon
 24613 | D:15     | Found a staircase to the Depths.
 25460 | Spider:1 | Entered Level 1 of the Spider Nest
 25687 | Swamp:1  | Entered Level 1 of the Swamp
 25701 | Swamp:1  | Reached skill level 8 in Stealth
 25798 | Swamp:1  | Reached skill level 10 in Dodging
 25842 | Swamp:1  | Found a frozen archway.
 25842 | Swamp:1  | You fall into a shaft and drop 1 floor!
 25996 | Swamp:1  | Reached skill level 9 in Armour
 26037 | IceCv    | Entered an ice cave
 26202 | IceCv    | Reached skill level 9 in Stealth
 26420 | IceCv    | Reached skill level 9 in Throwing
 26840 | IceCv    | Noticed an Ice Fiend
 26840 | IceCv    | Noticed an Ice Fiend
 26897 | IceCv    | Killed an Ice Fiend
 26898 | IceCv    | Reached skill level 14 in Fighting
 26918 | IceCv    | Killed an Ice Fiend
 26922 | IceCv    | Identified a +2 robe of resistance
 26927 | IceCv    | Identified the +11 dagger of Vyxaxt {freeze, +Blink MP+9
                  | Dex-3}
 27494 | Swamp:1  | Found a runed translucent gate.
 27495 | Swamp:1  | Found a runed translucent gate.
 27495 | Swamp:1  | Noticed Buxus's ghost (journeyman DrAE)
 27496 | Swamp:1  | Found a runed translucent gate.
 27867 | Swamp:2  | Reached skill level 10 in Stealth
 28128 | Swamp:2  | Noticed a fenstrider witch
 28150 | Swamp:2  | Killed a fenstrider witch
 28181 | Swamp:2  | Reached XP level 17. HP: 79/97 MP: 24/28
 28894 | Swamp:3  | Reached skill level 10 in Armour
 29001 | Swamp:3  | Reached skill level 10 in Throwing
 29484 | Swamp:4  | Entered Level 4 of the Swamp
 29573 | Swamp:4  | Noticed Mlioglotl
 29702 | Swamp:3  | Killed Mlioglotl
 29937 | Swamp:4  | Reached skill level 14 in Invocations
 31017 | Swamp:4  | Reached skill level 15 in Fighting
 31085 | Swamp:4  | Got a decaying rune of Zot
 31628 | Spider:1 | Reached skill level 11 in Stealth
 31651 | Spider:1 | Reached skill level 6 in Shields
 31719 | Spider:1 | Reached skill level 11 in Short Blades
 31950 | Spider:1 | Reached XP level 18. HP: 104/104 MP: 29/29
 32208 | Spider:1 | Reached skill level 7 in Evocations
 32277 | Spider:1 | Reached skill level 11 in Dodging
 32973 | Spider:2 | You fall into a shaft and drop 1 floor!
 32995 | Spider:2 | Noticed Louise
 33015 | Spider:2 | Killed Louise
 33082 | Spider:2 | Noticed Donald
 33103 | Spider:2 | Noticed Aizul
 33108 | Spider:2 | Killed Aizul
 33133 | Spider:2 | Killed Donald
 34506 | Spider:3 | Noticed Arachne
 34538 | Spider:3 | Killed Arachne
 34539 | Spider:3 | Reached skill level 12 in Short Blades
 34721 | Spider:3 | Reached skill level 12 in Stealth
 35024 | Spider:3 | Reached skill level 7 in Shields
 35191 | Spider:4 | Entered Level 4 of the Spider Nest
 35369 | Spider:4 | Identified a potion of experience
 35376 | Spider:4 | Reached skill level 11 in Armour
 35376 | Spider:4 | Reached skill level 12 in Dodging
 35376 | Spider:4 | Reached skill level 15 in Invocations
 35376 | Spider:4 | Reached skill level 8 in Evocations
 35376 | Spider:4 | Reached XP level 19. HP: 109/109 MP: 31/31
 35851 | Spider:4 | Reached skill level 16 in Fighting
 35893 | Spider:4 | Reached XP level 20. HP: 105/114 MP: 32/32
 35970 | Spider:4 | Reached XP level 21. HP: 119/119 MP: 33/33
 36157 | Spider:4 | Reached skill level 13 in Short Blades
 36201 | Spider:4 | Identified the orb of the Circus Animal {mayhem, rElec}
 36228 | Spider:4 | Got a gossamer rune of Zot
 36274 | Spider:4 | Reached skill level 13 in Stealth
 36840 | Swamp:1  | Killed Buxus's ghost
 37260 | Elf:1    | Entered Level 1 of the Elven Halls
 37336 | Elf:1    | Reached skill level 8 in Shields
 37369 | Elf:1    | Noticed Agnes
 37383 | Elf:1    | Killed Agnes
 37440 | Elf:1    | Identified the +8 sling of the Unkillable {drain, Str+6}
 37737 | Elf:1    | Found an ancient bone altar of Kikubaaqudgha.
 38437 | Elf:2    | Reached skill level 9 in Evocations
 38671 | Elf:2    | Found a runed translucent gate.
 38682 | Elf:2    | Found a runed translucent gate.
 38682 | Elf:2    | Found a runed translucent gate.
 38725 | Elf:2    | Found a runed translucent gate.
 38725 | Elf:2    | Found a runed translucent gate.
 38727 | Elf:2    | Noticed Heg Cuhi's ghost (adept MiFi)
 38752 | Elf:2    | Noticed Yakesh's ghost (adept MiFi)
 38821 | Elf:2    | Reached skill level 13 in Dodging
 38864 | Elf:2    | Found a runed translucent gate.
 38900 | Elf:2    | Noticed Baunymm's ghost (journeyman DsBe)
 38903 | Elf:2    | Noticed Dazeapy's ghost (veteran DDBe)
 38904 | Elf:2    | Noticed Qiokh's ghost (veteran MiBe)
 39082 | Elf:3    | Entered Level 3 of the Elven Halls
 39570 | Elf:3    | Found Emiaq's Antique Weapon Boutique.
 39854 | Elf:3    | Reached skill level 14 in Stealth
 39920 | Elf:3    | Reached skill level 14 in Short Blades
 39973 | Elf:3    | Reached XP level 22. HP: 126/126 MP: 34/34
 39982 | Elf:3    | Reached skill level 17 in Fighting
 40259 | Elf:3    | Identified the +2 pair of boots "Lubreal" {rF- Dex+4}
 40261 | Elf:3    | Identified the staff of earth "Byonej" {Drain Int+4 Stlth+}
 40287 | Elf:3    | Identified the staff of earth "Geetukin" {rF++ Int+3 Dex+2}
 40315 | Elf:3    | Identified the +9 flail of Uvuuz {heavy, *Noise rPois
                  | Will++}
 41097 | Vaults:1 | Entered Level 1 of the Vaults
 41109 | Vaults:1 | Reached skill level 9 in Shields
 41390 | Vaults:1 | Reached skill level 16 in Invocations
 41946 | Vaults:1 | Reached skill level 12 in Armour
 43072 | Vaults:2 | Reached skill level 10 in Evocations
 43518 | Vaults:2 | Reached skill level 14 in Dodging
 43741 | Vaults:2 | Found a staircase to the Crypt.
 43804 | Vaults:2 | Reached skill level 15 in Stealth
 43946 | Vaults:2 | Reached skill level 15 in Short Blades
 44008 | Vaults:2 | Found a portal to a secret trove of treasure.
 44198 | Vaults:2 | Reached XP level 23. HP: 125/132 MP: 36/36
 44360 | Vaults:2 | You paid a toll of 8 potions of haste to enter a treasure
                  | trove
 44361 | Trove    | Entered a treasure trove
 44365 | Trove    | Identified a +1 robe of resistance
 44375 | Trove    | Found the +4 skin of Zhor {*Englaciate rC+++ SInv}
 44379 | Trove    | Identified the +0 buckler "Syaqomu" {*Slow rPois Int+3}
 44388 | Trove    | Identified the +1 kite shield of Matwy {Will+ rCorr Dex+2
                  | Stlth+}
 44390 | Trove    | Identified the +5 scale mail of Forking Paths {Int+4 Dex+3
                  | Stlth+}
 44392 | Trove    | Identified the +6 tower shield of Bokipp {rF+ Will+ Dex-2}
 44401 | Trove    | Identified the +1 chain mail of Beogh's Indignation {rN+
                  | Will+ Str-4 Dex+3}
 44653 | Vaults:3 | Reached skill level 10 in Shields
 44848 | Vaults:3 | Noticed Frederick
 44866 | Vaults:3 | Killed Frederick
 45127 | Vaults:3 | Reached skill level 18 in Fighting
 45225 | Vaults:3 | Found Jyfol's Assorted Antiques.
 45230 | Vaults:3 | Bought a scroll of enchant weapon for 352 gold pieces
 45395 | Vaults:3 | Reached skill level 11 in Evocations
 45710 | Vaults:3 | Reached skill level 17 in Invocations
 45829 | Vaults:3 | Reached skill level 13 in Armour
 46008 | Vaults:3 | Learned a level 1 spell: Apportation
 46181 | Vaults:4 | Reached skill level 1 in Translocations
 46525 | Vaults:4 | Reached skill level 2 in Translocations
 46663 | Vaults:4 | Found Vuttarat's Antique Armour Shop.
 47485 | Depths:1 | Entered Level 1 of the Depths
 47504 | Depths:1 | Reached skill level 3 in Translocations
 47506 | Depths:1 | Reached XP level 24. HP: 76/139 MP: 36/36
 47692 | Depths:1 | Found a gateway to Hell.
 47692 | Depths:1 | Noticed Asterion
 47718 | Depths:1 | Killed Asterion
 48326 | Depths:1 | Noticed Nikola
 48377 | Depths:1 | Reached skill level 15 in Dodging
 48377 | Depths:1 | Reached skill level 4 in Translocations
 48380 | Depths:1 | Killed Nikola
 48667 | Depths:1 | Found a one-way gate to the infinite horrors of the Abyss.
 48780 | Depths:2 | Found a white marble altar of Elyvilon.
 48800 | Depths:2 | Reached skill level 12 in Evocations
 48817 | Depths:2 | Paralysed by a floating eye for 3 turns
 48856 | Depths:2 | Found Gozag's Antique Weapon Shop.
 48926 | Depths:2 | Found Gozag's Antique Weapon Shop.
 48946 | Depths:2 | Found an opulent altar of Gozag.
 48947 | Depths:2 | Found Gozag's Antique Armour Boutique.
 49208 | Depths:2 | Reached skill level 5 in Translocations
 49965 | Depths:2 | Found a one-way gate leading to the halls of Pandemonium.
 50473 | Depths:3 | Reached skill level 18 in Invocations
 50513 | Depths:3 | Reached skill level 19 in Fighting
 50525 | Depths:3 | Reached skill level 6 in Translocations
 50668 | Depths:3 | Found a corrupted altar of Lugonu.
 50797 | Depths:3 | Noticed a juggernaut
 50820 | Depths:3 | Killed a juggernaut
 50821 | Depths:3 | Reached skill level 14 in Armour
 50886 | Depths:3 | Found Fiumaph's Book Shoppe.
 50886 | Depths:3 | Found Laibb's Jewellery Boutique.
 50887 | Depths:3 | Found Cexitesm's Jewellery Boutique.
 50951 | Depths:3 | Found a broken altar of Ashenzari.
 51005 | Depths:3 | Acquired a ring of the Octopus King {rF+ HP+2 AC+2 EV+2
                  | SH+2}
 51005 | Depths:3 | Found the ring of the Octopus King {rF+ HP+2 AC+2 EV+2
                  | SH+2}
 51125 | Depths:3 | Found a one-way gateway to a ziggurat.
 51983 | Depths:4 | Entered Level 4 of the Depths
 52127 | Depths:4 | Found a gate to the Realm of Zot.
 52282 | Depths:4 | Reached skill level 7 in Translocations
 52414 | Depths:4 | Reached XP level 25. HP: 140/145 MP: 37/37
 52519 | Depths:4 | Identified the +7 morningstar of Bupn {spect, rElec rPois
                  | SInv}
 52802 | Depths:4 | Found Bailinif's General Store.
 52802 | Depths:4 | Identified the +7 plate armour of Dim Light {Stlth+}
 52894 | Depths:4 | Found Suopecumics's Jewellery Shop.
 52898 | Depths:4 | Found Ataobed's General Store.
 52898 | Depths:4 | Found Uhamp's Weapon Shop.
 52957 | Depths:4 | Bought the ring "Culuitz" {+Blink rF+ rN+ AC+4} for 918
                  | gold pieces
 53317 | Depths:4 | Found Gelelim's Antique Weapon Emporium.
 53632 | Crypt:1  | Entered Level 1 of the Crypt
 53651 | Crypt:1  | Noticed Sojobo
 53673 | Crypt:1  | Killed Sojobo
 53829 | Crypt:1  | Noticed Grunn
 53837 | Crypt:1  | Killed Grunn
 53941 | Crypt:1  | Reached XP level 26. HP: 151/151 MP: 37/37
 54212 | Orc:2    | Bought a book of Spatial Translocations for 252 gold pieces
 54216 | Orc:2    | Learned a level 2 spell: Blink
 54550 | Crypt:1  | Reached skill level 8 in Translocations
 54784 | Crypt:1  | Found a huge runed gate.
 54784 | Crypt:1  | Found a huge runed gate.
 54784 | Crypt:1  | Found a huge runed gate.
 54784 | Crypt:1  | Found a huge runed gate.
 54785 | Crypt:1  | Found a huge runed gate.
 54785 | Crypt:1  | Found a huge runed gate.
 54785 | Crypt:1  | Found a huge runed gate.
 54786 | Crypt:1  | Found a huge runed gate.
 54787 | Crypt:1  | Found a huge runed gate.
 54787 | Crypt:1  | Found a huge runed gate.
 54788 | Crypt:1  | Found a huge runed gate.
 54803 | Crypt:1  | Found a huge runed gate.
 54829 | Crypt:1  | Found a huge runed gate.
 54829 | Crypt:1  | Found a huge runed gate.
 54829 | Crypt:1  | Found a huge runed gate.
 54832 | Crypt:1  | Found a huge runed gate.
 54833 | Crypt:1  | Found a huge runed gate.
 54849 | Crypt:1  | Reached skill level 19 in Invocations
 54875 | Crypt:1  | Found a huge runed gate.
 55072 | Crypt:1  | Found a huge runed gate.
 55077 | Crypt:1  | Found a huge runed gate.
 55077 | Crypt:1  | Found a huge runed gate.
 55077 | Crypt:1  | Found a huge runed gate.
 55077 | Crypt:1  | Found a huge runed gate.
 55078 | Crypt:1  | Found a huge runed gate.
 55079 | Crypt:1  | Found a huge runed gate.
 55080 | Crypt:1  | Found a huge runed gate.
 55081 | Crypt:1  | Found a huge runed gate.
 55082 | Crypt:1  | Found a huge runed gate.
 55090 | Crypt:1  | Found a huge runed gate.
 55090 | Crypt:1  | Found a huge runed gate.
 55090 | Crypt:1  | Found a huge runed gate.
 55090 | Crypt:1  | Found a huge runed gate.
 55090 | Crypt:1  | Found a huge runed gate.
 55090 | Crypt:1  | Found a huge runed gate.
 55091 | Crypt:1  | Found a huge runed gate.
 55092 | Crypt:1  | Found a huge runed gate.
 55341 | Crypt:1  | Noticed Dugafar's ghost (adept GrFi)
 55341 | Crypt:1  | Noticed Weuw's ghost (adept GrFi)
 55341 | Crypt:1  | Noticed Goociwk's ghost (adept GrFi)
 55341 | Crypt:1  | Noticed Houmnergh's ghost (master GnTm)
 55341 | Crypt:1  | Noticed Uroast's ghost (veteran MiGl)
 55341 | Crypt:1  | Noticed Dugafar's ghost (adept GrFi)
 55376 | Crypt:1  | Killed Houmnergh's ghost
 55451 | Crypt:1  | Killed Uroast's ghost
 55452 | Crypt:1  | Reached skill level 15 in Armour
 55456 | Crypt:1  | Killed Dugafar's ghost
 55581 | Crypt:1  | Killed Dugafar's ghost
 55628 | Crypt:1  | Killed Goociwk's ghost
 55630 | Crypt:1  | Killed Weuw's ghost
 55664 | Crypt:1  | Reached skill level 9 in Translocations
 55789 | Crypt:1  | Identified the ring of the Present {Fire Dex+2}
 55797 | Crypt:1  | Identified the ring of Xarecui {rElec Will+ Int+3 SInv}
 56180 | Crypt:2  | Reached skill level 20 in Fighting
 56397 | Crypt:2  | Found a huge runed translucent gate.
 56397 | Crypt:2  | Found a huge runed translucent gate.
 56398 | Crypt:2  | Found a huge runed translucent gate.
 56398 | Crypt:2  | Found a huge runed translucent gate.
 56398 | Crypt:2  | Found a huge runed translucent gate.
 56399 | Crypt:2  | Found a huge runed translucent gate.
 56399 | Crypt:2  | Found a huge runed translucent gate.
 56401 | Crypt:2  | Found a huge runed translucent gate.
 56401 | Crypt:2  | Found a huge runed translucent gate.
 56592 | Crypt:2  | Reached skill level 10 in Translocations
 56703 | Crypt:3  | Entered Level 3 of the Crypt
 56751 | Crypt:3  | Noticed a curse skull
 56761 | Crypt:3  | Killed a curse skull
 57080 | Crypt:3  | Noticed a curse skull
 57084 | Crypt:3  | Killed a curse skull
 57270 | Crypt:3  | Reached skill level 20 in Invocations
 57279 | Crypt:3  | Learned a level 3 spell: Vhi's Electric Charge
 57365 | Crypt:3  | Found a staircase to the Tomb.
 57539 | Crypt:3  | Reached skill level 1 in Air Magic
 57628 | Crypt:3  | Reached skill level 2 in Air Magic
 57630 | Crypt:3  | Reached XP level 27. HP: 156/156 MP: 38/38
 57700 | Crypt:3  | Found an ancient bone altar of Kikubaaqudgha.
 57708 | Crypt:3  | Reached skill level 11 in Translocations
 57741 | Crypt:3  | Reached skill level 3 in Air Magic
 58104 | Crypt:3  | Paralysed by a vampire knight for 3 turns
 58119 | Crypt:3  | Reached skill level 4 in Air Magic
 58157 | Crypt:3  | Got the Book of Ectoplasm
 58171 | Crypt:3  | Identified the +9 spear of Pain and Death {heavy, rElec
                  | rCorr Str-3 Dex+5}
 58290 | Crypt:3  | Identified a +0 robe of resistance
 58673 | D:15     | Upgraded the game from 0.30-a0-1114-gd936c97349 to
                  | 0.30-a0-1116-gebefce21f7
 58772 | Depths:3 | Bought an amulet of faith for 760 gold pieces
 58886 | D:15     | Learned a level 2 spell: Wereblood
 59198 | Elf:2    | Reached skill level 1 in Transmutations
 59208 | Elf:2    | Reached skill level 2 in Transmutations
 59244 | Elf:2    | Reached skill level 3 in Transmutations
 59267 | Elf:2    | Reached skill level 4 in Transmutations
 59378 | Elf:2    | Reached skill level 5 in Transmutations
 59760 | Elf:2    | Killed Qiokh's ghost
 59762 | Elf:2    | Killed Heg Cuhi's ghost
 59763 | Elf:2    | Killed Baunymm's ghost
 59767 | Elf:2    | Killed Yakesh's ghost
 59768 | Elf:2    | Reached skill level 6 in Transmutations
 59770 | Elf:2    | Killed Dazeapy's ghost
 59800 | Elf:2    | Identified the ring of Symmetry {rF+ rC++ Int+2}
 60787 | Vaults:5 | Entered Level 5 of the Vaults
 60812 | Vaults:5 | Reached skill level 7 in Transmutations
 60820 | Vaults:5 | Reached skill level 8 in Transmutations
 60833 | Vaults:5 | Reached skill level 9 in Transmutations
 60837 | Vaults:5 | Noticed an ancient lich
 60858 | Vaults:5 | Killed an ancient lich
 60881 | Vaults:5 | Reached skill level 5 in Air Magic
 61101 | Vaults:5 | Reached skill level 6 in Air Magic
 61191 | Vaults:5 | Reached skill level 10 in Transmutations
 61192 | Vaults:5 | Reached skill level 12 in Translocations
 61223 | Vaults:5 | Reached skill level 8 in Air Magic
 61271 | Vaults:5 | Reached skill level 9 in Air Magic
 61321 | Vaults:5 | Reached skill level 10 in Air Magic
 61480 | Vaults:5 | Reached skill level 11 in Shields
 61485 | Vaults:5 | Identified the +8 short sword "Dopidez" {heavy, rC+ Str+3}
 61795 | Vaults:5 | Got a silver rune of Zot
 61885 | Vaults:5 | Identified the staff of earth "Qaizatat" {Fly}
 61972 | Vaults:5 | Identified the +2 ring mail "Geuneiq" {rElec Will+ Slay+3}
 62163 | Vaults:5 | Reached skill level 11 in Air Magic
 62380 | Vaults:5 | Identified the +2 leather armour of Sophism {Harm rN+}
 62714 | Vaults:5 | Identified the +0 scale mail of Lic Didi {rElec rC- Str+6}
 63133 | Slime:1  | Entered Level 1 of the Pits of Slime
 63241 | Slime:1  | Reached skill level 1 in Spellcasting
 63790 | Slime:2  | Reached skill level 2 in Spellcasting
 63807 | Slime:2  | Gained mutation: Your spells are a little harder to cast,
                  | but a little more powerful. [a shining eye]
 63809 | Slime:2  | Gained mutation: You are frail. (-10% HP) [a shining eye]
 64117 | Slime:3  | Found a viscous altar of Jiyva.
 64384 | Slime:3  | Reached skill level 12 in Air Magic
 64644 | Slime:4  | Reached skill level 3 in Spellcasting
 65127 | Slime:5  | Entered Level 5 of the Pits of Slime
 65408 | Slime:5  | Reached skill level 21 in Invocations
 65633 | Slime:5  | Noticed the Royal Jelly
 65634 | Slime:5  | Killed the Royal Jelly
 65635 | Slime:5  | Reached skill level 12 in Shields
 65635 | Slime:5  | Reached skill level 4 in Spellcasting
 65833 | Slime:5  | Reached skill level 11 in Transmutations
 65877 | Slime:5  | Identified the +7 plate armour "Reim" {rN+ Stlth+}
 65911 | Slime:5  | Got a slimy rune of Zot
 65963 | Slime:5  | Identified the +5 chain mail "Ziocw" {+Inv rElec rN++
                  | Will-}
 65991 | Slime:5  | Identified the +2 pair of gloves of Dyspraxia {rN+ rCorr
                  | Int+3}
 66007 | Slime:5  | Identified the staff of earth "Sesiu" {rElec rC+ Will++
                  | Dex-5}
 66046 | Slime:5  | Identified the ring "Zoki" {Will+ Str+2}
 67161 | Depths:1 | Voluntarily entered the Abyss.
 67324 | Abyss:1  | Reached skill level 21 in Fighting
 67330 | Abyss:1  | Found a corrupted altar of Lugonu.
 67502 | Abyss:1  | Found a corrupted altar of Lugonu.
 67570 | Abyss:1  | Found a corrupted altar of Lugonu.
 67612 | Abyss:1  | Found a corrupted altar of Lugonu.
 67772 | Abyss:1  | Reached skill level 5 in Spellcasting
 68046 | Depths:1 | You pass through the gate.
 68046 | Depths:1 | Escaped the Abyss
 68148 | Depths:1 | Voluntarily entered the Abyss.
 68151 | Abyss:1  | Found a corrupted altar of Lugonu.
 68628 | Abyss:2  | Found a corrupted altar of Lugonu.
 68810 | Abyss:2  | Found a corrupted altar of Lugonu.
 69029 | Abyss:2  | Found a corrupted altar of Lugonu.
 69097 | Abyss:2  | Found a corrupted altar of Lugonu.
 69244 | Abyss:2  | Reached skill level 13 in Shields
 69350 | Abyss:2  | Lost mutation: Your spells are a little harder to cast, but
                  | a little more powerful. [a neqoxec]
 69432 | Abyss:2  | Reached skill level 6 in Spellcasting
 69539 | Abyss:2  | Reached skill level 11 in Throwing
 70114 | Depths:1 | You pass through the gate.
 70114 | Depths:1 | Escaped the Abyss
 70238 | Depths:1 | Voluntarily entered the Abyss.
 70390 | Abyss:2  | Gained mutation: Your magical capacity is low. (-10% MP) [a
                  | cacodemon]
 70392 | Abyss:2  | Gained mutation: You are weak. (Str -2) [a cacodemon]
 70451 | Abyss:2  | Found a corrupted altar of Lugonu.
 70578 | Abyss:2  | Reached skill level 12 in Transmutations
 71038 | Abyss:2  | Reached skill level 7 in Spellcasting
 71107 | Abyss:2  | Reached skill level 13 in Evocations
 71427 | Abyss:2  | Reached skill level 14 in Shields
 71971 | Abyss:2  | Noticed an ancient lich
 71988 | Abyss:2  | Killed an ancient lich
 72052 | Abyss:2  | Noticed an ancient lich
 72085 | Abyss:2  | Killed an ancient lich
 72233 | Abyss:2  | Reached skill level 8 in Spellcasting
 72737 | Abyss:3  | Found a corrupted altar of Lugonu.
 72786 | Abyss:3  | Reached skill level 12 in Throwing
 72788 | Abyss:3  | Reached skill level 22 in Invocations
 72858 | Abyss:3  | Reached skill level 14 in Evocations
 73266 | Abyss:3  | Reached skill level 15 in Shields
 73733 | Abyss:3  | Reached skill level 9 in Spellcasting
 73747 | Abyss:3  | Got an abyssal rune of Zot
 73943 | Depths:1 | You pass through the gate.
 73943 | Depths:1 | Escaped the Abyss
 73981 | D:15     | Upgraded the game from 0.30-a0-1116-gebefce21f7 to
                  | 0.30-a0-1123-gabc949cf19
 74698 | Zot:1    | Entered Level 1 of the Realm of Zot
 74760 | Zot:1    | Reached skill level 15 in Evocations
 74865 | Zot:1    | Identified the ring "Tinea" {AC+4 Str+5 Dex+2}
 74965 | Zot:1    | Reached skill level 22 in Fighting
 74975 | Zot:1    | Learned a level 2 spell: Lesser Beckoning
 74979 | Zot:1    | Learned a level 3 spell: Swiftness
 74982 | Zot:1    | Learned a level 2 spell: Passwall
 75895 | Zot:2    | Identified the ring of the Empire {Ice Int+8}
 75895 | Zot:2    | Noticed Josephina
 76062 | Zot:2    | Killed Josephina
 76101 | Zot:2    | Reached skill level 10 in Spellcasting
 76203 | Zot:2    | Reached skill level 13 in Throwing
 76387 | Zot:2    | Reached skill level 16 in Evocations
 76469 | Zot:2    | Noticed an orb of fire
 76476 | Zot:2    | Killed an orb of fire
 77029 | Zot:3    | Found a transporter.
 77083 | Zot:3    | You fall into a shaft and drop 1 floor!
 77422 | Zot:3    | Found a transporter.
 77494 | Zot:3    | Noticed an electric golem
 77516 | Zot:3    | Killed an electric golem
 77639 | Zot:3    | Acquired 782 gold pieces
 77656 | Zot:4    | Noticed an orb of fire
 77676 | Zot:4    | Killed an orb of fire
 77678 | Zot:4    | Reached skill level 17 in Evocations
 77786 | Zot:4    | Found a glowing silver altar of Zin.
 77916 | Zot:4    | Reached skill level 14 in Throwing
 77948 | Zot:4    | Found a shimmering altar of Xom.
 77948 | Zot:4    | Found a shimmering altar of Xom.
 77950 | Zot:4    | Found a shimmering altar of Xom.
 77951 | Zot:4    | Found a shimmering altar of Xom.
 77976 | Zot:4    | Found a shimmering altar of Xom.
 77976 | Zot:4    | Found a shimmering altar of Xom.
 78571 | Hell     | Entered the Vestibule of Hell
 78571 | Hell     | Noticed Geryon
 78588 | Hell     | Killed Geryon
 78626 | Hell     | Reached skill level 18 in Evocations
 78708 | Hell     | Found a gateway to the decaying netherworld of Tartarus.
 78823 | Hell     | Found a gateway to the freezing wastes of Cocytus.
 78830 | Hell     | Reached skill level 15 in Throwing
 79127 | Hell     | Found a gateway to the Iron City of Dis.
 79231 | Hell     | Found a gateway to the ashen valley of Gehenna.
 80068 | Zot:5    | Entered Level 5 of the Realm of Zot
 80144 | Zot:5    | Found a transporter.
 80149 | Zot:5    | Found a transporter.
 80223 | Zot:5    | Found a transporter.
 80489 | Zot:5    | Reached skill level 16 in Throwing
 80781 | Zot:5    | Found a transporter.
 81083 | Zot:3    | Noticed an ancient lich
 81108 | Zot:3    | Paralysed by a Zot trap for 5 turns
 81144 | Zot:3    | Killed an ancient lich
 81173 | Zot:3    | Identified the ring "Ikelozun" {Fly rF+ Will+ Str+2 Stlth+}
 81186 | Zot:3    | Identified the +1 plate armour of Valour {Harm}
 81188 | Zot:3    | Identified the ring of Lupocira {rElec rC+ rN+ Stlth+}
 82100 | Zot:5    | Noticed an orb of fire
 82104 | Zot:5    | Gained mutation: You are clumsy. (Dex -2) [an orb of fire]
 82112 | Zot:5    | Gained mutation: You are very frail. (-20% HP) [an orb of
                  | fire]
 82151 | Zot:5    | Killed an orb of fire
 82770 | Zot:5    | Noticed an orb of fire
 82771 | Zot:5    | Gained mutation: Your body sometimes deteriorates upon
                  | taking damage. [an orb of fire]
 82777 | Zot:5    | Gained mutation: You occasionally lose the ability to drink
                  | potions when taking damage. [an orb of fire]
 82807 | Zot:5    | Gained mutation: You are extremely frail. (-30% HP) [an orb
                  | of fire]
 82810 | Zot:5    | Killed an orb of fire
 82817 | Zot:5    | Lost mutation: Your magical capacity is low. (-10% MP)
                  | [potion of mutation]
 82817 | Zot:5    | Lost mutation: Your body sometimes deteriorates upon taking
                  | damage. [potion of mutation]
 82817 | Zot:5    | Lost mutation: You are extremely frail. (-30% HP) [potion
                  | of mutation]
 82817 | Zot:5    | Lost mutation: You are weak. (Str -2) [potion of mutation]
 82817 | Zot:5    | Gained mutation: You are partially covered in iridescent
                  | scales. (AC +2) [potion of mutation]
 82817 | Zot:5    | Gained mutation: Your magical capacity is low. (-10% MP)
                  | [potion of mutation]
 82817 | Zot:5    | Gained mutation: Your skin changes colour to match your
                  | surroundings (Stealth+). [potion of mutation]
 82818 | Zot:5    | Lost mutation: Your magical capacity is low. (-10% MP)
                  | [potion of mutation]
 82818 | Zot:5    | Lost mutation: You are partially covered in iridescent
                  | scales. (AC +2) [potion of mutation]
 82818 | Zot:5    | Gained mutation: Your magical capacity is low. (-10% MP)
                  | [potion of mutation]
 82818 | Zot:5    | Gained mutation: Your body sometimes deteriorates upon
                  | taking damage. [potion of mutation]
 82818 | Zot:5    | Gained mutation: You have a pair of small antennae on your
                  | head. [potion of mutation]
 82819 | Zot:5    | Lost mutation: Your body sometimes deteriorates upon taking
                  | damage. [potion of mutation]
 82819 | Zot:5    | Lost mutation: You occasionally lose the ability to drink
                  | potions when taking damage. [potion of mutation]
 82819 | Zot:5    | Lost mutation: Your magical capacity is low. (-10% MP)
                  | [potion of mutation]
 82819 | Zot:5    | Lost mutation: You are very frail. (-20% HP) [potion of
                  | mutation]
 83653 | Zot:5    | Upgraded the game from 0.30-a0-1123-gabc949cf19 to
                  | 0.30-a0-1124-g6e8f0f562f
 83704 | Zot:5    | Noticed a curse toe
 83732 | Zot:5    | Killed a curse toe
 83864 | Zot:5    | Noticed an electric golem
 83865 | Zot:5    | Noticed a dread lich
 83868 | Zot:5    | Noticed an orb of fire
 83886 | Zot:5    | Killed a dread lich
 83892 | Zot:5    | Noticed an orb of fire
 83906 | Zot:5    | Killed an orb of fire
 83906 | Zot:5    | Killed an orb of fire
 83907 | Zot:5    | Reached skill level 16 in Short Blades
 83907 | Zot:5    | Reached skill level 16 in Stealth
 83909 | Zot:5    | Reached skill level 16 in Shields
 83960 | Zot:5    | Noticed a dread lich
 83961 | Zot:5    | Noticed an electric golem
 83961 | Zot:5    | Noticed an ancient lich
 84005 | Zot:5    | Killed a dread lich
 84014 | Zot:5    | Killed an ancient lich
 84108 | Zot:5    | Killed an electric golem
 84366 | Zot:5    | Killed an electric golem
 85722 | Depths:1 | Voluntarily entered the Abyss.
 85936 | Abyss:3  | Found a corrupted altar of Lugonu.
 85986 | Abyss:3  | Found a corrupted altar of Lugonu.
 86176 | Abyss:3  | Found a corrupted altar of Lugonu.
 86304 | Abyss:3  | Paralysed by accursed screaming for 1 turns
 86319 | Abyss:3  | Reached skill level 17 in Stealth
 86338 | Abyss:3  | Reached skill level 17 in Short Blades
 86412 | Depths:1 | You pass through the gate.
 86412 | Depths:1 | Escaped the Abyss
 86561 | Depths:1 | Voluntarily entered the Abyss.
 86782 | Abyss:3  | Paralysed by accursed screaming for 1 turns
 86820 | Abyss:3  | Reached skill level 16 in Armour
 86821 | Abyss:3  | Reached skill level 1 in Earth Magic
 86835 | Abyss:3  | Reached skill level 16 in Dodging
 86921 | Abyss:3  | Found a corrupted altar of Lugonu.
 87017 | Abyss:3  | Found a corrupted altar of Lugonu.
 87084 | Abyss:3  | Reached skill level 2 in Earth Magic
 87180 | Depths:1 | You pass through the gate.
 87180 | Depths:1 | Escaped the Abyss
 87218 | Depths:1 | Voluntarily entered the Abyss.
 87577 | Abyss:3  | Reached skill level 3 in Earth Magic
 87635 | Abyss:3  | Reached skill level 17 in Shields
 87652 | Abyss:3  | Found a hide-covered altar of Uskayaw.
 87803 | Abyss:3  | Learned a level 4 spell: Airstrike
 88327 | Depths:1 | You pass through the gate.
 88327 | Depths:1 | Escaped the Abyss
 88420 | Depths:1 | Learned a level 4 spell: Animate Armour
 88426 | Depths:1 | Learned a level 5 spell: Silence
 88427 | Depths:1 | Voluntarily entered the Abyss.
 88427 | Abyss:3  | Found a broken altar of Ashenzari.
 88427 | Abyss:3  | Found a corrupted altar of Lugonu.
 88548 | Abyss:3  | Reached skill level 4 in Earth Magic
 88839 | Abyss:3  | Reached skill level 1 in Summonings
 88889 | Abyss:3  | Noticed a dread lich
 88938 | Abyss:3  | Killed a dread lich
 88939 | Abyss:3  | Reached skill level 18 in Stealth
 88939 | Abyss:3  | Reached skill level 2 in Summonings
 88975 | Abyss:3  | Reached skill level 18 in Short Blades
 89087 | Depths:1 | You pass through the gate.
 89087 | Depths:1 | Escaped the Abyss
 89090 | Depths:1 | Voluntarily entered the Abyss.
 89090 | Abyss:3  | Found a corrupted altar of Lugonu.
 89165 | Abyss:3  | Reached skill level 5 in Earth Magic
 89212 | Abyss:3  | Reached skill level 11 in Spellcasting
 89284 | Abyss:3  | Reached skill level 3 in Summonings
 89448 | Depths:1 | You pass through the gate.
 89448 | Depths:1 | Escaped the Abyss
 89509 | Depths:1 | Voluntarily entered the Abyss.
 89509 | Abyss:3  | Found a corrupted altar of Lugonu.
 89601 | Abyss:3  | Found a corrupted altar of Lugonu.
 89811 | Abyss:3  | Reached skill level 4 in Summonings
 90018 | Abyss:3  | Reached skill level 6 in Earth Magic
 90336 | Depths:1 | You pass through the gate.
 90336 | Depths:1 | Escaped the Abyss
 90550 | Depths:1 | Voluntarily entered the Abyss.
 90558 | Abyss:3  | Found a corrupted altar of Lugonu.
 90660 | Abyss:3  | Reached skill level 5 in Summonings
 90793 | Depths:1 | You pass through the gate.
 90793 | Depths:1 | Escaped the Abyss
 90815 | Depths:1 | Voluntarily entered the Abyss.
 90826 | Abyss:3  | Found a corrupted altar of Lugonu.
 90993 | Abyss:3  | Found a corrupted altar of Lugonu.
 91007 | Abyss:3  | Identified the +2 tower shield "Honisok" {Will+}
 91057 | Abyss:3  | Reached skill level 7 in Earth Magic
 91066 | Abyss:3  | Found a corrupted altar of Lugonu.
 91125 | Abyss:3  | Found a corrupted altar of Lugonu.
 91134 | Depths:1 | You pass through the gate.
 91134 | Depths:1 | Escaped the Abyss
 91164 | Depths:1 | Voluntarily entered the Abyss.
 91324 | Abyss:3  | Reached skill level 6 in Summonings
 91326 | Abyss:3  | Identified the ring "Wustuomp" {rElec rCorr Slay-4 Stlth+}
 91841 | Abyss:3  | Reached skill level 8 in Earth Magic
 92069 | Abyss:3  | Reached skill level 7 in Summonings
 92282 | Abyss:3  | Reached skill level 19 in Stealth
 92454 | Abyss:3  | Reached skill level 12 in Spellcasting
 92467 | Abyss:3  | Found a stormy altar of Qazlal.
 92619 | Abyss:3  | Reached skill level 9 in Earth Magic
 92766 | Abyss:3  | Reached skill level 8 in Summonings
 92767 | Abyss:3  | Found a corrupted altar of Lugonu.
 92809 | Depths:1 | You pass through the gate.
 92809 | Depths:1 | Escaped the Abyss
 92881 | Depths:1 | Voluntarily entered the Abyss.
 93221 | Depths:1 | You pass through the gate.
 93221 | Depths:1 | Escaped the Abyss
 93323 | Depths:3 | Bought a book of the Moon for 680 gold pieces
 93328 | Depths:3 | Learned a level 4 spell: Passage of Golubria
 93704 | Depths:4 | Bought 3 curare-tipped darts for 43 gold pieces
 93979 | Zig:1    | Entered Level 1 of a ziggurat
 93997 | Zig:2    | Entered Level 2 of a ziggurat
 94030 | Zig:3    | Entered Level 3 of a ziggurat
 94031 | Zig:3    | Noticed a caustic shrike
 94038 | Zig:3    | Killed a caustic shrike
 94053 | Zig:4    | Entered Level 4 of a ziggurat
 94056 | Zig:4    | Noticed a royal mummy
 94071 | Zig:4    | Killed a royal mummy
 94158 | Zig:5    | Entered Level 5 of a ziggurat
 94215 | Zig:6    | Entered Level 6 of a ziggurat
 94277 | Zig:7    | Entered Level 7 of a ziggurat
 94283 | Zig:7    | Found the +5 Lochaber axe {reach-cleave, Poleaxe Drain}
 94302 | Zig:7    | Reached skill level 17 in Dodging
 94311 | Zig:7    | Reached skill level 17 in Armour
 94328 | Zig:7    | Reached skill level 10 in Earth Magic
 94360 | Zig:7    | Identified the +8 glaive of the Shoals {heavy, rPois Str+5}
 94369 | Zig:7    | Got the Enchiridion on Fiery Space
 94373 | Zig:7    | Identified the staff of air "Josut" {Fly rElec rC- Int+3}
 94388 | Zig:8    | Entered Level 8 of a ziggurat
 94404 | Zig:8    | Reached skill level 9 in Summonings
 94417 | Zig:8    | Reached skill level 18 in Shields
 94550 | Zig:8    | Identified the ring "Teickiar" {Fly rPois rN+++ Will-
                  | Str-3}
 94623 | Zig:9    | Entered Level 9 of a ziggurat
 94633 | Zig:9    | Noticed Fotwup the pandemonium lord
 94652 | Zig:9    | Reached skill level 10 in Summonings
 94669 | Zig:9    | Killed Fotwup the pandemonium lord
 94756 | Zig:10   | Entered Level 10 of a ziggurat
 94762 | Zig:10   | Noticed a curse skull
 94765 | Zig:10   | Noticed a curse skull
 94787 | Zig:10   | Killed a curse skull
 94788 | Zig:10   | Killed a curse skull
 94837 | Zig:10   | Identified the +8 quarterstaff of Blood {drain, rElec SInv}
 95105 | Depths:2 | Lost mutation: Your skin changes colour to match your
                  | surroundings (Stealth+). [potion of mutation]
 95105 | Depths:2 | Lost mutation: You are frail. (-10% HP) [potion of
                  | mutation]
 95105 | Depths:2 | Gained mutation: You passively map a small area around you.
                  | [potion of mutation]
 95105 | Depths:2 | Gained mutation: You possess an exceptional clarity of
                  | mind. [potion of mutation]
 95105 | Depths:2 | Gained mutation: Your mind is acute. (Int +4, Str/Dex -1)
                  | [potion of mutation]
 95118 | Depths:2 | Upgraded the game from 0.30-a0-1124-g6e8f0f562f to
                  | 0.30-a0-1157-g2cc9ac7196
 95123 | Depths:2 | Learned a level 4 spell: Animate Dead
 95448 | Tomb:1   | Entered Level 1 of the Tomb of the Ancients
 95505 | Tomb:1   | Reached skill level 1 in Hexes
 95818 | Tomb:1   | Reached skill level 2 in Hexes
 95926 | Tomb:1   | Reached skill level 3 in Hexes
 95967 | Tomb:1   | Reached skill level 20 in Stealth
 95968 | Tomb:1   | Reached skill level 13 in Spellcasting
 95989 | Tomb:1   | Reached skill level 4 in Hexes
 95991 | Tomb:1   | Noticed a royal mummy
 96020 | Tomb:1   | Killed a royal mummy
 96027 | Tomb:1   | Reached skill level 5 in Hexes
 96027 | Tomb:1   | Noticed a royal mummy
 96067 | Tomb:1   | Killed a royal mummy
 96077 | Tomb:1   | Reached skill level 6 in Hexes
 96325 | Tomb:1   | Noticed a royal mummy
 96330 | Tomb:1   | Killed a royal mummy
 96470 | Tomb:1   | Noticed a royal mummy
 96472 | Tomb:1   | Killed a royal mummy
 96473 | Tomb:1   | Reached skill level 7 in Hexes
 97034 | Depths:1 | Reached skill level 8 in Hexes
 97320 | Depths:2 | Upgraded the game from 0.30-a0-1157-g2cc9ac7196 to
                  | 0.30-a0-1160-g6e42c06551
 97481 | Pan      | Entered Pandemonium
 97904 | Pan      | Noticed Oneupy the pandemonium lord
 97906 | Pan      | Reached skill level 9 in Hexes
 97907 | Pan      | Killed Oneupy the pandemonium lord
 98333 | Pan      | Noticed Ducasiw the pandemonium lord
 98350 | Pan      | Killed Ducasiw the pandemonium lord
 98351 | Pan      | Reached skill level 10 in Hexes
 98877 | Pan      | Upgraded the game from 0.30-a0-1160-g6e42c06551 to
                  | 0.30-a0-1161-g0704695555
 99227 | Pan      | Reached skill level 1 in Necromancy
 99300 | Pan      | Reached skill level 11 in Hexes
 99774 | Pan      | Reached skill level 2 in Necromancy
 99850 | Pan      | Found a glowing silver altar of Zin.
 99928 | Pan      | Reached skill level 14 in Spellcasting
100462 | Pan      | Reached skill level 3 in Necromancy
100530 | Pan      | Found a white marble altar of Elyvilon.
100633 | Pan      | Reached skill level 12 in Hexes
100952 | Pan      | Reached skill level 18 in Dodging
101005 | Pan      | Reached skill level 4 in Necromancy
101021 | Pan      | Reached skill level 18 in Armour
101416 | Pan      | Found a glowing golden altar of the Shining One.
101416 | Pan      | Noticed a seraph
101417 | Pan      | Killed a seraph
101418 | Pan      | Reached skill level 5 in Necromancy
101479 | Pan      | Identified the staff of fire "Hajiy" {rElec rF+ Will+ rCorr
                  | MP+9}
101481 | Pan      | Got the Grimoire of the Lungs
101488 | Pan      | Got Taylur's Secrets of Generative Doom
101497 | Pan      | Got a demonic rune of Zot
102448 | Pan      | Reached skill level 19 in Short Blades
102591 | Depths:2 | You pass through the gate.
102591 | Depths:2 | Escaped Pandemonium
102601 | Pan      | Entered Pandemonium
102617 | Pan      | Noticed Ignacio
102619 | Pan      | Killed Ignacio
102620 | Pan      | Reached skill level 6 in Necromancy
102709 | Pan      | Reached skill level 21 in Stealth
102776 | Pan      | Found an exit through the horrors of the Abyss.
102857 | Pan      | Found a runed translucent door.
103209 | Pan      | Reached skill level 7 in Necromancy
103388 | Pan      | Gained mutation: Your spells are a little easier to cast,
                  | but a little less powerful. [a neqoxec]
103472 | Pan      | Noticed Zaum the pandemonium lord
103474 | Pan      | Killed Zaum the pandemonium lord
103493 | Depths:2 | You pass through the gate.
103493 | Depths:2 | Escaped Pandemonium
103714 | Orc:2    | Bought a book of Decay for 420 gold pieces
103722 | Orc:2    | Learned a level 6 spell: Death Channel
103944 | Pan      | Entered Pandemonium
104360 | Pan      | Reached skill level 8 in Necromancy
104485 | Pan      | Gained mutation: You occasionally lose the ability to read
                  | scrolls when taking damage. [a cacodemon]
104493 | Pan      | Reached skill level 17 in Throwing
104632 | Pan      | Noticed Haiczes the pandemonium lord
104645 | Pan      | Killed Haiczes the pandemonium lord
104718 | Pan      | Reached skill level 15 in Spellcasting
104925 | Pan      | Found an exit through the horrors of the Abyss.
105107 | Pan      | Noticed Amot the pandemonium lord
105129 | Pan      | Killed Amot the pandemonium lord
105130 | Pan      | Reached skill level 9 in Necromancy
105326 | Pan      | Found a runed translucent door.
105535 | Pan      | Identified the +1 robe of Bupn {rPois Str+3 Dex-4}
106046 | Pan      | Upgraded the game from 0.30-a0-1161-g0704695555 to
                  | 0.30-a0-1163-gf69bf04e7a
106064 | Pan      | Lost mutation: Your spells are a little easier to cast, but
                  | a little less powerful. [potion of mutation]
106064 | Pan      | Lost mutation: You are clumsy. (Dex -2) [potion of
                  | mutation]
106064 | Pan      | Gained mutation: Your spells are a little easier to cast,
                  | but a little less powerful. [potion of mutation]
106064 | Pan      | Gained mutation: You are vulnerable to heat. (rF-) [potion
                  | of mutation]
106065 | Pan      | Lost mutation: You have a pair of small antennae on your
                  | head. [potion of mutation]
106065 | Pan      | Lost mutation: Your mind is acute. (Int +4, Str/Dex -1)
                  | [potion of mutation]
106065 | Pan      | Lost mutation: Your spells are a little easier to cast, but
                  | a little less powerful. [potion of mutation]
106065 | Pan      | Gained mutation: Your system is resistant to poisons.
                  | (rPois) [potion of mutation]
106066 | Pan      | Lost mutation: You passively map a small area around you.
                  | [potion of mutation]
106066 | Pan      | Lost mutation: You possess an exceptional clarity of mind.
                  | [potion of mutation]
106066 | Pan      | Gained mutation: You are partially covered in large bone
                  | plates. (SH +4) [potion of mutation]
106066 | Pan      | Gained mutation: You are dopey. (Int -2) [potion of
                  | mutation]
106066 | Pan      | Gained mutation: You have hidden genetic potential. [potion
                  | of mutation]
106067 | Pan      | Lost mutation: You occasionally lose the ability to read
                  | scrolls when taking damage. [potion of mutation]
106067 | Pan      | Lost mutation: You have hidden genetic potential. [potion
                  | of mutation]
106067 | Pan      | Lost mutation: You are partially covered in large bone
                  | plates. (SH +4) [potion of mutation]
106067 | Pan      | Gained mutation: You are somewhat resistant to further
                  | mutation. [potion of mutation]
106068 | Pan      | Lost mutation: You are vulnerable to heat. (rF-) [potion of
                  | mutation]
106068 | Pan      | Lost mutation: You are somewhat resistant to further
                  | mutation. [potion of mutation]
106068 | Pan      | Lost mutation: Your system is resistant to poisons. (rPois)
                  | [potion of mutation]
106068 | Pan      | Gained mutation: You occasionally lose the ability to drink
                  | potions when taking damage. [potion of mutation]
106068 | Pan      | Gained mutation: Your spells are a little harder to cast,
                  | but a little more powerful. [potion of mutation]
106068 | Pan      | Gained mutation: Your spells are harder to cast, but more
                  | powerful. [potion of mutation]
106068 | Pan      | Gained mutation: A frigid envelope surrounds you and
                  | freezes all who hurt you. [potion of mutation]
106122 | Pan      | Identified the +0 leather armour of Nakkylai {rF+}
106604 | Pan      | Noticed Yqiahit the pandemonium lord
106643 | Pan      | Killed Yqiahit the pandemonium lord
106644 | Pan      | Reached skill level 10 in Necromancy
107310 | Pan      | Reached skill level 22 in Stealth
107665 | Pan      | Noticed Aceiz the pandemonium lord
107673 | Pan      | Killed Aceiz the pandemonium lord
108080 | Depths:2 | You pass through the gate.
108080 | Depths:2 | Escaped Pandemonium
108256 | Pan      | Entered Pandemonium
108435 | Pan      | Noticed Fadih the pandemonium lord
108439 | Pan      | Reached skill level 11 in Necromancy
108442 | Pan      | Killed Fadih the pandemonium lord
109271 | Depths:2 | You pass through the gate.
109271 | Depths:2 | Escaped Pandemonium
109276 | Pan      | Entered Pandemonium
109324 | Pan      | Reached skill level 19 in Dodging
109372 | Pan      | Reached skill level 19 in Armour
109734 | Pan      | Found a transporter.
109984 | Pan      | Reached skill level 16 in Spellcasting
109984 | Pan      | Reached skill level 12 in Necromancy
110003 | Pan      | Identified the +3 war axe "Ogujuus" {drain, rElec rPois
                  | Int-5 Stlth+}
110225 | Pan      | Found a transporter.
110795 | Pan      | Identified the amulet "Wulub" {Faith +Blink Int-5 Dex+5}
110808 | Pan      | Identified the +7 glaive of Harmony {spect, Str+2}
110815 | Pan      | Identified the staff of conjuration "Kionniog" {Stlth+}
110824 | Pan      | Identified the ring "Xunablohar" {rF+ rN+ Dex-5 Slay+4}
110874 | Pan      | Entered the realm of Gloorx Vloq.
110952 | Pan      | Reached skill level 18 in Throwing
111451 | Pan      | Noticed Gloorx Vloq
111455 | Pan      | Killed Gloorx Vloq
111456 | Pan      | Reached skill level 13 in Necromancy
111460 | Pan      | Noticed a curse skull
111461 | Pan      | Killed a curse skull
111534 | Pan      | Got a dark rune of Zot
111541 | Pan      | Noticed a curse skull
111543 | Pan      | Killed a curse skull
112413 | Pan      | Noticed Odor Gat the pandemonium lord
112421 | Pan      | Killed Odor Gat the pandemonium lord
112433 | Pan      | Reached skill level 14 in Necromancy
113007 | Pan      | Acquired 842 gold pieces
113179 | Pan      | Gained mutation: You are clumsy. (Dex -2) [a neqoxec]
113193 | Pan      | Noticed Xunlukla the pandemonium lord
113196 | Pan      | Killed Xunlukla the pandemonium lord
113230 | Pan      | Identified the +10 rapier of a bailey {speed, rN++ Str+5
                  | Int+2}
113462 | Depths:2 | You pass through the gate.
113462 | Depths:2 | Escaped Pandemonium
113542 | Depths:2 | Learned a level 8 spell: Necromutation
113543 | Pan      | Entered the realm of Lom Lobon.
113543 | Pan      | Entered Pandemonium
114406 | Pan      | Reached skill level 17 in Spellcasting
114559 | Pan      | Noticed Lom Lobon
114868 | Pan      | Killed Lom Lobon
114894 | Pan      | Got a magical rune of Zot
115049 | Pan      | Reached skill level 13 in Transmutations
115732 | Pan      | Found a runed translucent door.
116068 | Pan      | Noticed Xuenex the pandemonium lord
116075 | Pan      | Killed Xuenex the pandemonium lord
116164 | Pan      | Entered the realm of Mnoleg.
116299 | Pan      | Found an exit through the horrors of the Abyss.
116840 | Pan      | Identified the +1 leather armour of Utofiunn {*Slow rF++
                  | rC+++ Regen+ Str-4}
117359 | Pan      | Gained mutation: You are frail. (-10% HP) [a shining eye]
117362 | Pan      | Gained mutation: You are very clumsy. (Dex -4) [a shining
                  | eye]
117456 | Pan      | Gained mutation: Your magical capacity is low. (-10% MP) [a
                  | cacodemon]
117458 | Pan      | Reached skill level 14 in Transmutations
117475 | Pan      | Noticed Mnoleg
117501 | Pan      | Gained mutation: You are weak. (Str -2) [a shining eye]
117504 | Pan      | Killed Mnoleg
117505 | Pan      | Gained mutation: You occasionally shout uncontrollably at
                  | your foes. [a neqoxec]
117532 | Pan      | Reached skill level 15 in Necromancy
117564 | Pan      | Got a glowing rune of Zot
117612 | Pan      | Identified the +8 broad axe of the Lurker {drain, rPois
                  | Int+3}
117695 | Pan      | Lost mutation: You are dopey. (Int -2) [potion of mutation]
117695 | Pan      | Lost mutation: You are very clumsy. (Dex -4) [potion of
                  | mutation]
117695 | Pan      | Lost mutation: You occasionally shout uncontrollably at
                  | your foes. [potion of mutation]
117696 | Pan      | Lost mutation: You occasionally lose the ability to drink
                  | potions when taking damage. [potion of mutation]
117696 | Pan      | Lost mutation: You are weak. (Str -2) [potion of mutation]
117696 | Pan      | Gained mutation: You occasionally lose the ability to read
                  | scrolls when taking damage. [potion of mutation]
117696 | Pan      | Gained mutation: You have a pair of small antennae on your
                  | head. [potion of mutation]
117696 | Pan      | Lost mutation: Your spells are harder to cast, but more
                  | powerful. [potion of mutation]
117696 | Pan      | Gained mutation: You are partially covered in iridescent
                  | scales. (AC +2) [potion of mutation]
117697 | Pan      | Lost mutation: You are partially covered in iridescent
                  | scales. (AC +2) [potion of mutation]
117697 | Pan      | Lost mutation: You are clumsy. (Dex -2) [potion of
                  | mutation]
117697 | Pan      | Lost mutation: You have a pair of small antennae on your
                  | head. [potion of mutation]
117697 | Pan      | Gained mutation: You are weak. (Str -2) [potion of
                  | mutation]
117697 | Pan      | Lost mutation: You are weak. (Str -2) [potion of mutation]
117697 | Pan      | Gained mutation: You possess an exceptional clarity of
                  | mind. [potion of mutation]
117698 | Pan      | Lost mutation: You occasionally lose the ability to read
                  | scrolls when taking damage. [potion of mutation]
117698 | Pan      | Lost mutation: Your magical capacity is low. (-10% MP)
                  | [potion of mutation]
117698 | Pan      | Lost mutation: You possess an exceptional clarity of mind.
                  | [potion of mutation]
117698 | Pan      | Gained mutation: You occasionally lose the ability to drink
                  | potions when taking damage. [potion of mutation]
117698 | Pan      | Gained mutation: Your system is resistant to poisons.
                  | (rPois) [potion of mutation]
118017 | Pan      | Noticed Jisodghu the pandemonium lord
118020 | Pan      | Killed Jisodghu the pandemonium lord
118021 | Pan      | Reached skill level 20 in Armour
118119 | Pan      | Found an exit through the horrors of the Abyss.
118560 | Pan      | Entered the realm of Cerebov.
118580 | Pan      | Reached skill level 20 in Dodging
118898 | Pan      | Found an exit through the horrors of the Abyss.
119180 | Pan      | Found the +6 sword of Cerebov {flame}
119180 | Pan      | Noticed Cerebov
119189 | Pan      | Killed Cerebov
119239 | Pan      | Reached skill level 18 in Spellcasting
119240 | Pan      | Reached skill level 15 in Transmutations
119247 | Pan      | Got a fiery rune of Zot
119340 | Pan      | Identified the +10 hand axe of Vijiw {antimagic, rC+ Int+4}
119370 | Pan      | Identified the +2 hand axe of the Hawk {holy, rElec rN+
                  | Str+3}
119371 | Pan      | Identified the +8 shortbow of Denlam {flame, Drain *Slow
                  | rCorr Str+7}
119415 | Pan      | Identified the +3 long sword of Jexty {antimagic, rC++
                  | Str-3 Int+5 Stlth+}
119420 | Pan      | Got the Papyrus of Contamination and the Boulder
119436 | Pan      | Identified the +2 leather armour "Tirull" {Int+3}
119439 | Pan      | Identified the +0 hat "Seiripn" {Regen+}
119441 | Pan      | Identified the staff of poison "Plog" {Contam rElec rPois
                  | rC++ Dex+2}
119712 | Pan      | Noticed Eniprups the pandemonium lord
119713 | Pan      | Killed Eniprups the pandemonium lord
119854 | Pan      | Found an exit through the horrors of the Abyss.
120466 | Pan      | Found an exit through the horrors of the Abyss.
120569 | Pan      | Identified the +2 rapier of Zompuepp {antimagic, *Rage
                  | Str+6 Dex+4}
120834 | Pan      | Noticed Camoukae the pandemonium lord
120858 | Pan      | Killed Camoukae the pandemonium lord
121129 | Pan      | Noticed Mennas
121143 | Pan      | Found an exit through the horrors of the Abyss.
121164 | Pan      | Killed Mennas
121213 | Pan      | Found a runed translucent door.
121215 | Pan      | Noticed Xifik the pandemonium lord
121224 | Pan      | Found a runed translucent door.
121224 | Pan      | Found a runed translucent door.
121286 | Pan      | Found a runed translucent door.
121294 | Pan      | Killed Xifik the pandemonium lord
121863 | Pan      | Found an exit through the horrors of the Abyss.
121942 | Pan      | Reached skill level 16 in Transmutations
121954 | Pan      | Noticed Icei the pandemonium lord
121956 | Pan      | Killed Icei the pandemonium lord
122028 | Pan      | Identified a +2 robe of resistance
122222 | Pan      | Reached skill level 23 in Invocations
122449 | Depths:2 | You pass through the gate.
122449 | Depths:2 | Escaped Pandemonium
122457 | Pan      | Entered Pandemonium
122546 | Pan      | Found an exit through the horrors of the Abyss.
122578 | Pan      | Reached skill level 19 in Spellcasting
122938 | Pan      | Reached skill level 16 in Necromancy
123205 | Pan      | Noticed Rowkua Tami the pandemonium lord
123206 | Pan      | Killed Rowkua Tami the pandemonium lord
123357 | Pan      | Noticed Piaruc the pandemonium lord
123411 | Pan      | Killed Piaruc the pandemonium lord
124173 | Pan      | Reached skill level 23 in Fighting
124408 | Pan      | Reached skill level 19 in Throwing
124784 | Pan      | Noticed Ditynucw the pandemonium lord
124785 | Pan      | Killed Ditynucw the pandemonium lord
125275 | Pan      | Found an exit through the horrors of the Abyss.
125687 | Pan      | Noticed Ewnohuch the pandemonium lord
125696 | Pan      | Killed Ewnohuch the pandemonium lord
125964 | Pan      | Reached skill level 17 in Necromancy
126079 | Depths:2 | You pass through the gate.
126079 | Depths:2 | Escaped Pandemonium
126120 | Pan      | Entered Pandemonium
126309 | Pan      | Noticed Pottitur the pandemonium lord
126327 | Pan      | Killed Pottitur the pandemonium lord
126341 | Pan      | Reached skill level 20 in Spellcasting
126496 | Pan      | Found an exit through the horrors of the Abyss.
126517 | Pan      | Identified the +0 scale mail "Kevoum" {rPois rF+}
126688 | Pan      | Identified the +0 robe "Dejynaz" {+Blink Will+++ Int+4
                  | Stlth-}
126765 | Pan      | Found an exit through the horrors of the Abyss.
126985 | Pan      | Noticed Daurebogh the pandemonium lord
127021 | Pan      | Killed Daurebogh the pandemonium lord
127531 | Pan      | Noticed Civihuimm the pandemonium lord
127535 | Pan      | Killed Civihuimm the pandemonium lord
127575 | Pan      | Reached skill level 17 in Transmutations
127889 | Pan      | Found an exit through the horrors of the Abyss.
128496 | Pan      | Reached skill level 20 in Throwing
128734 | Pan      | Found an exit through the horrors of the Abyss.
128839 | Pan      | Noticed Pumen the pandemonium lord
128855 | Pan      | Killed Pumen the pandemonium lord
129075 | Pan      | Noticed Sotavvil the pandemonium lord
129076 | Pan      | Killed Sotavvil the pandemonium lord
129535 | Pan      | Reached skill level 21 in Armour
130060 | Pan      | Reached skill level 19 in Shields
130364 | Pan      | Found an exit through the horrors of the Abyss.
131058 | Pan      | Identified the +0 robe "Urufor" {Rampage +Inv Dex-2 Slay+5}
131334 | Pan      | Found an exit through the horrors of the Abyss.
131439 | Pan      | Noticed Fedoclaj the pandemonium lord
131452 | Pan      | Killed Fedoclaj the pandemonium lord
131626 | Pan      | Reached skill level 24 in Invocations
131786 | Pan      | Reached skill level 18 in Necromancy
131974 | Pan      | Acquired 878 gold pieces
132025 | Pan      | Found a huge runed translucent gate.
132405 | Pan      | Found a huge runed translucent gate.
132406 | Pan      | Found a huge runed translucent gate.
132407 | Pan      | Found a huge runed translucent gate.
132408 | Pan      | Found a huge runed translucent gate.
132410 | Pan      | Found a huge runed translucent gate.
132594 | Pan      | Reached skill level 21 in Spellcasting
132636 | Pan      | Found a huge runed translucent gate.
132659 | Pan      | Noticed Wukhlamompi the pandemonium lord
132667 | Pan      | Killed Wukhlamompi the pandemonium lord
132858 | Pan      | Found an exit through the horrors of the Abyss.
132952 | Pan      | Reached skill level 18 in Transmutations
133105 | Pan      | Gained mutation: You are occasionally teleported next to
                  | monsters. [a cacodemon]
133130 | Pan      | Identified the +0 great sword of Honesty {heavy, rC+ rN+
                  | Dex+2}
133283 | Pan      | Noticed Sugg the pandemonium lord
133287 | Pan      | Killed Sugg the pandemonium lord
133303 | Pan      | Identified the +5 mace of Strategic Superiority {freeze,
                  | *Rage rElec SInv}
133355 | Pan      | Lost mutation: A frigid envelope surrounds you and freezes
                  | all who hurt you. [potion of mutation]
133355 | Pan      | Lost mutation: Your spells are a little harder to cast, but
                  | a little more powerful. [potion of mutation]
133355 | Pan      | Gained mutation: You have hidden genetic potential. [potion
                  | of mutation]
133355 | Pan      | Gained mutation: Your mind is acute. (Int +4, Str/Dex -1)
                  | [potion of mutation]
133356 | Pan      | Lost mutation: You have hidden genetic potential. [potion
                  | of mutation]
133356 | Pan      | Lost mutation: Your mind is acute. (Int +4, Str/Dex -1)
                  | [potion of mutation]
133356 | Pan      | Gained mutation: Your magical capacity is low. (-10% MP)
                  | [potion of mutation]
133356 | Pan      | Gained mutation: You are covered in fur. (AC +1) [potion of
                  | mutation]
133357 | Pan      | Lost mutation: Your magical capacity is low. (-10% MP)
                  | [potion of mutation]
133357 | Pan      | Lost mutation: Your system is resistant to poisons. (rPois)
                  | [potion of mutation]
133357 | Pan      | Lost mutation: You are frail. (-10% HP) [potion of
                  | mutation]
133357 | Pan      | Gained mutation: Armour fits poorly on your strangely
                  | shaped body. [potion of mutation]
133357 | Pan      | Gained mutation: You are dopey. (Int -2) [potion of
                  | mutation]
133357 | Pan      | Lost mutation: You are dopey. (Int -2) [potion of mutation]
133358 | Pan      | Lost mutation: You are covered in fur. (AC +1) [potion of
                  | mutation]
133358 | Pan      | Lost mutation: You are occasionally teleported next to
                  | monsters. [potion of mutation]
133358 | Pan      | Lost mutation: Armour fits poorly on your strangely shaped
                  | body. [potion of mutation]
133358 | Pan      | Gained mutation: You are vulnerable to cold. (rC-) [potion
                  | of mutation]
133358 | Pan      | Gained mutation: You are strong-willed. (Will+) [potion of
                  | mutation]
133359 | Pan      | Lost mutation: You are strong-willed. (Will+) [potion of
                  | mutation]
133359 | Pan      | Lost mutation: You occasionally lose the ability to drink
                  | potions when taking damage. [potion of mutation]
133359 | Pan      | Gained mutation: You are robust. (+10% HP) [potion of
                  | mutation]
133430 | Pan      | Noticed Ykayt the pandemonium lord
133432 | Pan      | Killed Ykayt the pandemonium lord
133433 | Pan      | Reached skill level 20 in Shields
134014 | Pan      | Found an exit through the horrors of the Abyss.
134355 | Pan      | Noticed Mipianu the pandemonium lord
134383 | Pan      | Killed Mipianu the pandemonium lord
134786 | Pan      | Reached skill level 24 in Fighting
134909 | Pan      | Acquired 1350 gold pieces
135190 | Pan      | Identified the staff of poison "Eddauz" {rPois Dex+5
                  | Stlth+}
135308 | Pan      | Reached skill level 19 in Necromancy
135872 | Pan      | Noticed Fikhlyr the pandemonium lord
135883 | Pan      | Killed Fikhlyr the pandemonium lord
135954 | Pan      | Found an exit through the horrors of the Abyss.
136038 | Pan      | Reached skill level 19 in Transmutations
136494 | Pan      | Identified the +4 quarterstaff "Ipsinn" {flame, Str+3}
136524 | Pan      | Gained mutation: Your body sometimes deteriorates upon
                  | taking damage. [a cacodemon]
136654 | Pan      | Found an exit through the horrors of the Abyss.
136890 | Pan      | Noticed Lysm the pandemonium lord
136898 | Pan      | Killed Lysm the pandemonium lord
137738 | Pan      | Found a runed translucent door.
137748 | Pan      | Found a runed translucent door.
137814 | Pan      | Found a runed translucent door.
137824 | Pan      | Found a runed translucent door.
138094 | Pan      | Noticed Moum Yju the pandemonium lord
138116 | Pan      | Killed Moum Yju the pandemonium lord
138122 | Pan      | Identified the +1 scale mail of the Stone Wall {rElec
                  | Will+}
138132 | Pan      | Identified the staff of death "Zewaitt" {rPois rN+}
138210 | Depths:2 | You pass through the gate.
138210 | Depths:2 | Escaped Pandemonium
138673 | Pan      | Entered Pandemonium
138976 | Pan      | Reached skill level 20 in Necromancy
139055 | Pan      | Found an exit through the horrors of the Abyss.
139500 | Pan      | Reached skill level 20 in Transmutations
140031 | Pan      | Noticed Pead the pandemonium lord
140063 | Pan      | Killed Pead the pandemonium lord
140064 | Pan      | Reached skill level 22 in Armour
140136 | Pan      | Reached skill level 22 in Spellcasting
141221 | Pan      | Noticed Qufosa the pandemonium lord
141233 | Pan      | Killed Qufosa the pandemonium lord
141503 | Pan      | Found an exit through the horrors of the Abyss.
141851 | Pan      | Found a runed translucent door.
141953 | Pan      | Reached skill level 21 in Necromancy
141955 | Pan      | Noticed Qith the pandemonium lord
141958 | Pan      | Killed Qith the pandemonium lord
142540 | Pan      | Reached skill level 21 in Transmutations
143027 | Pan      | Noticed Geloog the pandemonium lord
143043 | Pan      | Killed Geloog the pandemonium lord
143170 | Pan      | Found a runed translucent door.
143174 | Pan      | Found a runed translucent door.
143178 | Pan      | Found a runed translucent door.
143184 | Pan      | Found a runed translucent door.
143266 | Pan      | Identified a +2 robe of the Archmagi
143585 | Pan      | Noticed Hijampar the pandemonium lord
143621 | Pan      | Killed Hijampar the pandemonium lord
144062 | Pan      | Found an exit through the horrors of the Abyss.
144732 | Pan      | Noticed Vacroath the pandemonium lord
144733 | Pan      | Killed Vacroath the pandemonium lord
144952 | Pan      | Reached skill level 22 in Necromancy
144972 | Pan      | Found an exit through the horrors of the Abyss.
145564 | Pan      | Found a runed translucent door.
145685 | Pan      | Noticed Pan Nekk the pandemonium lord
145686 | Pan      | Killed Pan Nekk the pandemonium lord
146091 | Depths:2 | You pass through the gate.
146091 | Depths:2 | Escaped Pandemonium
146095 | Depths:2 | Upgraded the game from 0.30-a0-1163-gf69bf04e7a to
                  | 0.30-a0-1164-ge08a67761e
146457 | Tomb:1   | Acquired the scarf of the Worm {rC+ rF+, *Corrode Will+
                  | Regen+ Stlth+}
146611 | Tomb:2   | Noticed a royal mummy
146611 | Tomb:2   | Noticed a royal mummy
146630 | Tomb:2   | Killed a royal mummy
146631 | Tomb:2   | Reached skill level 22 in Transmutations
146747 | Tomb:2   | Noticed a royal mummy
146757 | Tomb:2   | Killed a royal mummy
146776 | Tomb:2   | Noticed a royal mummy
146777 | Tomb:2   | Killed a royal mummy
146799 | Tomb:2   | Killed a royal mummy
147087 | Tomb:1   | Noticed a royal mummy
147096 | Tomb:1   | Noticed a royal mummy
147101 | Tomb:1   | Killed a royal mummy
147102 | Tomb:1   | Killed a royal mummy
147181 | Tomb:1   | Noticed a royal mummy
147191 | Tomb:1   | Killed a royal mummy
147192 | Tomb:1   | Reached skill level 23 in Spellcasting
147205 | Tomb:1   | Noticed a royal mummy
147211 | Tomb:1   | Killed a royal mummy
147221 | Tomb:1   | Noticed a royal mummy
147223 | Tomb:1   | Noticed a royal mummy
147232 | Tomb:1   | Killed a royal mummy
147239 | Tomb:1   | Killed a royal mummy
147242 | Tomb:1   | Noticed a royal mummy
147242 | Tomb:1   | Noticed a royal mummy
147254 | Tomb:1   | Killed a royal mummy
147257 | Tomb:1   | Killed a royal mummy
147258 | Tomb:1   | Noticed a royal mummy
147259 | Tomb:1   | Killed a royal mummy
147289 | Tomb:1   | Noticed a royal mummy
147301 | Tomb:1   | Noticed a royal mummy
147305 | Tomb:1   | Killed a royal mummy
147309 | Tomb:1   | Killed a royal mummy
147311 | Tomb:1   | Noticed a royal mummy
147312 | Tomb:1   | Noticed a royal mummy
147318 | Tomb:1   | Killed a royal mummy
147319 | Tomb:1   | Killed a royal mummy
147347 | Tomb:1   | Noticed a royal mummy
147355 | Tomb:1   | Killed a royal mummy
147376 | Tomb:1   | Noticed a royal mummy
147387 | Tomb:1   | Killed a royal mummy
147407 | Tomb:1   | Noticed a royal mummy
147414 | Tomb:1   | Killed a royal mummy
147559 | Tomb:3   | Entered Level 3 of the Tomb of the Ancients
147582 | Tomb:3   | Noticed a royal mummy
147602 | Tomb:3   | Killed a royal mummy
147615 | Tomb:3   | Noticed a royal mummy
147617 | Tomb:3   | Killed a royal mummy
147622 | Tomb:3   | Noticed a royal mummy
147631 | Tomb:3   | Killed a royal mummy
147650 | Tomb:3   | Noticed a royal mummy
147650 | Tomb:3   | Noticed a royal mummy
147664 | Tomb:3   | Killed a royal mummy
147665 | Tomb:3   | Reached skill level 21 in Shields
147676 | Tomb:3   | Killed a royal mummy
147714 | Tomb:3   | Noticed a royal mummy
147717 | Tomb:3   | Killed a royal mummy
147728 | Tomb:3   | Got a golden rune of Zot
147763 | Tomb:3   | Noticed a royal mummy
147777 | Tomb:3   | Killed a royal mummy
147856 | Tomb:3   | Noticed a royal mummy
147858 | Tomb:3   | Killed a royal mummy
147899 | Tomb:3   | Reached skill level 23 in Stealth
147934 | Tomb:3   | Noticed a royal mummy
147941 | Tomb:3   | Killed a royal mummy
147942 | Tomb:3   | Noticed Khufu
147959 | Tomb:3   | Killed Khufu
148049 | Tomb:3   | Identified the +4 flail of Ytzuw {heavy, *Rage rN+ Dex+5}
148053 | Tomb:3   | Identified the +0 morningstar "Fizi" {spect, rElec}
148109 | Tomb:3   | Identified the ring of Wuhyl {Will+ rCorr}
148130 | Tomb:3   | Got the Dissertation on the Flaming Squall
148133 | Tomb:3   | Identified the +1 cloak of the Ego {rCorr Str-4 Dex+4}
148161 | Tomb:3   | Identified the +4 morningstar of the Heavens {spect, rElec
                  | Int+3 Stlth+}
148162 | Tomb:3   | Identified the +5 trident of Rirus {freeze, Fly Str+2 Dex-3
                  | Stlth+}
149033 | Dis:1    | Entered Level 1 of the Iron City of Dis
149062 | Dis:1    | Noticed a caustic shrike
149062 | Dis:1    | Noticed a caustic shrike
149062 | Dis:1    | Noticed a caustic shrike
149062 | Dis:1    | Noticed a caustic shrike
149062 | Dis:1    | Noticed a caustic shrike
149105 | Dis:1    | Killed a caustic shrike
149115 | Dis:1    | Killed a caustic shrike
149117 | Dis:1    | Killed a caustic shrike
149120 | Dis:1    | Killed a caustic shrike
149129 | Dis:1    | Killed a caustic shrike
149231 | Dis:2    | Reached skill level 23 in Armour
149357 | Dis:2    | You fall into a shaft and drop 1 floor!
149654 | Dis:4    | Noticed a caustic shrike
149654 | Dis:4    | Noticed a caustic shrike
149656 | Dis:4    | Noticed a caustic shrike
149657 | Dis:4    | Killed a caustic shrike
149659 | Dis:4    | Killed a caustic shrike
149661 | Dis:4    | Killed a caustic shrike
149667 | Dis:4    | Noticed a caustic shrike
149667 | Dis:4    | Noticed a caustic shrike
149668 | Dis:4    | Noticed a caustic shrike
149668 | Dis:4    | Noticed a caustic shrike
149670 | Dis:4    | Killed a caustic shrike
149686 | Dis:4    | Killed a caustic shrike
149686 | Dis:4    | Noticed a caustic shrike
149696 | Dis:4    | Noticed a caustic shrike
149696 | Dis:4    | Noticed a caustic shrike
149699 | Dis:4    | Killed a caustic shrike
149735 | Dis:4    | Noticed a caustic shrike
149737 | Dis:4    | Killed a caustic shrike
149764 | Dis:4    | Killed a caustic shrike
149765 | Dis:4    | Reached skill level 21 in Throwing
149766 | Dis:4    | Killed a caustic shrike
149770 | Dis:4    | Killed a caustic shrike
149773 | Dis:4    | Killed a caustic shrike
150231 | Dis:5    | Noticed a caustic shrike
150231 | Dis:5    | Noticed a caustic shrike
150231 | Dis:5    | Noticed a caustic shrike
150231 | Dis:5    | Noticed a caustic shrike
150232 | Dis:5    | Killed a caustic shrike
150233 | Dis:5    | Killed a caustic shrike
150234 | Dis:5    | Killed a caustic shrike
150235 | Dis:5    | Killed a caustic shrike
150358 | Dis:5    | Noticed a caustic shrike
150359 | Dis:5    | Noticed a caustic shrike
150360 | Dis:5    | Noticed a caustic shrike
150367 | Dis:5    | Killed a caustic shrike
150368 | Dis:5    | Killed a caustic shrike
150369 | Dis:5    | Killed a caustic shrike
150383 | Dis:5    | Noticed a caustic shrike
150383 | Dis:5    | Noticed a caustic shrike
150398 | Dis:5    | Killed a caustic shrike
150403 | Dis:5    | Killed a caustic shrike
150404 | Dis:5    | Reached skill level 20 in Short Blades
150404 | Dis:5    | Reached skill level 23 in Necromancy
150509 | Dis:6    | Noticed a caustic shrike
150514 | Dis:6    | Killed a caustic shrike
150515 | Dis:6    | Noticed a caustic shrike
150515 | Dis:6    | Noticed a caustic shrike
150526 | Dis:6    | Killed a caustic shrike
150535 | Dis:6    | Killed a caustic shrike
150573 | Dis:6    | Noticed a caustic shrike
150574 | Dis:6    | Noticed a caustic shrike
150575 | Dis:6    | Noticed a caustic shrike
150595 | Dis:6    | Killed a caustic shrike
150597 | Dis:6    | Killed a caustic shrike
150604 | Dis:6    | Killed a caustic shrike
150752 | Dis:7    | Entered Level 7 of the Iron City of Dis
150994 | Dis:7    | Reached skill level 25 in Invocations
151159 | Dis:7    | Noticed a caustic shrike
151162 | Dis:7    | Killed a caustic shrike
151185 | Dis:7    | Reached skill level 23 in Transmutations
151196 | Dis:7    | Noticed a caustic shrike
151199 | Dis:7    | Killed a caustic shrike
151392 | Dis:7    | Noticed a caustic shrike
151396 | Dis:7    | Killed a caustic shrike
151547 | Dis:7    | Noticed a juggernaut
151551 | Dis:7    | Killed a juggernaut
151552 | Dis:7    | Reached skill level 24 in Stealth
151566 | Dis:7    | Identified the +3 war axe of Red Tortfeasance {heavy, rC+
                  | rN+ Will+ Dex-3}
151569 | Dis:7    | Identified the staff of fire "Dodaint" {rF+ MP-9 SInv
                  | Stlth+}
151582 | Dis:7    | Identified the +2 short sword "Exeofo" {flame, Fly rC+
                  | rCorr}
151680 | Dis:7    | Noticed a caustic shrike
151680 | Dis:7    | Noticed a caustic shrike
151680 | Dis:7    | Noticed a caustic shrike
151680 | Dis:7    | Noticed a caustic shrike
151685 | Dis:7    | Killed a caustic shrike
151686 | Dis:7    | Killed a caustic shrike
151688 | Dis:7    | Killed a caustic shrike
151689 | Dis:7    | Killed a caustic shrike
151775 | Dis:7    | Reached skill level 24 in Spellcasting
151946 | Dis:7    | Noticed a caustic shrike
151946 | Dis:7    | Noticed a caustic shrike
151946 | Dis:7    | Noticed a caustic shrike
151946 | Dis:7    | Noticed a caustic shrike
151946 | Dis:7    | Noticed a caustic shrike
151957 | Dis:7    | Killed a caustic shrike
151975 | Dis:7    | Killed a caustic shrike
151975 | Dis:7    | Killed a caustic shrike
151980 | Dis:7    | Killed a caustic shrike
151981 | Dis:7    | Killed a caustic shrike
152106 | Dis:7    | Noticed a caustic shrike
152109 | Dis:7    | Killed a caustic shrike
152177 | Dis:7    | Reached skill level 22 in Shields
152351 | Dis:7    | Noticed a caustic shrike
152358 | Dis:7    | Killed a caustic shrike
152467 | Dis:7    | Noticed the Serpent of Hell
152479 | Dis:7    | Killed the Serpent of Hell
152638 | Dis:7    | Noticed a caustic shrike
152656 | Dis:7    | Killed a caustic shrike
152822 | Dis:7    | Identified the +7 long sword "Fish" {speed, rC+ Str+3
                  | Stlth+}
152822 | Dis:7    | Noticed Dispater
152847 | Dis:7    | Noticed a juggernaut
152858 | Dis:7    | Killed Dispater
152859 | Dis:7    | Killed a juggernaut
152902 | Dis:7    | Got an iron rune of Zot
153648 | Coc:1    | Entered Level 1 of Cocytus
154164 | Coc:3    | Paralysed by a wendigo for 1 turns
154778 | Coc:5    | Reached skill level 24 in Necromancy
155112 | Coc:6    | Noticed a dread lich
155216 | Coc:6    | Killed a dread lich
155220 | Coc:6    | Reached skill level 24 in Transmutations
155479 | Coc:7    | Entered Level 7 of Cocytus
155484 | Coc:7    | Upgraded the game from 0.30-a0-1164-ge08a67761e to
                  | 0.31-a0-1-g4198be8af4
155518 | Coc:7    | Reached skill level 24 in Armour
155980 | Coc:7    | Paralysed by a wendigo for 1 turns
156053 | Coc:7    | Reached skill level 22 in Throwing
156112 | Coc:7    | Reached skill level 19 in Evocations
156229 | Coc:7    | Noticed Antaeus
156348 | Coc:7    | Killed Antaeus
156414 | Coc:7    | Got an icy rune of Zot
156462 | Coc:7    | Identified the staff of poison "Boghokon" {Contam rElec
                  | rPois Will++ Dex+3}
156465 | Coc:7    | Identified the staff of poison "Echarph" {*Slow Fly rElec
                  | rPois Stlth+}
156777 | Tar:1    | Entered Level 1 of Tartarus
157298 | Tar:3    | You fall into a shaft and drop 1 floor!
157495 | Tar:4    | Reached skill level 25 in Spellcasting
157652 | Tar:4    | Reached skill level 26 in Invocations
158299 | Tar:7    | Entered Level 7 of Tartarus
158654 | Tar:7    | Reached skill level 25 in Fighting
158897 | Tar:7    | Noticed Ereshkigal
158904 | Tar:7    | Killed Ereshkigal
158950 | Tar:7    | Got a bone rune of Zot
159110 | Tar:7    | Identified the +3 mace of Tumult {heavy, Str+6 Stlth-}
159158 | Tar:7    | Noticed a dread lich
159177 | Tar:7    | Noticed a dread lich
159183 | Tar:7    | Killed a dread lich
159191 | Tar:7    | Noticed a dread lich
159192 | Tar:7    | Killed a dread lich
159198 | Tar:7    | Killed a dread lich
159272 | Tar:7    | Identified the amulet of Jaesizxo {Spirit Str+2}
159278 | Tar:7    | Identified the ring of the Voracious God {rF+ Int+4 Slay+3
                  | Stlth+}
159282 | Tar:7    | Identified the staff of earth "Faeklep" {rF- Int+5}
159474 | Tar:7    | Identified the +1 dire flail of the Water Diviner {freeze,
                  | rPois Will- rCorr Str+7}
159573 | Tar:7    | Reached skill level 25 in Stealth
159643 | Tar:7    | Identified the ring of Usitabeu {Will+ rCorr Int+2 Stlth-}
159646 | Tar:7    | Identified the staff of cold "Letuagol" {rC+ Str+2 Int-2
                  | SInv}
159650 | Tar:7    | Identified the +2 rapier "Lifebane" {spect, rF- rCorr
                  | Str+6}
159651 | Tar:7    | Identified the +0 hand axe of Zank {venom, rN+ SInv}
159880 | Geh:1    | Entered Level 1 of Gehenna
160206 | Geh:2    | Noticed a dread lich
160211 | Geh:2    | Killed a dread lich
160226 | Geh:2    | Found a runed translucent gate.
160226 | Geh:2    | Found a runed translucent gate.
160226 | Geh:2    | Found a runed translucent gate.
160226 | Geh:2    | Found a runed translucent gate.
160226 | Geh:2    | Found a runed translucent gate.
160227 | Geh:2    | Found a runed translucent gate.
160227 | Geh:2    | Found a runed translucent gate.
160227 | Geh:2    | Found a runed translucent gate.
160392 | Geh:2    | Found a runed translucent gate.
160392 | Geh:2    | Found a runed translucent gate.
160393 | Geh:2    | Found a runed translucent gate.
160393 | Geh:2    | Found a runed translucent gate.
160602 | Geh:3    | Reached skill level 20 in Evocations
161582 | Geh:6    | Reached skill level 21 in Short Blades
161842 | Geh:7    | Entered Level 7 of Gehenna
162467 | Geh:7    | Identified the ring of Maezidop {MP+9 Dex+2}
162550 | Geh:7    | Identified the ring "Yleoz" {rC+ Int+6}
162652 | Geh:7    | Identified the +10 spear "Jiunk" {flame, SInv Stlth+}
162653 | Geh:7    | Identified the +6 hand axe of Eggiwk {antimagic, Int+2
                  | Dex+3 SInv}
162723 | Geh:7    | Identified the +3 leather armour of Patience {-Tele rC+++
                  | Str+4}
162755 | Geh:7    | Reached skill level 21 in Dodging
162925 | Geh:7    | Found the +13 sceptre of Asmodeus
162925 | Geh:7    | Noticed Asmodeus
162929 | Geh:7    | Reached skill level 27 in Invocations
162936 | Geh:7    | Killed Asmodeus
162967 | Geh:7    | Got an obsidian rune of Zot
163334 | Zot:5    | Got the Orb of Zot
163523 | Depths:4 | Reached skill level 26 in Spellcasting
163594 | Depths:1 | Noticed Ipso the pandemonium lord
163594 | Depths:1 | Noticed an ancient lich
163835 | D:7      | Noticed Sunel the pandemonium lord
163969 | D:$      | Escaped with the Orb!

Vanquished Creatures
  Cerebov (Pan)
  Antaeus (Coc:7)
  the Royal Jelly (Slime:5)
  Ereshkigal (Tar:7)
  Gloorx Vloq (Pan)
  Asmodeus (Geh:7)
  the Serpent of Hell (Dis:7)
  Ignacio (Pan)
  Lom Lobon (Pan)
  Mnoleg (Pan)
  A seraph (Pan)
  8 dread liches (Zot:5 Abyss:3 Coc:6 Tar:7 Geh:2)
  Dispater (Dis:7)
  Khufu (Tomb:3)
  6 orbs of fire (Zot:2 Zot:4 Zot:5)
  5 ancient liches (Vaults:5 Abyss:2 Zot:3 Zot:5)
  Mennas (Pan)
  3 juggernauts (Depths:3 Dis:7)
  Josephina (Zot:2)
  Sojobo (Crypt:1)
  The ghost of Dazeapy the Impregnable, a veteran DDBe of Trog (Elf:2)
  Frederick (Vaults:3)
  The ghost of Uroast the Impregnable, a veteran MiGl of Hepliaklqana (Crypt:1)
  32 royal mummies (Zig:4 Tomb:1 Tomb:2 Tomb:3)
  The ghost of Houmnergh the Opulent, a master GnTm of Gozag (Crypt:1)
  9 Killer Klowns (Zot:4 Zot:5)
  The ghost of Qiokh the Slayer, a veteran MiBe of Trog (Elf:2)
  19 shard shrikes (Coc:3 Coc:5 Coc:6 Coc:7)
  A curse toe (Zot:5)
  10 golden dragons (Depths:2 Depths:4 Vaults:5 Zot:2 Zot:4)
  The ghost of Heg Cuhi the Slayer, an adept MiFi of Okawaru (Elf:2)
  41 pandemonium lords (Zig:9 Pan)
  41 caustic shrikes (Zig:3 Dis:1 Dis:4 Dis:5 Dis:6)
  Geryon (Hell)
  Nikola (Depths:1)
  9 profane servitors (Abyss:2 Abyss:3 Depths:1 Tar:3 Tar:7)
  35 bone dragons (Abyss:1 Abyss:2 Abyss:3 Hell Tar:6)
  Arachne (Spider:3)
  3 pearl dragons (Abyss:3 Pan)
  14 doom hounds (Crypt:1 Tar:4 Tar:5 Tar:7)
  34 Brimstone Fiends (Pan Geh:2 Geh:3 Geh:5 Geh:7)
  26 Tzitzimimeh (Zig:9 Pan Tar:7)
  The ghost of Dugafar the Warrior, an adept GrFi of Cheibriados (Crypt:1)
  The ghost of Dugafar the Warrior, an adept GrFi of Cheibriados (Crypt:1)
  The ghost of Goociwk the Warrior, an adept GrFi of Cheibriados (Crypt:1)
  The ghost of Weuw the Warrior, an adept GrFi of Cheibriados (Crypt:1)
  3 electric golems (Zot:3 Zot:5)
  3 shard shrike zombies (Crypt:1 Crypt:3 Tar:7)
  12 iron giants (Dis:7)
  61 Hell Sentinels (Abyss:3 Zig:9 Pan Dis:2 Dis:3)
  17 hellephants (Abyss:2 Abyss:3 Zig:8 Pan Geh:2)
  Rupert (D:13)
  Jorgrun (D:14)
  2 spectral shard shrikes (Tar:2)
  25 tentacled monstrosities (Depths:3 Vaults:5 Abyss:2 Abyss:3 Zot:1)
  37 Ice Fiends (IceCv Pan Coc:4 Coc:5 Coc:6)
  18 liches (Depths:3 Crypt:1 Vaults:5 Abyss:2 Abyss:3)
  A shard shrike skeleton (Abyss:3)
  Mlioglotl (Swamp:3)
  A walking frostbound tome (Depths:1)
  25 searing wretches (Zig:8 Geh:3 Geh:4 Geh:5 Geh:6)
  14 titans (Vaults:5 Depths:1 Pan Coc:6 Coc:7)
  A walking crystal tome (Depths:3)
  A walking divine tome (Depths:4)
  24 Orb Guardians (Zot:5 Depths:4)
  2 deep elf master archers (Elf:3 Zig:5)
  4 quicksilver dragons (Zot:1 Zot:2 Zot:4)
  Grunn (Crypt:1)
  23 acid blobs (Slime:1 Slime:2 Slime:3 Slime:4 Slime:5)
  17 tainted leviathans (Tar:4 Tar:5 Tar:6 Tar:7)
  Asterion (Depths:1)
  A deep elf blademaster (Elf:3)
  54 tentacled starspawn (Abyss:1 Abyss:2 Abyss:3 Abyss:4)
  51 Executioners (Abyss:3 Zig:9 Pan)
  28 ancient champions (Crypt:1 Crypt:2 Crypt:3 Hell Zig:10)
  4 death cobs (Zot:2 Zot:3 Zot:5)
  18 sphinxes (D:11 Vaults:1 Vaults:2 Vaults:4 Depths:3)
  18 storm dragons (Depths:4 Vaults:5 Zot:1 Zot:2 Zot:3)
  The ghost of Yakesh the Executioner, an adept MiFi of Gozag (Elf:2)
  2 thorn hunters (Swamp:4)
  9 tengu reavers (Vaults:4 Depths:2 Depths:3 Crypt:1 Vaults:5)
  18 shadow dragons (Depths:4 Vaults:5 Zot:1 Zot:2 Zot:4)
  4 draconian monks (Zot:1 Zot:2 Zot:4 Depths:1)
  Kirke (D:13)
  Agnes (Elf:1)
  4 fenstrider witches (Swamp:2 Swamp:4)
  8 revenants (Crypt:1 Crypt:2 Abyss:1 Abyss:3 Zig:10)
  14 azure jellies (Slime:1 Slime:2 Slime:3 Slime:4 Slime:5)
  10 narguns (Coc:1 Coc:3 Coc:4 Coc:5 Coc:6)
  6 emperor scorpions (Spider:2 Spider:4)
  Donald (Spider:2)
  7 frost giants (D:11 Depths:2 Depths:4 Vaults:5 Depths:1)
  19 rockslimes (Slime:1 Slime:2 Slime:3 Slime:4 Slime:5)
  26 vault wardens (Vaults:2 Vaults:3 Vaults:4 Vaults:5)
  The ghost of Buxus the Stormcaller, a journeyman DrAE of Vehumet (Swamp:1)
  3 draconian scorchers (Zot:1 Zot:4)
  3 draconian knights (Zot:1 Zot:4)
  Louise (Spider:2)
  2 quicksilver elementals (Dis:3 Dis:5)
  5 iron dragons (Depths:3 Vaults:5 Hell Dis:3)
  19 fire giants (D:11 Depths:1 Depths:2 Depths:4 Vaults:5)
  25 daevas (Abyss:2 Abyss:3 Pan)
  35 demonspawn warmongers (Pan)
  The ghost of Baunymm the Basher, a journeyman DsBe of Trog (Elf:2)
  14 shard shrike simulacra (Abyss:3 Coc:2 Coc:3 Coc:4 Coc:5)
  3 caustic shrike zombies (Crypt:3 Dis:7 Tar:7)
  Aizul (Spider:2)
  8 deep elf sorcerers (Elf:3 Vaults:5 Abyss:3)
  82 balrugs (Hell Abyss:3 Zig:8 Pan Geh:2)
  3 spectral juggernauts (Tar:5)
  15 ghost moths (Spider:2 Spider:3 Spider:4 Zot:3 Zot:4)
  5 spectral caustic shrikes (Tar:2 Tar:5)
  9 draconian shifters (Zot:1 Zot:2 Zot:4 Zot:5 Abyss:3)
  8 deep elf elementalists (Elf:3)
  17 ghouls (Vaults:2 Crypt:1 Crypt:2 Crypt:3 Zig:10)
  6 curse skulls (Crypt:3 Zig:10 Pan)
  64 cacodemons (Abyss:2 Abyss:3 Zig:9 Pan)
  2 orc warlords (Orc:1 Vaults:4)
  4 draconian stormcallers (Depths:4 Zot:2 Zot:4 Abyss:3)
  17 ironbound preservers (Vaults:1 Vaults:2 Vaults:3 Vaults:5)
  34 demonspawn corrupters (Pan Depths:2)
  9 draconian annihilators (Zot:1 Zot:2 Zot:5 Abyss:3 Pan)
  9 ironbound thunderhulks (Vaults:2 Vaults:3 Vaults:4)
  28 demonspawn blood saints (Pan)
  3 broodmothers (Spider:4)
  22 ophanim (Abyss:2 Abyss:3 Pan)
  49 reapers (Abyss:2 Hell Abyss:3 Zig:10 Pan)
  33 apis (Pan)
  28 elemental wellsprings (Coc:1 Coc:2 Coc:3 Coc:4 Coc:5)
  18 stone giants (D:11 Depths:1 Depths:2 Depths:4 Vaults:5)
  27 angels (Zot:4 Pan)
  12 quicksilver oozes (Slime:1 Slime:4 Slime:5)
  2 spriggan defenders (Depths:2 Depths:1)
  3 black draconians (Depths:4 Zot:1 Zot:4)
  A starflower (Abyss:3)
  21 war gargoyles (Vaults:5 Hell Dis:1 Dis:3 Dis:4)
  62 very ugly things (Swamp:1 IceCv Depths:1 Depths:2 Depths:4)
  A juggernaut skeleton (Tar:7)
  20 vampire knights (Depths:1 Depths:2 Crypt:1 Crypt:2 Crypt:3)
  A green draconian (Zot:4)
  4 bunyips (Swamp:1 Swamp:2 Swamp:3 Abyss:3)
  4 deep elf demonologists (Elf:3 Abyss:3)
  69 lorocyprocas (Hell Zig:9 Pan)
  16 bennus (Tomb:1 Tomb:2 Tomb:3)
  13 deep elf annihilators (Elf:1 Elf:3 Vaults:2 Vaults:5 Pan)
  13 putrid mouths (Hell Tar:1 Tar:2 Tar:4 Tar:6)
  A minotaur (Gauntlet)
  45 demonspawn black suns (Zig:9 Pan Depths:2)
  12 red draconians (Zot:1 Zot:2 Zot:4 Zot:5)
  15 purple draconians (Depths:4 Abyss:2 Zot:1 Zot:2 Zot:3)
  6 eleionomae (Swamp:1 Swamp:3 Swamp:4 Abyss:3)
  14 dire elephants (Vaults:1 Vaults:2 Vaults:4)
  A minotaur (shapeshifter) (Vaults:5)
  Azrael (D:12)
  4 spark wasps (Spider:4 Depths:2 Depths:4)
  12 yellow draconians (Zot:1 Zot:2 Zot:3 Zot:4)
  18 wendigos (Coc:1 Coc:3 Coc:4 Coc:5 Coc:7)
  16 eidola (Crypt:1 Crypt:2 Crypt:3 Zig:10 Tar:2)
  9 white draconians (Depths:4 Zot:1 Zot:3 Zot:4 Zot:5)
  15 ettins (Depths:1 Depths:2 Depths:3 Depths:4 Vaults:5)
  80 blizzard demons (Abyss:2 Abyss:3 Zig:9 Pan)
  5 deep elf death magi (Elf:1 Elf:3 Vaults:5)
  19 iron golems (Dis:2 Dis:3 Dis:4 Dis:5 Dis:6)
  A spectral quicksilver dragon (Tar:5)
  28 mummy priests (Zig:4 Tomb:1 Tomb:2 Tomb:3)
  42 green deaths (Abyss:2 Hell Abyss:3 Pan)
  A merfolk javelineer (Zig:5)
  19 jiangshi (Crypt:1 Crypt:2 Crypt:3 Abyss:3)
  16 yaktaur captains (Vaults:1 Vaults:2 Vaults:3 Vaults:4 Vaults:5)
  A crystal guardian (Abyss:3)
  3 quicksilver dragon zombies (Crypt:3 Abyss:3 Tar:7)
  7 fire dragons (D:11 Volcano D:15 Depths:1 Depths:4)
  3 spectral spriggans (Tar:1 Tar:5)
  17 hydras (Lair:2 Lair:3 Lair:5 D:14 Swamp:4)
  The ghost of voltaire321 the Covert, a journeyman OpBr of Nemelex Xobeh (Lair:1)
  2 merfolk impalers (Zig:7)
  12 great orbs of eyes (Vaults:3 Vaults:4 Slime:3 Slime:4 Slime:5)
  6 entropy weavers (Spider:1 Spider:2 Spider:3 Vaults:3)
  3 deep elf high priests (Elf:1 Elf:3 Vaults:5)
  5 ice dragons (Depths:1 Depths:3 Depths:4 Coc:7)
  A shambling mangrove (Swamp:4)
  5 spriggan zombies (Crypt:3 Abyss:3 Tomb:1 Tar:7)
  A quicksilver dragon skeleton (Abyss:3)
  A spriggan air mage (Depths:2)
  13 caustic shrike simulacra (Abyss:1 Coc:1 Coc:2 Coc:3 Coc:4)
  7 rakshasas (D:14 Depths:2 Abyss:3 Pan)
  21 hell beasts (Hell Pan D:14)
  Fannar (Lair:1)
  Erolcha (D:9)
  3 ghost crabs (Swamp:4)
  20 salamander tyrants (Zig:8 Geh:1 Geh:2 Geh:3 Geh:4)
  49 vault guards (D:14 Vaults:2 Vaults:3 Vaults:4 Vaults:5)
  4 catoblepae (Lair:2 Lair:3 Abyss:3)
  A peacekeeper (Vaults:4)
  8 juggernaut simulacra (Depths:2 Pan Coc:4 Coc:5 Coc:7)
  The ghost of BubbleThief the Basher, a novice NaCA of Ignis (D:11)
  A spectral stone giant (Tar:2)
  A merfolk avatar (Zig:7)
  10 ironbound frosthearts (Vaults:1 Vaults:2 Vaults:3 Vaults:4)
  An anaconda (Swamp:2)
  4 ogre magi (D:11 Vaults:5)
  2 boulder beetles (Vaults:2 Zig:3)
  A merfolk aquamancer (Zig:7)
  4 stokers (Geh:4 Geh:7)
  An anaconda (shapeshifter) (Zot:4)
  2 spriggan skeletons (Abyss:3 Pan)
  3 radroaches (Spider:2 Spider:3 Spider:4)
  25 dancing weapons (Elf:1 Elf:2 Elf:3 Crypt:3 Abyss:3)
  8 alligators (Swamp:1 Swamp:2 Swamp:3)
  A fenstrider witch skeleton (Crypt:1)
  A jorogumo (Spider:3)
  2 naga warriors (Abyss:2 Abyss:3)
  21 centaur warriors (D:14 D:15 Vaults:2 Vaults:3)
  2 death knights (D:11 Crypt:1)
  16 death scarabs (Tomb:2 Tomb:1 Tomb:3)
  3 deep troll earth magi (Depths:2 Depths:4 Vaults:5)
  The ghost of ShinQuickMan the Eclecticist, a journeyman DECj of Ashenzari (Lair:1)
  7 two-headed ogres (D:8 D:11 Orc:2 Vaults:5)
  9 deep troll shamans (Depths:1 Depths:2 Depths:3 Depths:4)
  4 tengu warriors (D:14 Depths:1 Depths:2)
  10 vampire magi (Vaults:2 Crypt:1 Crypt:3 Abyss:3)
  44 thrashing horrors (Abyss:1 Abyss:2 Abyss:3 Depths:1)
  5 orc high priests (Orc:2)
  2 naga sharpshooters (Zig:5)
  52 hell hogs (Hell Abyss:3 Geh:1 Geh:2 Geh:4)
  4 shock serpents (Abyss:3 Pan)
  145 soul eaters (Crypt:2 Crypt:3 Hell Abyss:3 Zig:10)
  3 spriggan berserkers (Swamp:4 Depths:1)
  A spectral dire elephant (Tar:3)
  A spectral naga (Tar:5)
  Amaemon (Lair:1)
  7 hell knights (Hell)
  227 sun demons (Abyss:2 Hell Abyss:3 Pan)
  19 deep elf knights (Elf:1 Elf:2 Elf:3)
  38 shadow wraiths (Crypt:3 Abyss:3 Zig:10 Pan Tar:1)
  6 iron trolls (Depths:2 Depths:3)
  A skyshark (shapeshifter) (Elf:1)
  7 crystal echidnas (Dis:3 Dis:4 Dis:7)
  A titan skeleton (Pan)
  38 wretched stars (Abyss:1 Abyss:2 Abyss:3)
  2 death drakes (Abyss:3)
  3 sun moths (Spider:4)
  75 sixfirhies (Abyss:2 Abyss:3 Depths:1 Pan)
  50 skeletal warriors (D:12 Crypt:2 Crypt:3 Hell Tomb:1)
  5 goliath frogs (Swamp:1 Swamp:3 Swamp:4)
  10 pharaoh ants (Spider:1 Spider:2 Spider:3 Spider:4 Abyss:3)
  An iron giant zombie (Crypt:3)
  An orb spider (shapeshifter) (Depths:2)
  A spectral bunyip (Tar:1)
  19 cherubim (Pan)
  43 deep trolls (Vaults:1 Vaults:2 Vaults:3 Depths:1 Depths:2)
  10 orb spiders (Spider:1 Spider:2 Spider:3 Spider:4)
  70 shadow demons (Hell Abyss:3 Zig:9 Pan Depths:2)
  9 flayed ghosts (Crypt:1 Crypt:2 Abyss:2 Hell Abyss:3)
  A swamp dragon (shapeshifter) (Abyss:3)
  9 bog bodies (Swamp:1 Swamp:2 Swamp:4 Abyss:3)
  13 glowing orange brains (Depths:1 Depths:2 Depths:4 Slime:3 Slime:4)
  5 spatial maelstroms (Abyss:2 Abyss:3)
  12 quicksilver dragon simulacra (Abyss:3 Coc:2 Coc:3 Coc:4 Coc:6)
  3 spriggan druids (Swamp:2 Swamp:4)
  2 bunyip zombies (Tomb:3)
  17 deep elf archers (Elf:1 Elf:2 Elf:3)
  6 anaconda zombies (Crypt:3 Hell Tomb:2 Tomb:3 Tar:7)
  11 spriggan simulacra (IceCv Depths:2 Abyss:3 Coc:2 Coc:7)
  A sea snake (shapeshifter) (Depths:3)
  A spectral iron dragon (Tar:5)
  An obsidian statue (IceCv)
  An orange crystal statue (IceCv)
  23 ironbound convokers (Vaults:1 Vaults:2 Vaults:3 Vaults:4 Vaults:5)
  6 lindwurms (Volcano Vaults:1 Vaults:2)
  9 swamp dragons (Swamp:1 Swamp:4)
  14 wizards (Vaults:1 Vaults:2 Vaults:3 Vaults:4 Depths:1)
  An iron giant skeleton (Tar:7)
  2 shadow dragon zombies (Depths:2 Tomb:2)
  29 phantasmal warriors (Vaults:2 Vaults:4 Depths:1 Crypt:1 Crypt:2)
  2 fenstrider witch simulacra (Crypt:1 Coc:1)
  A mana viper (Abyss:3)
  9 steelbarb worms (Spider:1 Spider:2 Spider:3 Spider:4)
  A mana viper (shapeshifter) (Depths:4)
  2 bunyip skeletons (Crypt:1 Crypt:3)
  28 deep elf pyromancers (D:13 D:14 D:15 Elf:1 Elf:2)
  11 shining eyes (Slime:2 Slime:5 Abyss:3 Pan)
  86 starcursed masses (Abyss:1 Abyss:2 Abyss:3 Abyss:4)
  35 deep elf zephyrmancers (Elf:1 Elf:2 Elf:3)
  13 orc knights (Orc:2 D:11 Vaults:4 Vaults:5)
  An eleionoma zombie (Crypt:3)
  53 ugly things (D:12 D:15 Swamp:1 Vaults:1 Vaults:2)
  A shadow dragon skeleton (Abyss:2)
  3 death scarab zombies (Tomb:1 Tomb:3)
  A goliath frog zombie (Crypt:1)
  5 necromancers (Depths:1 Depths:2 Crypt:1 Abyss:3)
  23 wolf spiders (Spider:1 Spider:2 Spider:3 Spider:4)
  2 orc sorcerers (Orc:2 Abyss:3)
  8 harpies (D:11 Vaults:2 Vaults:5 Abyss:3)
  11 will-o-the-wisps (Swamp:2 Swamp:3 Swamp:4 Abyss:2 Abyss:3)
  5 manticores (D:12 D:14 D:15 Zig:7)
  5 cyclopes (D:11 D:12 D:15)
  A salamander (shapeshifter) (D:13)
  3 spectral ettins (Tar:1 Tar:2 Tar:3)
  A fire giant skeleton (Zig:4)
  32 moths of wrath (Gauntlet Spider:1 Spider:4 Zot:1 Zot:2)
  18 worldbinders (Abyss:1 Abyss:2 Abyss:3)
  A sphinx skeleton (Depths:2)
  3 elephants (Lair:5)
  An iron dragon skeleton (Abyss:3)
  5 black mambas (Lair:1 Lair:4 Lair:5 Swamp:2)
  A frost giant skeleton (Depths:1)
  An elephant (shapeshifter) (Vaults:4)
  23 vault sentinels (Vaults:1 Vaults:2 Vaults:3 Vaults:4 Vaults:5)
  2 stone giant skeletons (Abyss:2 Pan)
  5 ice statues (Pan)
  A dire elephant zombie (Crypt:3)
  70 demonic crawlers (Spider:1 Spider:2 Spider:3 Abyss:3 Pan)
  6 guardian serpents (Depths:2 Abyss:2 Abyss:3)
  24 rust devils (Hell Abyss:3 Pan D:1)
  5 titan simulacra (Coc:4 Coc:7)
  3 centaur zombies (Crypt:3 Abyss:2 Abyss:3)
  109 orange demons (Lair:1 Abyss:2 Abyss:3 Pan)
  An unseen horror (shapeshifter) (D:13)
  A naga mage (Abyss:2)
  10 eyes of devastation (Slime:2 Slime:5 Abyss:3 Zig:6 Pan)
  2 water nymphs (Zig:7)
  9 apocalypse crabs (Abyss:1 Abyss:2 Abyss:3)
  211 smoke demons (Volcano Abyss:1 Abyss:2 Abyss:3 Hell)
  74 hellions (Abyss:2 Hell Abyss:3 Zig:8 Pan)
  14 molten gargoyles (Hell Geh:7)
  An alligator snapping turtle zombie (Crypt:1)
  2 naga skeletons (Crypt:1 Pan)
  6 torpor snails (Spider:1 Spider:2 Spider:3 Zig:3)
  Maggie (D:6)
  2 kobold demonologists (D:12 Abyss:3)
  5 centaur skeletons (Tomb:1 Pan)
  A spark wasp simulacrum (Depths:1)
  11 unseen horrors (D:12 Depths:1 Abyss:1 Abyss:2 Abyss:3)
  6 cane toads (Lair:1 Lair:2 Lair:4 Lair:5)
  An emperor scorpion simulacrum (Tomb:3)
  3 rime drakes (Lair:1 Lair:4 Lair:5)
  A black draconian zombie (Crypt:1)
  2 dire elephant skeletons (Abyss:2 Abyss:3)
  19 freezing wraiths (IceCv Crypt:1 Crypt:2 Vaults:5 Abyss:1)
  A grey draconian zombie (Crypt:1)
  A green draconian skeleton (Crypt:2)
  59 yaktaurs (D:15 Vaults:2 Vaults:3 Vaults:4 Vaults:5)
  7 komodo dragons (Lair:1 Lair:2 Lair:3)
  42 ancient zymes (Abyss:1 Abyss:2 Abyss:3)
  4 iron giant simulacra (Coc:4 Coc:5 Coc:7)
  4 bunyip simulacra (Abyss:2 Coc:1 Coc:2)
  3 anaconda simulacra (IceCv Coc:5)
  13 efreet (D:14 Abyss:2 Zot:2 Abyss:3 Pan)
  63 tormentors (Abyss:2 Abyss:3 Zig:8 Pan Dis:2)
  A tengu conjurer (Depths:1)
  33 guardian mummies (Zig:2 Zig:4 Tomb:1 Tomb:2 Tomb:3)
  2 golden dragon simulacra (IceCv Coc:5)
  A queen bee (shapeshifter) (Vaults:5)
  A spectral harpy (Tar:2)
  61 hellwings (Abyss:2 Abyss:3 Pan)
  A yellow draconian skeleton (Crypt:2)
  22 ice devils (IceCv Hell Pan)
  A pale draconian skeleton (Crypt:3)
  25 red devils (Pan)
  A silent spectre (Tar:5)
  5 trolls (Orc:2 D:14 D:13 Vaults:5)
  2 hydra zombies (Hell Tar:7)
  2 harpy skeletons (Abyss:1 Tomb:2)
  6 harpy zombies (Crypt:2 Crypt:3 Abyss:3 Tomb:2)
  4 polar bears (Lair:2 Lair:5 Vaults:3)
  9 tyrant leeches (Swamp:1 Swamp:2 Swamp:3 Swamp:4)
  17 hornets (D:9 Lair:5 Swamp:1 Swamp:2 Swamp:3)
  2 iron troll skeletons (Crypt:1 Crypt:2)
  11 merfolk (Zig:7)
  11 tarantellas (Spider:1 Spider:3 Spider:4)
  A wolf spider simulacrum (D:14)
  4 hydra skeletons (Hell)
  A queen bee (D:10)
  An ettin zombie (Abyss:3)
  A snapping turtle (shapeshifter) (Vaults:5)
  A tarantella zombie (Crypt:2)
  78 raiju (Gauntlet Abyss:1 Abyss:2 Abyss:3)
  38 blink frogs (Lair:3 Lair:4 Lair:5 Abyss:1 Abyss:3)
  A stone giant simulacrum (Abyss:3)
  An alligator zombie (Hell)
  A blink frog (shapeshifter) (Zot:4)
  A snapping turtle (Zig:7)
  2 iron dragon simulacra (Coc:1 Coc:4)
  10 dream sheep (Lair:4)
  149 slime creatures (D:11 D:12 Vaults:1 Vaults:2 Vaults:3)
  2 culicivoras (shapeshifter) (D:15 Abyss:3)
  25 spriggans (Lair:5 Swamp:1 Swamp:2 Swamp:3 Swamp:4)
  54 flying skulls (Abyss:1 Abyss:2 Abyss:3 Tomb:1 Tomb:2)
  6 shadows (D:9 D:10 Abyss:2 Abyss:3)
  5 vampires (D:13 Abyss:2)
  2 air elementals (Elf:1 Abyss:3)
  32 jumping spiders (Spider:1 Spider:2 Spider:3 Spider:4)
  26 culicivoras (Spider:1 Spider:2 Spider:3 Spider:4)
  2 spriggans (shapeshifter) (D:14 Abyss:3)
  6 water elementals (D:14 Elf:2 Depths:4 Abyss:2 Hell)
  157 ynoxinuls (Abyss:1 Abyss:2 Abyss:3 Pan Depths:2)
  252 large abominations (Depths:1 Abyss:1 Abyss:2 Abyss:3 Pan)
  3 ettin skeletons (Depths:1 Crypt:1 Tar:7)
  4 naga simulacra (Coc:1 Coc:3 Coc:4 Coc:7)
  20 wraiths (D:13 Crypt:1 Crypt:2 Crypt:3 Abyss:2)
  41 yaks (D:8 D:11 Lair:1 Lair:3 Lair:5)
  4 hogs (D:13)
  2 wyverns (D:8 Lair:2)
  8 dire elephant simulacra (IceCv Coc:1 Coc:2 Coc:5 Coc:7)
  4 basilisks (Lair:1 Lair:5 D:14 D:15)
  27 ushabtiu (Zig:2 Tomb:1 Tomb:2 Tomb:3)
  7 fire bats (Abyss:1 Abyss:3 Pan)
  13 golden eyes (Slime:1 Slime:2 Abyss:3 Pan)
  A golden eye (shapeshifter) (D:11)
  106 small abominations (Depths:1 Abyss:1 Abyss:2 Abyss:3)
  A purple draconian simulacrum (Zot:2)
  2 sea snake simulacra (Hell)
  6 steam dragons (D:6 Volcano Gauntlet)
  32 fire elementals (D:12 Elf:3 Abyss:2 Zot:1 Zot:2)
  57 redbacks (Spider:1 Spider:2 Spider:3 Spider:4 Vaults:3)
  A white draconian simulacrum (Zot:2)
  146 chaos spawn (Depths:1 Abyss:1 Abyss:2 Abyss:3 Zot:4)
  71 neqoxecs (Abyss:2 Abyss:3 Pan)
  A redback (shapeshifter) (Elf:1)
  20 harpy simulacra (Abyss:3 Coc:1 Coc:2 Coc:3 Coc:4)
  An alligator snapping turtle simulacrum (Coc:1)
  4 wargs (Orc:1 Orc:2)
  3 minotaur simulacra (IceCv)
  26 vampire mosquitoes (D:10 D:12 D:14 Swamp:1 Swamp:3)
  8 spatial vortices (Abyss:2 Abyss:3)
  2 naga zombies (Crypt:3 Abyss:2)
  A faun zombie (Crypt:3)
  2 nagas (Abyss:3)
  16 swamp worms (Swamp:1 Swamp:2 Swamp:3 Swamp:4)
  3 acid dragons (D:10 D:11 D:14)
  4 hydra simulacra (Coc:2 Coc:3 Coc:7)
  Duvessa (D:7)
  4 floating eyes (Depths:2 Abyss:3 Depths:1 Pan)
  29 hell hounds (D:12 Abyss:2 Hell Abyss:3 Pan)
  5 swamp drakes (Swamp:4)
  30 water moccasins (D:7 D:8 Lair:1 Lair:2 Lair:3)
  A moth of wrath simulacrum (Zot:2)
  6 ettin simulacra (IceCv Coc:5 Coc:6 Coc:7)
  36 orc warriors (D:8 D:9 D:10 D:11 Orc:1)
  An alligator simulacrum (IceCv)
  2 ice beasts (Abyss:2 Abyss:3)
  An elf simulacrum (Vaults:3)
  The ghost of jimonade the Grasshopper, an amateur NaWr (D:5)
  7 black bears (D:4 D:5 D:6 Lair:3 Lair:5)
  A black bear (shapeshifter) (Elf:2)
  A black mamba simulacrum (Coc:1)
  4 sky beasts (D:6 D:7 D:8)
  24 wolves (Lair:2 Gauntlet Lair:5)
  8 ogres (D:7 Orc:1 Orc:2 Vaults:5)
  8 boggarts (Lair:5 D:13 D:14)
  A rime drake zombie (Crypt:3)
  7 kobold brigands (D:9 D:10 D:11 D:12)
  A komodo dragon zombie (Crypt:1)
  A gnoll sergeant (D:6)
  A fire crab zombie (Crypt:2)
  5 necrophages (Crypt:1 Crypt:2 Crypt:3)
  13 bullfrogs (D:6 D:8 D:9 Lair:1 Lair:2)
  3 earth elementals (Elf:2 Abyss:3)
  2 deep troll simulacra (IceCv)
  4 scorpions (D:4 D:6)
  3 wights (D:7)
  A water moccasin skeleton (Crypt:3)
  Dowan (D:7)
  29 killer bees (D:9 D:10)
  A warg zombie (Crypt:3)
  A shapeshifter skeleton (Crypt:3)
  3 electric eels (D:14)
  A howler monkey (D:5)
  A crimson imp (Pan)
  17 quasits (Abyss:1 Abyss:2 Abyss:3 Pan)
  7 hounds (D:5 D:6 D:7)
  41 orc priests (D:3 D:4 D:7 D:8 D:9)
  A gnoll bouda (D:7)
  13 iron imps (Abyss:2 Abyss:3)
  6 jellies (D:4 D:6 D:7 Abyss:2 Abyss:3)
  2 iguanas (D:6)
  20 orc wizards (D:5 D:7 D:8 D:9 D:10)
  A boggart skeleton (Crypt:2)
  A tengu zombie (Crypt:2)
  An acid dragon skeleton (Crypt:2)
  A tengu skeleton (Crypt:3)
  A boggart simulacrum (D:15)
  54 mummies (Zig:2 Zig:4 Tomb:1 Tomb:2 Tomb:3)
  5 adders (D:2 D:4 D:5)
  10 gnolls (D:5 D:6 D:7 D:8)
  5 shadow imps (D:4 D:6 D:7)
  11 white imps (D:6 Abyss:1 Abyss:2 Abyss:3)
  10 ufetubi (D:6 Vaults:3 Abyss:2 Abyss:3)
  3 worms (D:2 D:4)
  A dart slug (shapeshifter) (Vaults:5)
  A dart slug (D:2)
  100 orcs (D:3 D:4 D:5 D:6 D:7)
  5 ball pythons (D:1 D:2 D:3 D:4)
  2 bats (D:2)
  8 endoplasms (D:1 D:2 D:4 Abyss:2)
  6 giant cockroaches (D:1 D:2 D:3 D:4)
  A gnoll zombie (Crypt:1)
  9 goblins (D:1 D:2 D:4)
  3 hobgoblins (D:1 D:2)
  24 kobolds (D:1 D:2 D:4 D:9 D:10)
  3 quokkas (D:1 D:4)
  A frilled lizard skeleton (Crypt:2)
  A frilled lizard zombie (Crypt:1)
  A goblin zombie (Crypt:2)
  An orc skeleton (Crypt:1)
  A rat (D:3)
  A rat skeleton (Crypt:3)
  5 creeping infernos (Geh:2 Geh:4 Geh:7)
  40 fire vortices (Geh:1 Geh:2 Geh:3 Geh:4 Geh:5)
  13 lurking horrors (Abyss:2 Abyss:3)
  19 starspawn tentacles (Abyss:1 Abyss:2 Abyss:3 Abyss:4)
7196 creatures vanquished.

Vanquished Creatures (collateral kills)
  2 royal mummies (Tomb:1)
  6 caustic shrikes (Dis:1 Dis:4 Dis:6 Dis:7)
  A bone dragon (Tar:7)
  4 iron giants (Dis:4 Dis:7)
  2 Hell Sentinels (Dis:7)
  A lich (Tomb:2)
  A titan (Coc:7)
  6 ancient champions (Tomb:1 Dis:6 Dis:7)
  2 frost giants (Coc:3 Coc:6)
  A quicksilver elemental (Dis:4)
  A shard shrike simulacrum (Coc:6)
  A caustic shrike zombie (Dis:7)
  A war gargoyle (Dis:4)
  A demonspawn blood saint (Pan)
  3 elemental wellsprings (Coc:6)
  A wendigo (Coc:7)
  An iron golem (Dis:4)
  Snorg (D:11)
  A mummy priest (Tomb:3)
  2 ice dragons (Coc:7)
  A caustic shrike simulacrum (Coc:3)
  9 death scarabs (Tomb:2 Tomb:1 Tomb:3)
  A sixfirhy (Pan)
  A crystal echidna (Dis:7)
  A skeletal warrior (Tomb:2)
  A demonic crawler (Pan)
  An orange demon (Pan)
  2 hellions (Dis:1 Dis:4)
  A freezing wraith (Coc:3)
  3 tormentors (Dis:4)
  6 guardian mummies (Tomb:2 Tomb:1 Tomb:3)
  A hellwing (Pan)
  A hydra skeleton (Tomb:1)
  3 ushabtiu (Tomb:2 Tomb:3)
  2 chaos spawn (Pan)
  2 harpy simulacra (Coc:6 Coc:7)
  8 mummies (Tomb:2 Tomb:1 Tomb:3)
83 creatures vanquished.

Vanquished Creatures (others)
  A shard shrike (Coc:3)
  A tentacled monstrosity (Vaults:5)
  A shard shrike zombie (Coc:6)
  2 Orb Guardians (Zot:5)
  A sphinx (Tomb:1)
  A ghost moth (Zot:5)
  10 caustic shrike zombies (Dis:4 Dis:7)
  A demonspawn blood saint (Pan)
  A very ugly thing (Depths:1)
  A deep elf death mage (Zig:10)
  A blizzard demon (Pan)
  A hydra (Swamp:4)
  A caustic shrike simulacrum (Coc:4)
  A wretched star (Abyss:3)
  A deep elf archer (Elf:1)
  An iron giant zombie (Dis:7)
  A moth of wrath (Zot:2)
  8 death scarab zombies (Tomb:2 Tomb:1 Tomb:3)
  2 smoke demons (Pan)
  An orange demon (Pan)
  A storm dragon simulacrum (Zot:2)
  An iron giant simulacrum (Coc:5)
  4 tormentors (Dis:2 Dis:4)
  An anaconda simulacrum (Coc:5)
  A bloated husk (Swamp:4)
  A hellwing (Abyss:3)
  A tarantella (Spider:3)
  A raiju (Abyss:3)
  A water elemental (Elf:2)
  A fire bat (Pan)
  A golden eye (Abyss:3)
  A naga simulacrum (Coc:5)
  A dire elephant simulacrum (Coc:7)
  2 chaos spawn (Pan)
  A steam dragon (Volcano)
  3 harpy simulacra (Coc:3 Coc:5)
  A swamp drake (Swamp:4)
  A centaur (D:6)
  A wolf (Lair:2)
  A bullfrog (D:6)
  A quasit (Abyss:3)
  5 small abominations (Abyss:3 D:7)
  9 ball lightnings (Pan)
  27 bushes (Abyss:3)
  9 creeping infernos (Geh:2 Geh:4 Geh:7)
  A fire vortex (Geh:2)
  17 foxfires (Swamp:3 Swamp:4 Abyss:3)
  10 fungi (Lair:2 Lair:3 Lair:4 Lair:5)
  9 lurking horrors (Abyss:1 Abyss:2 Abyss:3 Geh:2)
  A pillar of salt (Zot:4)
  74 plants (D:10 Lair:1 Lair:2 Lair:3 Lair:4)
  3 spectral weapons (Orc:2 D:11)
  84 starspawn tentacles (Abyss:1 Abyss:2 Abyss:3 Abyss:4 Pan)
314 creatures vanquished.

Grand Total: 7593 creatures vanquished

Table legend: (Time is in decaauts)
 A = Elapsed time spent in this place.
 B = Non-inter-level travel time spent in this place.
 C = Inter-level travel time spent in this place.
 D = Time resting spent in this place.
 E = Time spent auto-exploring this place.
 F = Levels seen in this place.
 G = Mean time per level.
                   A        B        C        D        E       F      G
               +--------+--------+--------+--------+--------+-----+--------+
         Total | 143030 | 122108 |  20922 |   9405 |  54255 | 166 |  861.6 |
       Dungeon |  19928 |  14449 |   5479 |    658 |   9290 |  15 | 1328.5 |
        Temple |     50 |     29 |     21 |      0 |     19 |   1 |   50.0 |
          Lair |   7060 |   4823 |   2237 |    188 |   3216 |   5 | 1412.0 |
         Swamp |   4416 |   4044 |    372 |    446 |   2246 |   4 | 1104.0 |
   Spider Nest |   4074 |   3839 |    235 |    210 |   2255 |   4 | 1018.5 |
    Slime Pits |   2965 |   2658 |    307 |    232 |   1379 |   5 |  593.0 |
  Orcish Mines |   2104 |   1581 |    523 |     76 |    855 |   2 | 1052.0 |
   Elven Halls |   4170 |   3347 |    823 |    269 |   2007 |   3 | 1390.0 |
        Vaults |   8693 |   6239 |   2454 |    341 |   4078 |   5 | 1738.6 |
         Crypt |   3813 |   3221 |    592 |    199 |   1754 |   3 | 1271.0 |
          Tomb |   3083 |   2666 |    417 |    348 |    527 |   3 | 1027.7 |
        Depths |  10205 |   5551 |   4654 |   1058 |   2822 |   4 | 2551.2 |
          Hell |   1320 |   1089 |    231 |    218 |    218 |   1 | 1320.0 |
           Dis |   3592 |   3287 |    305 |    355 |    917 |   7 |  513.1 |
       Gehenna |   2765 |   2566 |    199 |     99 |    672 |   7 |  395.0 |
       Cocytus |   2544 |   2206 |    338 |    158 |    791 |   7 |  363.4 |
      Tartarus |   2656 |   2383 |    273 |    213 |    670 |   7 |  379.4 |
           Zot |   6175 |   4717 |   1458 |    570 |   2214 |   5 | 1235.0 |
         Abyss |   9970 |   9970 |      0 |    992 |   3544 |  16 |  623.1 |
   Pandemonium |  40866 |  40866 |      0 |   2140 |  14532 |  48 |  851.4 |
      Ziggurat |    760 |    760 |      0 |    194 |      3 |  10 |   76.0 |
         Trove |     57 |     57 |      0 |      0 |      0 |   1 |   57.0 |
      Ice Cave |    846 |    846 |      0 |    304 |    115 |   1 |  846.0 |
       Volcano |    462 |    462 |      0 |    130 |      3 |   1 |  462.0 |
      Gauntlet |    444 |    444 |      0 |      0 |    125 |   1 |  444.0 |
               +--------+--------+--------+--------+--------+-----+--------+

Top non-repeatable levels by time:
 Abyss:3: 5767 daAuts
Depths:1: 3575 daAuts
Depths:2: 3402 daAuts
 Abyss:2: 2971 daAuts
    D:11: 2547 daAuts
    D:15: 2517 daAuts
Vaults:2: 2501 daAuts
   Zot:5: 2420 daAuts
   Dis:7: 2242 daAuts
    D:10: 2132 daAuts
    D:14: 1983 daAuts
Depths:3: 1881 daAuts
  Tomb:1: 1770 daAuts
Vaults:1: 1751 daAuts
  Lair:1: 1686 daAuts

Table legend:
 A = Non-vault XP
 B = Vault XP
 C = Vault XP percentage of total XP
 D = Non-vault monster count
 E = Vault monster count
 F = Vault count percentage of total count
                 A         B        C        D         E       F
            +---------+---------+-------+---------+---------+-------
      Total | 3262728 | 2111169 |  39.3 |    4904 |    2276 |  31.7
            +---------+---------+-------+---------+---------+-------
        D:1 |      30 |       0 |   0.0 |      15 |       0 |   0.0
        D:2 |      56 |       0 |   0.0 |      20 |       0 |   0.0
        D:3 |      74 |       0 |   0.0 |      14 |       0 |   0.0
        D:4 |     371 |       0 |   0.0 |      22 |       0 |   0.0
        D:5 |     451 |     127 |  22.0 |      15 |       2 |  11.8
        D:6 |     816 |     839 |  50.7 |      14 |      10 |  41.7
        D:7 |     876 |     331 |  27.4 |      25 |       3 |  10.7
        D:8 |    2309 |     133 |   5.4 |      17 |       1 |   5.6
        D:9 |    1256 |    1127 |  47.3 |      19 |      10 |  34.5
       D:10 |    1613 |    1825 |  53.1 |      23 |      26 |  53.1
       D:11 |    2895 |   14312 |  83.2 |      14 |      23 |  62.2
       D:12 |    8902 |    1996 |  18.3 |      29 |       7 |  19.4
       D:13 |    2537 |    3933 |  60.8 |       8 |       6 |  42.9
       D:14 |    4381 |    6464 |  59.6 |      16 |       8 |  33.3
       D:15 |    8125 |    1710 |  17.4 |      18 |       2 |  10.0
     Lair:1 |    4586 |    4076 |  47.1 |      20 |       7 |  25.9
     Lair:2 |    5330 |       0 |   0.0 |      17 |       0 |   0.0
     Lair:3 |    5642 |    1015 |  15.2 |      18 |       7 |  28.0
     Lair:4 |    3129 |    1800 |  36.5 |      12 |       7 |  36.8
     Lair:5 |   13391 |    8165 |  37.9 |      44 |      47 |  51.6
    Swamp:1 |   12402 |    5673 |  31.4 |      30 |       8 |  21.1
    Swamp:2 |   11629 |    1898 |  14.0 |      26 |       6 |  18.8
    Swamp:3 |   11934 |    1749 |  12.8 |      24 |       1 |   4.0
    Swamp:4 |   15508 |   20067 |  56.4 |      23 |      31 |  57.4
   Spider:1 |   13731 |       0 |   0.0 |      39 |       0 |   0.0
   Spider:2 |   18163 |    8052 |  30.7 |      42 |      13 |  23.6
   Spider:3 |   21883 |    3354 |  13.3 |      56 |       7 |  11.1
   Spider:4 |   15228 |   20374 |  57.2 |      34 |      34 |  50.0
    Slime:1 |   16983 |    1829 |   9.7 |      24 |       7 |  22.6
    Slime:2 |   16116 |       0 |   0.0 |      32 |       0 |   0.0
    Slime:3 |   12339 |       0 |   0.0 |      27 |       0 |   0.0
    Slime:4 |   18543 |       0 |   0.0 |      34 |       0 |   0.0
    Slime:5 |   12192 |   22544 |  64.9 |      21 |      13 |  38.2
      Orc:1 |    3364 |       0 |   0.0 |      41 |       0 |   0.0
      Orc:2 |    3590 |   11877 |  76.8 |      39 |      65 |  62.5
      Elf:1 |   25046 |    8223 |  24.7 |      39 |      12 |  23.5
      Elf:2 |   18174 |   34779 |  65.7 |      31 |      37 |  54.4
      Elf:3 |   11467 |   31451 |  73.3 |      17 |      28 |  62.2
   Vaults:1 |   14914 |   11309 |  43.1 |      24 |      15 |  38.5
   Vaults:2 |   26072 |   46284 |  64.0 |      44 |      52 |  54.2
   Vaults:3 |   33475 |   40264 |  54.6 |      52 |      50 |  49.0
   Vaults:4 |   20234 |   23153 |  53.4 |      36 |      31 |  46.3
   Vaults:5 |   41434 |  106969 |  72.1 |      63 |      92 |  59.4
    Crypt:1 |   21478 |   41800 |  66.1 |      36 |      23 |  39.0
    Crypt:2 |   28633 |    9458 |  24.8 |      42 |      10 |  19.2
    Crypt:3 |   24457 |   51908 |  68.0 |      36 |      70 |  66.0
     Tomb:1 |    8086 |  113564 |  93.4 |      34 |      73 |  68.2
     Tomb:2 |   10636 |   42290 |  79.9 |      27 |      52 |  65.8
     Tomb:3 |   16909 |   54342 |  76.3 |      41 |      63 |  60.6
   Depths:1 |   42803 |   20777 |  32.7 |      50 |      28 |  35.9
   Depths:2 |   30767 |    8425 |  21.5 |      40 |       9 |  18.4
   Depths:3 |    6514 |   18757 |  74.2 |       8 |      13 |  61.9
   Depths:4 |   30402 |   14318 |  32.0 |      31 |      13 |  29.5
       Hell |   16174 |   37088 |  69.6 |      22 |      56 |  71.8
      Dis:1 |   18725 |       0 |   0.0 |      11 |       0 |   0.0
      Dis:2 |    6882 |       0 |   0.0 |       8 |       0 |   0.0
      Dis:3 |   13332 |       0 |   0.0 |      11 |       0 |   0.0
      Dis:4 |   47204 |    2050 |   4.2 |      26 |       7 |  21.2
      Dis:5 |   30137 |       0 |   0.0 |      14 |       0 |   0.0
      Dis:6 |   22838 |       0 |   0.0 |      11 |       0 |   0.0
      Dis:7 |   35862 |  134570 |  79.0 |      20 |      76 |  79.2
      Geh:1 |   18416 |       0 |   0.0 |      21 |       0 |   0.0
      Geh:2 |   17009 |       0 |   0.0 |      12 |       0 |   0.0
      Geh:3 |   15417 |       0 |   0.0 |      10 |       0 |   0.0
      Geh:4 |   21838 |       0 |   0.0 |      20 |       0 |   0.0
      Geh:5 |   17343 |       0 |   0.0 |      12 |       0 |   0.0
      Geh:6 |   18538 |       0 |   0.0 |      19 |       0 |   0.0
      Geh:7 |   21678 |   49458 |  69.5 |      17 |      43 |  71.7
      Coc:1 |   11521 |       0 |   0.0 |      20 |       0 |   0.0
      Coc:2 |   10184 |       0 |   0.0 |      17 |       0 |   0.0
      Coc:3 |   19000 |       0 |   0.0 |      19 |       0 |   0.0
      Coc:4 |   14827 |       0 |   0.0 |      20 |       0 |   0.0
      Coc:5 |   32219 |       0 |   0.0 |      41 |       0 |   0.0
      Coc:6 |   54005 |       0 |   0.0 |      31 |       0 |   0.0
      Coc:7 |   27481 |   66609 |  70.8 |      33 |      46 |  58.2
      Tar:1 |    5275 |       0 |   0.0 |       7 |       0 |   0.0
      Tar:2 |    9278 |       0 |   0.0 |       9 |       0 |   0.0
      Tar:3 |    3792 |       0 |   0.0 |       3 |       0 |   0.0
      Tar:4 |   20763 |       0 |   0.0 |      13 |       0 |   0.0
      Tar:5 |    8298 |   11514 |  58.1 |       6 |      12 |  66.7
      Tar:6 |    8464 |       0 |   0.0 |       6 |       0 |   0.0
      Tar:7 |   18015 |  126235 |  87.5 |      10 |      80 |  88.9
      Zot:1 |   28867 |     217 |   0.7 |      27 |       1 |   3.6
      Zot:2 |   37466 |   17266 |  31.5 |      35 |      35 |  50.0
      Zot:3 |   21010 |   11167 |  34.7 |      18 |       7 |  28.0
      Zot:4 |   39859 |   15097 |  27.5 |      30 |      12 |  28.6
      Zot:5 |   37808 |   94113 |  71.3 |      25 |      40 |  61.5
    Abyss:1 |   40848 |       0 |   0.0 |      85 |       0 |   0.0
    Abyss:2 |  176889 |    5140 |   2.8 |     315 |      12 |   3.7
    Abyss:3 |  377261 |   48485 |  11.4 |     665 |      97 |  12.7
    Abyss:4 |    2440 |       0 |   0.0 |       2 |       0 |   0.0
        Pan | 1183374 |  644954 |  35.3 |    1627 |     677 |  29.4
      Zig:1 |     702 |       0 |   0.0 |       2 |       0 |   0.0
      Zig:2 |     798 |       0 |   0.0 |       6 |       0 |   0.0
      Zig:3 |    3810 |       0 |   0.0 |       3 |       0 |   0.0
      Zig:4 |    5092 |       0 |   0.0 |       7 |       0 |   0.0
      Zig:5 |    5885 |       0 |   0.0 |       6 |       0 |   0.0
      Zig:6 |    6217 |       0 |   0.0 |       5 |       0 |   0.0
      Zig:7 |    8474 |       0 |   0.0 |      20 |       0 |   0.0
      Zig:8 |   10167 |       0 |   0.0 |       9 |       0 |   0.0
      Zig:9 |   14496 |       0 |   0.0 |      11 |       0 |   0.0
     Zig:10 |   14874 |       0 |   0.0 |      14 |       0 |   0.0
      IceCv |       0 |   16025 | 100.0 |       0 |      32 | 100.0
    Volcano |       0 |    5502 | 100.0 |       0 |      13 | 100.0
   Gauntlet |       0 |    2338 | 100.0 |       0 |       8 | 100.0
            +---------+---------+-------+---------+---------+-------
